Workbook
Name b: #REF!
Name d: #REF!
Name 栄養士: #REF!
Name 栄養士: 【様式５】職員数算出表!$BD$7:$BD$112
Name 家庭的保育: #REF!
Name 概算交付申出書: #REF!
Name 学校医: #REF!
Name 学校医: 【様式５】職員数算出表!#REF!
Name 教諭: #REF!
Name 教諭: #REF!
Name 業務委託: #REF!
Name 業務委託: 【様式５】職員数算出表!$BL$7:$BL$11
Name 区分１: #REF!
Name 区分２: #REF!
Name 区分３: #REF!
Name 公設民営: #REF!
Name 厚別区01私立01保育所: '施設状況(要更新)'!$AC$4:$AC$64
Name 厚別区01私立02幼稚園: '施設状況(要更新)'!$AZ$4:$AZ$64
Name 厚別区01私立03認定こども園: '施設状況(要更新)'!$BT$4:$BT$64
Name 厚別区01保育所: '施設状況(要更新)'!$AC$4:$AC$15
Name 厚別区03公立01保育所: '施設状況(要更新)'!$AO$4:$AO$64
Name 厚別区03公立02幼稚園: '施設状況(要更新)'!$BK$4:$BK$64
Name 札幌市あけぼの保育園: '施設状況(要更新)'!$Z$4:$CY$4
Name 札幌市外01私立01保育所: '施設状況(要更新)'!$AI$4:$AI$64
Name 札幌市外01私立02幼稚園: '施設状況(要更新)'!$BF$4:$BF$64
Name 札幌市外01私立03認定こども園: '施設状況(要更新)'!$BZ$4:$BZ$64
Name 札幌市外01私立04小規模A・B・C: '施設状況(要更新)'!$CL$4:$CL$64
Name 札幌市外01私立06事業所内: '施設状況(要更新)'!$CZ$4:$CZ$64
Name 札幌市外02公設民営01保育所: '施設状況(要更新)'!$AL$4:$AL$64
Name 札幌市外03公立01保育所: '施設状況(要更新)'!$AU$4:$AU$64
Name 札幌市外03公立03認定こども園: '施設状況(要更新)'!$CB$4:$CB$64
Name 施設C: #REF!
Name 施設C: #REF!
Name 施設C: #REF!
Name 施設種別: #REF!
Name 施設長: #REF!
Name 施設長: 【様式５】職員数算出表!$AX$7:$AX$111
Name 事業所内保育: #REF!
Name 事務員: #REF!
Name 事務員: 【様式５】職員数算出表!$BH$7:$BH$111
Name 手稲区01私立01保育所: '施設状況(要更新)'!$AH$4:$AH$64
Name 手稲区01私立02幼稚園: '施設状況(要更新)'!$BE$4:$BE$64
Name 手稲区01私立03認定こども園: '施設状況(要更新)'!$BY$4:$BY$64
Name 手稲区01私立04小規模A・B・C: '施設状況(要更新)'!$CK$4:$CK$64
Name 手稲区01私立05家庭的: '施設状況(要更新)'!$CT$4:$CT$64
Name 手稲区01保育所: '施設状況(要更新)'!$AH$4:$AH$16
Name 手稲区03公立01保育所: '施設状況(要更新)'!$AR$4:$AR$64
Name 手稲区03公立02幼稚園: '施設状況(要更新)'!$BO$4:$BO$64
Name 修正後施設マスタ: #REF!
Name 修正後施設マスタ: #REF!
Name 小規模保育: #REF!
Name 常勤: 【様式５】職員数算出表!$BB$7:$BB$111
Name 常勤: 【様式2】職員名簿!$AD$25:$AD$29
Name 常勤事務員: #REF!
Name 常勤事務員: 【様式５】職員数算出表!#REF!
Name 常勤調理員: #REF!
Name 常勤調理員: 【様式５】職員数算出表!#REF!
Name 常勤保育士: #REF!
Name 常勤保育士: 【様式５】職員数算出表!$BB$7:$BB$111
Name 清田区01私立01保育所: '施設状況(要更新)'!$AE$4:$AE$64

Sheet 施設状況(要更新)
A1: 施設C | B1: 公私 | C1: 種別 | E1: 区 | F1: 施設・事業所名 | G1: 認定こども園認可定員内訳 | J1: 認可定員 | K1: 利用定員 | P1: 分園(内数)/従業員枠（外数） | S1: 施設C
C2: 1 | D2: 2 | G2: 1号 | H2: 2号 | I2: 3号 | K2: 1号 | L2: 2号 | M2: 3号（0歳） | N2: 3号（1･2歳） | O2: 3号合計 | P2: 合計 | Q2: （うち２号） | R2: 合計 | Y2: 1 | Z2: 2 | AA2: 3 | AB2: 4 | AC2: 5 | AD2: 6 | AE2: 7 | AF2: 8 | AG2: 9 | AH2: 10 | AI2: 11 | AJ2: 12 | AK2: 13 | AL2: 14 | AM2: 15 | AN2: 16 | AO2: 17 | AP2: 18 | AQ2: 19 | AR2: 20 | AS2: 21 | AT2: 22 | AU2: 23 | AV2: 24 | AW2: 25 | AX2: 26 | AY2: 27 | AZ2: 28 | BA2: 29 | BB2: 30 | BC2: 31 | BD2: 32 | BE2: 33 | BF2: 34 | BG2: 35 | BH2: 36 | BI2: 37 | BJ2: 38 | BK2: 39 | BL2: 40 | BM2: 41 | BN2: 42 | BO2: 43 | BP2: 44 | BQ2: 45 | BR2: 46 | BS2: 47 | BT2: 48 | BU2: 49 | BV2: 50 | BW2: 51 | BX2: 52 | BY2: 53 | BZ2: 54 | CA2: 55 | CB2: 56 | CC2: 57 | CD2: 58 | CE2: 59 | CF2: 60 | CG2: 61 | CH2: 62 | CI2: 63 | CJ2: 64 | CK2: 65 | CL2: 66 | CM2: 67 | CN2: 68 | CO2: 69 | CP2: 70 | CQ2: 71 | CR2: 72 | CS2: 73 | CT2: 74 | CU2: 75 | CV2: 76 | CW2: 77 | CX2: 78 | CY2: 79 | CZ2: 80 | DA2: 81 | DB2: 82 | DC2: 83 | DD2: 84 | DE2: 85 | DF2: 86 | DG2: 87 | DH2: 88 | DI2: 89 | DJ2: 90
A3: ソート① | B3: 列1 | C3: ソート② | D3: 列2 | E3: 列3 | F3: 列4 | G3: 列5 | H3: 列6 | I3: 列7 | J3: 列8 | K3: 列9 | L3: 列10 | M3: 列11 | N3: 列12 | O3: 列13 | P3: 列132 | Q3: 列133 | R3: 列14 | W3: 施設名 | Y3: =VLOOKUP(Y2,$U$4:$V$678,2,FALSE) -> 中央区01保育所 | Z3: =VLOOKUP(Z2,$U$4:$V$678,2,FALSE) -> 北区01保育所 | AA3: =VLOOKUP(AA2,$U$4:$V$678,2,FALSE) -> 東区01保育所 | AB3: =VLOOKUP(AB2,$U$4:$V$678,2,FALSE) -> 白石区01保育所 | AC3: =VLOOKUP(AC2,$U$4:$V$678,2,FALSE) -> 厚別区01保育所 | AD3: =VLOOKUP(AD2,$U$4:$V$678,2,FALSE) -> 豊平区01保育所 | AE3: =VLOOKUP(AE2,$U$4:$V$678,2,FALSE) -> 清田区01保育所 | AF3: =VLOOKUP(AF2,$U$4:$V$678,2,FALSE) -> 南区01保育所 | ... AI3: =VLOOKUP(AI2,$U$4:$V$678,2,FALSE)
A4: 100000 | B4: 01私立 | C4: 01保育所 | D4: 保 | E4: 中央区 | F4: 札幌市未来局保育園【例】 | J4: 175 | K4: 0 | L4: 103 | M4: 18 | N4: 54 | O4: =SUM(テーブル1[[#This Row],[列11]:[列12]]) -> 72 | R4: =SUM(K4,L4,O4) -> 175 | S4: =A4 -> 100000 | T4: =COUNTIF($V$4:V4,V4) -> 1 | U4: =IF(T4=1,COUNTIF($T$4:T4,1),"") -> 1 | V4: ='施設状況(要更新)'!$E4&'施設状況(要更新)'!$C4 -> 中央区01保育所 | W4: ='施設状況(要更新)'!$F4 -> 札幌市未来局保育園【例】
A5: 100004 | B5: 01私立 | C5: 01保育所 | D5: 保 | E5: 中央区 | F5: 救世軍桑園保育所 | J5: 90 | K5: 0 | L5: 48 | M5: 12 | N5: 30 | O5: =SUM(テーブル1[[#This Row],[列11]:[列12]]) -> 42 | R5: =SUM(K5,L5,O5) -> 90 | S5: =A5 -> 100004 | T5: =COUNTIF($V$4:V5,V5) -> 2 | U5: =IF(T5=1,COUNTIF($T$4:T5,1),"") | V5: ='施設状況(要更新)'!$E5&'施設状況(要更新)'!$C5 -> 中央区01保育所 | W5: ='施設状況(要更新)'!$F5 -> 救世軍桑園保育所 | X5: 1 | Y5: =IFERROR(INDEX($T$4:$W$678,MATCH($X5&Y$3,INDEX($T$4:$T$678&$V$4:$V$678,),0),MATCH("施設名",$T$3:$W$3,0)),"") -> 札幌市未来局保育園【例】 | Z5: =IFERROR(INDEX($T$4:$W$678,MATCH($X5&Z$3,INDEX($T$4:$T$678&$V$4:$V$678,),0),MATCH("施設名",$T$3:$W$3,0)),"") -> あいの里協働保育園 | AA5: =IFERROR(INDEX($T$4:$W$678,MATCH($X5&AA$3,INDEX($T$4:$T$678&$V$4:$V$678,),0),MATCH("施設名",$T$3:$W$3,0)),"") -> 札苗保育園 | AB5: =IFERROR(INDEX($T$4:$W$678,MATCH($X5&AB$3,INDEX($T$4:$T$678&$V$4:$V$678,),0),MATCH("施設名",$T$3:$W$3,0)),"") -> 東札幌かすたねっと保育園 | AC5: =IFERROR(INDEX($T$4:$W$678,MATCH($X5&AC$3,INDEX($T$4:$T$678&$V$4:$V$678,),0),MATCH("施設名",$T$3:$W$3,0)),"") -> まごころ保育園 | AD5: =IFERROR(INDEX($T$4:$W$678,MATCH($X5&AD$3,INDEX($T$4:$T$678&$V$4:$V$678,),0),MATCH("施設名",$T$3:$W$3,0)),"") -> 札幌愛隣舘保育園 | AE5: =IFERROR(INDEX($T$4:$W$678,MATCH($X5&AE$3,INDEX($T$4:$T$678&$V$4:$V$678,),0),MATCH("施設名",$T$3:$W$3,0)),"") -> 札幌北野保育園 | AF5: =IFERROR(INDEX($T$4:$W$678,MATCH($X5&AF$3,INDEX($T$4:$T$678&$V$4:$V$678,),0),MATCH("施設名",$T$3:$W$3,0)),"") -> 真駒内保育園 | ... AI5: =IFERROR(INDEX($T$4:$W$678,MATCH($X5&AI$3,INDEX($T$4:$T$678&$V$4:$V$678,),0),MATCH("施設名",$T$3:$W$3,0)),"") -> 0
A6: 100005 | B6: 01私立 | C6: 01保育所 | D6: 保 | E6: 中央区 | F6: 駒鳥保育所 | J6: 90 | K6: 0 | L6: 51 | M6: 9 | N6: 30 | O6: =SUM(テーブル1[[#This Row],[列11]:[列12]]) -> 39 | R6: =SUM(K6,L6,O6) -> 90 | S6: =A6 -> 100005 | T6: =COUNTIF($V$4:V6,V6) -> 3 | U6: =IF(T6=1,COUNTIF($T$4:T6,1),"") | V6: ='施設状況(要更新)'!$E6&'施設状況(要更新)'!$C6 -> 中央区01保育所 | W6: ='施設状況(要更新)'!$F6 -> 駒鳥保育所 | X6: 2 | Y6: =IFERROR(INDEX($T$4:$W$678,MATCH($X6&Y$3,INDEX($T$4:$T$678&$V$4:$V$678,),0),MATCH("施設名",$T$3:$W$3,0)),"") -> 救世軍桑園保育所 | Z6: =IFERROR(INDEX($T$4:$W$678,MATCH($X6&Z$3,INDEX($T$4:$T$678&$V$4:$V$678,),0),MATCH("施設名",$T$3:$W$3,0)),"") -> ドリームキッズ保育園 | AA6: =IFERROR(INDEX($T$4:$W$678,MATCH($X6&AA$3,INDEX($T$4:$T$678&$V$4:$V$678,),0),MATCH("施設名",$T$3:$W$3,0)),"") -> 元町にこにこ保育園 | AB6: =IFERROR(INDEX($T$4:$W$678,MATCH($X6&AB$3,INDEX($T$4:$T$678&$V$4:$V$678,),0),MATCH("施設名",$T$3:$W$3,0)),"") -> 札幌愛隣舘第二保育園 | AC6: =IFERROR(INDEX($T$4:$W$678,MATCH($X6&AC$3,INDEX($T$4:$T$678&$V$4:$V$678,),0),MATCH("施設名",$T$3:$W$3,0)),"") -> ひばりが丘保育園 | AD6: =IFERROR(INDEX($T$4:$W$678,MATCH($X6&AD$3,INDEX($T$4:$T$678&$V$4:$V$678,),0),MATCH("施設名",$T$3:$W$3,0)),"") -> 札幌第１福ちゃん保育園 | AE6: =IFERROR(INDEX($T$4:$W$678,MATCH($X6&AE$3,INDEX($T$4:$T$678&$V$4:$V$678,),0),MATCH("施設名",$T$3:$W$3,0)),"") -> 札幌南清田保育園 | AF6: =IFERROR(INDEX($T$4:$W$678,MATCH($X6&AF$3,INDEX($T$4:$T$678&$V$4:$V$678,),0),MATCH("施設名",$T$3:$W$3,0)),"") -> 藻岩そらいろ保育園 | ... AI6: =IFERROR(INDEX($T$4:$W$678,MATCH($X6&AI$3,INDEX($T$4:$T$678&$V$4:$V$678,),0),MATCH("施設名",$T$3:$W$3,0)),"") -> 0
A7: 100007 | B7: 01私立 | C7: 01保育所 | D7: 保 | E7: 中央区 | F7: 円山北町保育園 | J7: 60 | K7: 0 | L7: 36 | M7: 5 | N7: 19 | O7: =SUM(テーブル1[[#This Row],[列11]:[列12]]) -> 24 | R7: =SUM(K7,L7,O7) -> 60 | S7: =A7 -> 100007 | T7: =COUNTIF($V$4:V7,V7) -> 4 | U7: =IF(T7=1,COUNTIF($T$4:T7,1),"") | V7: ='施設状況(要更新)'!$E7&'施設状況(要更新)'!$C7 -> 中央区01保育所 | W7: ='施設状況(要更新)'!$F7 -> 円山北町保育園 | X7: 3 | Y7: =IFERROR(INDEX($T$4:$W$678,MATCH($X7&Y$3,INDEX($T$4:$T$678&$V$4:$V$678,),0),MATCH("施設名",$T$3:$W$3,0)),"") -> 駒鳥保育所 | Z7: =IFERROR(INDEX($T$4:$W$678,MATCH($X7&Z$3,INDEX($T$4:$T$678&$V$4:$V$678,),0),MATCH("施設名",$T$3:$W$3,0)),"") -> アートチャイルドケア札幌百合が原 | AA7: =IFERROR(INDEX($T$4:$W$678,MATCH($X7&AA$3,INDEX($T$4:$T$678&$V$4:$V$678,),0),MATCH("施設名",$T$3:$W$3,0)),"") -> 札苗北保育園 | AB7: =IFERROR(INDEX($T$4:$W$678,MATCH($X7&AB$3,INDEX($T$4:$T$678&$V$4:$V$678,),0),MATCH("施設名",$T$3:$W$3,0)),"") -> 菊水元町保育園 | AC7: =IFERROR(INDEX($T$4:$W$678,MATCH($X7&AC$3,INDEX($T$4:$T$678&$V$4:$V$678,),0),MATCH("施設名",$T$3:$W$3,0)),"") -> 青葉興正保育園 | AD7: =IFERROR(INDEX($T$4:$W$678,MATCH($X7&AD$3,INDEX($T$4:$T$678&$V$4:$V$678,),0),MATCH("施設名",$T$3:$W$3,0)),"") -> 西岡保育園 | AE7: =IFERROR(INDEX($T$4:$W$678,MATCH($X7&AE$3,INDEX($T$4:$T$678&$V$4:$V$678,),0),MATCH("施設名",$T$3:$W$3,0)),"") -> さわやか保育園 | AF7: =IFERROR(INDEX($T$4:$W$678,MATCH($X7&AF$3,INDEX($T$4:$T$678&$V$4:$V$678,),0),MATCH("施設名",$T$3:$W$3,0)),"") -> まこまないみどりまち保育園 | ... AI7: =IFERROR(INDEX($T$4:$W$678,MATCH($X7&AI$3,INDEX($T$4:$T$678&$V$4:$V$678,),0),MATCH("施設名",$T$3:$W$3,0)),"") -> 0
A8: 100008 | B8: 01私立 | C8: 01保育所 | D8: 保 | E8: 中央区 | F8: 愛育保育園 | J8: 90 | K8: 0 | L8: 45 | M8: 15 | N8: 30 | O8: =SUM(テーブル1[[#This Row],[列11]:[列12]]) -> 45 | R8: =SUM(K8,L8,O8) -> 90 | S8: =A8 -> 100008 | T8: =COUNTIF($V$4:V8,V8) -> 5 | U8: =IF(T8=1,COUNTIF($T$4:T8,1),"") | V8: ='施設状況(要更新)'!$E8&'施設状況(要更新)'!$C8 -> 中央区01保育所 | W8: ='施設状況(要更新)'!$F8 -> 愛育保育園 | X8: 4 | Y8: =IFERROR(INDEX($T$4:$W$678,MATCH($X8&Y$3,INDEX($T$4:$T$678&$V$4:$V$678,),0),MATCH("施設名",$T$3:$W$3,0)),"") -> 円山北町保育園 | Z8: =IFERROR(INDEX($T$4:$W$678,MATCH($X8&Z$3,INDEX($T$4:$T$678&$V$4:$V$678,),0),MATCH("施設名",$T$3:$W$3,0)),"") -> 新琴似南保育園 | AA8: =IFERROR(INDEX($T$4:$W$678,MATCH($X8&AA$3,INDEX($T$4:$T$678&$V$4:$V$678,),0),MATCH("施設名",$T$3:$W$3,0)),"") -> ちゃいれっく北８条東保育園 | AB8: =IFERROR(INDEX($T$4:$W$678,MATCH($X8&AB$3,INDEX($T$4:$T$678&$V$4:$V$678,),0),MATCH("施設名",$T$3:$W$3,0)),"") -> 大谷地たかだ保育園 | AC8: =IFERROR(INDEX($T$4:$W$678,MATCH($X8&AC$3,INDEX($T$4:$T$678&$V$4:$V$678,),0),MATCH("施設名",$T$3:$W$3,0)),"") -> もみじ台北保育園 | AD8: =IFERROR(INDEX($T$4:$W$678,MATCH($X8&AD$3,INDEX($T$4:$T$678&$V$4:$V$678,),0),MATCH("施設名",$T$3:$W$3,0)),"") -> 札幌愛隣舘東山保育園 | AE8: =IFERROR(INDEX($T$4:$W$678,MATCH($X8&AE$3,INDEX($T$4:$T$678&$V$4:$V$678,),0),MATCH("施設名",$T$3:$W$3,0)),"") -> 札幌あさひ保育園 | AF8: =IFERROR(INDEX($T$4:$W$678,MATCH($X8&AF$3,INDEX($T$4:$T$678&$V$4:$V$678,),0),MATCH("施設名",$T$3:$W$3,0)),"") -> 大地の杜保育園 | ... AI8: =IFERROR(INDEX($T$4:$W$678,MATCH($X8&AI$3,INDEX($T$4:$T$678&$V$4:$V$678,),0),MATCH("施設名",$T$3:$W$3,0)),"") -> 0
A9: 100010 | B9: 01私立 | C9: 01保育所 | D9: 保 | E9: 中央区 | F9: 山鼻保育園 | J9: 90 | K9: 0 | L9: 51 | M9: 9 | N9: 30 | O9: =SUM(テーブル1[[#This Row],[列11]:[列12]]) -> 39 | R9: =SUM(K9,L9,O9) -> 90 | S9: =A9 -> 100010 | T9: =COUNTIF($V$4:V9,V9) -> 6 | U9: =IF(T9=1,COUNTIF($T$4:T9,1),"") | V9: ='施設状況(要更新)'!$E9&'施設状況(要更新)'!$C9 -> 中央区01保育所 | W9: ='施設状況(要更新)'!$F9 -> 山鼻保育園 | X9: 5 | Y9: =IFERROR(INDEX($T$4:$W$678,MATCH($X9&Y$3,INDEX($T$4:$T$678&$V$4:$V$678,),0),MATCH("施設名",$T$3:$W$3,0)),"") -> 愛育保育園 | Z9: =IFERROR(INDEX($T$4:$W$678,MATCH($X9&Z$3,INDEX($T$4:$T$678&$V$4:$V$678,),0),MATCH("施設名",$T$3:$W$3,0)),"") -> 屯田保育園 | AA9: =IFERROR(INDEX($T$4:$W$678,MATCH($X9&AA$3,INDEX($T$4:$T$678&$V$4:$V$678,),0),MATCH("施設名",$T$3:$W$3,0)),"") -> 苗穂保育園 | AB9: =IFERROR(INDEX($T$4:$W$678,MATCH($X9&AB$3,INDEX($T$4:$T$678&$V$4:$V$678,),0),MATCH("施設名",$T$3:$W$3,0)),"") -> 南郷保育園 | AC9: =IFERROR(INDEX($T$4:$W$678,MATCH($X9&AC$3,INDEX($T$4:$T$678&$V$4:$V$678,),0),MATCH("施設名",$T$3:$W$3,0)),"") -> 厚別共栄保育園 | AD9: =IFERROR(INDEX($T$4:$W$678,MATCH($X9&AD$3,INDEX($T$4:$T$678&$V$4:$V$678,),0),MATCH("施設名",$T$3:$W$3,0)),"") -> 札幌愛隣舘りんご保育園 | AE9: =IFERROR(INDEX($T$4:$W$678,MATCH($X9&AE$3,INDEX($T$4:$T$678&$V$4:$V$678,),0),MATCH("施設名",$T$3:$W$3,0)),"") -> 札幌真栄東保育園 | AF9: =IFERROR(INDEX($T$4:$W$678,MATCH($X9&AF$3,INDEX($T$4:$T$678&$V$4:$V$678,),0),MATCH("施設名",$T$3:$W$3,0)),"") -> 遊・Ｗｉｎｇ | ... AI9: =IFERROR(INDEX($T$4:$W$678,MATCH($X9&AI$3,INDEX($T$4:$T$678&$V$4:$V$678,),0),MATCH("施設名",$T$3:$W$3,0)),"") -> 0
A10: 100011 | B10: 01私立 | C10: 01保育所 | D10: 保 | E10: 中央区 | F10: 山鼻華園保育園 | J10: 150 | K10: 0 | L10: 80 | M10: 12 | N10: 38 | O10: =SUM(テーブル1[[#This Row],[列11]:[列12]]) -> 50 | R10: =SUM(K10,L10,O10) -> 130 | S10: =A10 -> 100011 | T10: =COUNTIF($V$4:V10,V10) -> 7 | U10: =IF(T10=1,COUNTIF($T$4:T10,1),"") | V10: ='施設状況(要更新)'!$E10&'施設状況(要更新)'!$C10 -> 中央区01保育所 | W10: ='施設状況(要更新)'!$F10 -> 山鼻華園保育園 | X10: 6 | Y10: =IFERROR(INDEX($T$4:$W$678,MATCH($X10&Y$3,INDEX($T$4:$T$678&$V$4:$V$678,),0),MATCH("施設名",$T$3:$W$3,0)),"") -> 山鼻保育園 | Z10: =IFERROR(INDEX($T$4:$W$678,MATCH($X10&Z$3,INDEX($T$4:$T$678&$V$4:$V$678,),0),MATCH("施設名",$T$3:$W$3,0)),"") -> 愛和えるむ保育園 | AA10: =IFERROR(INDEX($T$4:$W$678,MATCH($X10&AA$3,INDEX($T$4:$T$678&$V$4:$V$678,),0),MATCH("施設名",$T$3:$W$3,0)),"") -> 札幌第２福ちゃん保育園 | AB10: =IFERROR(INDEX($T$4:$W$678,MATCH($X10&AB$3,INDEX($T$4:$T$678&$V$4:$V$678,),0),MATCH("施設名",$T$3:$W$3,0)),"") -> 東白石雪ん子保育園 | AC10: =IFERROR(INDEX($T$4:$W$678,MATCH($X10&AC$3,INDEX($T$4:$T$678&$V$4:$V$678,),0),MATCH("施設名",$T$3:$W$3,0)),"") -> もみじ台南保育園 | AD10: =IFERROR(INDEX($T$4:$W$678,MATCH($X10&AD$3,INDEX($T$4:$T$678&$V$4:$V$678,),0),MATCH("施設名",$T$3:$W$3,0)),"") -> 子どもの家保育園 | AE10: =IFERROR(INDEX($T$4:$W$678,MATCH($X10&AE$3,INDEX($T$4:$T$678&$V$4:$V$678,),0),MATCH("施設名",$T$3:$W$3,0)),"") -> ラブクローバーの保育園 札幌清田 | AF10: =IFERROR(INDEX($T$4:$W$678,MATCH($X10&AF$3,INDEX($T$4:$T$678&$V$4:$V$678,),0),MATCH("施設名",$T$3:$W$3,0)),"") -> くまの子保育園 | ... AI10: =IFERROR(INDEX($T$4:$W$678,MATCH($X10&AI$3,INDEX($T$4:$T$678&$V$4:$V$678,),0),MATCH("施設名",$T$3:$W$3,0)),"") -> 0
A11: 100013 | B11: 01私立 | C11: 01保育所 | D11: 保 | E11: 中央区 | F11: 幌南華園保育園 | J11: 90 | K11: 0 | L11: 48 | M11: 12 | N11: 30 | O11: =SUM(テーブル1[[#This Row],[列11]:[列12]]) -> 42 | R11: =SUM(K11,L11,O11) -> 90 | S11: =A11 -> 100013 | T11: =COUNTIF($V$4:V11,V11) -> 8 | U11: =IF(T11=1,COUNTIF($T$4:T11,1),"") | V11: ='施設状況(要更新)'!$E11&'施設状況(要更新)'!$C11 -> 中央区01保育所 | W11: ='施設状況(要更新)'!$F11 -> 幌南華園保育園 | X11: 7 | Y11: =IFERROR(INDEX($T$4:$W$678,MATCH($X11&Y$3,INDEX($T$4:$T$678&$V$4:$V$678,),0),MATCH("施設名",$T$3:$W$3,0)),"") -> 山鼻華園保育園 | Z11: =IFERROR(INDEX($T$4:$W$678,MATCH($X11&Z$3,INDEX($T$4:$T$678&$V$4:$V$678,),0),MATCH("施設名",$T$3:$W$3,0)),"") -> 幌北ゆりかご保育園 | AA11: =IFERROR(INDEX($T$4:$W$678,MATCH($X11&AA$3,INDEX($T$4:$T$678&$V$4:$V$678,),0),MATCH("施設名",$T$3:$W$3,0)),"") -> 札幌厚成福祉会第二保育所 | AB11: =IFERROR(INDEX($T$4:$W$678,MATCH($X11&AB$3,INDEX($T$4:$T$678&$V$4:$V$678,),0),MATCH("施設名",$T$3:$W$3,0)),"") -> こぶし保育園 | AC11: =IFERROR(INDEX($T$4:$W$678,MATCH($X11&AC$3,INDEX($T$4:$T$678&$V$4:$V$678,),0),MATCH("施設名",$T$3:$W$3,0)),"") -> 札幌協働保育園 | AD11: =IFERROR(INDEX($T$4:$W$678,MATCH($X11&AD$3,INDEX($T$4:$T$678&$V$4:$V$678,),0),MATCH("施設名",$T$3:$W$3,0)),"") -> 中の島興正保育園 | AE11: =IFERROR(INDEX($T$4:$W$678,MATCH($X11&AE$3,INDEX($T$4:$T$678&$V$4:$V$678,),0),MATCH("施設名",$T$3:$W$3,0)),"") -> 認可保育園Ｌｉｎｄｏ | AF11: =IFERROR(INDEX($T$4:$W$678,MATCH($X11&AF$3,INDEX($T$4:$T$678&$V$4:$V$678,),0),MATCH("施設名",$T$3:$W$3,0)),"") -> 藤ヶ丘保育園 | ... AI11: =IFERROR(INDEX($T$4:$W$678,MATCH($X11&AI$3,INDEX($T$4:$T$678&$V$4:$V$678,),0),MATCH("施設名",$T$3:$W$3,0)),"") -> 0
A12: 100014 | B12: 01私立 | C12: 01保育所 | D12: 保 | E12: 中央区 | F12: 宮の森保育園 | J12: 90 | K12: 0 | L12: 21 | M12: 3 | N12: 6 | O12: =SUM(テーブル1[[#This Row],[列11]:[列12]]) -> 9 | R12: =SUM(K12,L12,O12) -> 30 | S12: =A12 -> 100014 | T12: =COUNTIF($V$4:V12,V12) -> 9 | U12: =IF(T12=1,COUNTIF($T$4:T12,1),"") | V12: ='施設状況(要更新)'!$E12&'施設状況(要更新)'!$C12 -> 中央区01保育所 | W12: ='施設状況(要更新)'!$F12 -> 宮の森保育園 | X12: 8 | Y12: =IFERROR(INDEX($T$4:$W$678,MATCH($X12&Y$3,INDEX($T$4:$T$678&$V$4:$V$678,),0),MATCH("施設名",$T$3:$W$3,0)),"") -> 幌南華園保育園 | Z12: =IFERROR(INDEX($T$4:$W$678,MATCH($X12&Z$3,INDEX($T$4:$T$678&$V$4:$V$678,),0),MATCH("施設名",$T$3:$W$3,0)),"") -> 札幌はこぶね保育園 | AA12: =IFERROR(INDEX($T$4:$W$678,MATCH($X12&AA$3,INDEX($T$4:$T$678&$V$4:$V$678,),0),MATCH("施設名",$T$3:$W$3,0)),"") -> 明園保育園 | AB12: =IFERROR(INDEX($T$4:$W$678,MATCH($X12&AB$3,INDEX($T$4:$T$678&$V$4:$V$678,),0),MATCH("施設名",$T$3:$W$3,0)),"") -> 北郷こぶし保育園 | AC12: =IFERROR(INDEX($T$4:$W$678,MATCH($X12&AC$3,INDEX($T$4:$T$678&$V$4:$V$678,),0),MATCH("施設名",$T$3:$W$3,0)),"") -> 厚別こま草保育園 | AD12: =IFERROR(INDEX($T$4:$W$678,MATCH($X12&AD$3,INDEX($T$4:$T$678&$V$4:$V$678,),0),MATCH("施設名",$T$3:$W$3,0)),"") -> 吉田学園やしの木保育園 | AE12: =IFERROR(INDEX($T$4:$W$678,MATCH($X12&AE$3,INDEX($T$4:$T$678&$V$4:$V$678,),0),MATCH("施設名",$T$3:$W$3,0)),"") -> ラブクローバーの保育園札幌北野 | AF12: =IFERROR(INDEX($T$4:$W$678,MATCH($X12&AF$3,INDEX($T$4:$T$678&$V$4:$V$678,),0),MATCH("施設名",$T$3:$W$3,0)),"") -> ルンビニー保育園 | ... AI12: =IFERROR(INDEX($T$4:$W$678,MATCH($X12&AI$3,INDEX($T$4:$T$678&$V$4:$V$678,),0),MATCH("施設名",$T$3:$W$3,0)),"") -> 0
A13: 100015 | B13: 01私立 | C13: 01保育所 | D13: 保 | E13: 中央区 | F13: さより保育園 | J13: 70 | K13: 0 | L13: 33 | M13: 8 | N13: 19 | O13: =SUM(テーブル1[[#This Row],[列11]:[列12]]) -> 27 | R13: =SUM(K13,L13,O13) -> 60 | S13: =A13 -> 100015 | T13: =COUNTIF($V$4:V13,V13) -> 10 | U13: =IF(T13=1,COUNTIF($T$4:T13,1),"") | V13: ='施設状況(要更新)'!$E13&'施設状況(要更新)'!$C13 -> 中央区01保育所 | W13: ='施設状況(要更新)'!$F13 -> さより保育園 | X13: 9 | Y13: =IFERROR(INDEX($T$4:$W$678,MATCH($X13&Y$3,INDEX($T$4:$T$678&$V$4:$V$678,),0),MATCH("施設名",$T$3:$W$3,0)),"") -> 宮の森保育園 | Z13: =IFERROR(INDEX($T$4:$W$678,MATCH($X13&Z$3,INDEX($T$4:$T$678&$V$4:$V$678,),0),MATCH("施設名",$T$3:$W$3,0)),"") -> はぐくみ保育園 | AA13: =IFERROR(INDEX($T$4:$W$678,MATCH($X13&AA$3,INDEX($T$4:$T$678&$V$4:$V$678,),0),MATCH("施設名",$T$3:$W$3,0)),"") -> はらっぱ保育園 | AB13: =IFERROR(INDEX($T$4:$W$678,MATCH($X13&AB$3,INDEX($T$4:$T$678&$V$4:$V$678,),0),MATCH("施設名",$T$3:$W$3,0)),"") -> アスク白石保育園 | AC13: =IFERROR(INDEX($T$4:$W$678,MATCH($X13&AC$3,INDEX($T$4:$T$678&$V$4:$V$678,),0),MATCH("施設名",$T$3:$W$3,0)),"") -> 新さっぽろとまと保育園 | AD13: =IFERROR(INDEX($T$4:$W$678,MATCH($X13&AD$3,INDEX($T$4:$T$678&$V$4:$V$678,),0),MATCH("施設名",$T$3:$W$3,0)),"") -> ピッコロ子ども倶楽部月寒園 | AE13: =IFERROR(INDEX($T$4:$W$678,MATCH($X13&AE$3,INDEX($T$4:$T$678&$V$4:$V$678,),0),MATCH("施設名",$T$3:$W$3,0)),"") -> ちゅうわ清田保育園 | AF13: =IFERROR(INDEX($T$4:$W$678,MATCH($X13&AF$3,INDEX($T$4:$T$678&$V$4:$V$678,),0),MATCH("施設名",$T$3:$W$3,0)),"") -> ちびっこの杜保育園 | ... AI13: =IFERROR(INDEX($T$4:$W$678,MATCH($X13&AI$3,INDEX($T$4:$T$678&$V$4:$V$678,),0),MATCH("施設名",$T$3:$W$3,0)),"") -> 0
A14: 100018 | B14: 01私立 | C14: 01保育所 | D14: 保 | E14: 中央区 | F14: つくしの子共同保育所 | J14: 60 | K14: 0 | L14: 30 | M14: 10 | N14: 20 | O14: =SUM(テーブル1[[#This Row],[列11]:[列12]]) -> 30 | R14: =SUM(K14,L14,O14) -> 60 | S14: =A14 -> 100018 | T14: =COUNTIF($V$4:V14,V14) -> 11 | U14: =IF(T14=1,COUNTIF($T$4:T14,1),"") | V14: ='施設状況(要更新)'!$E14&'施設状況(要更新)'!$C14 -> 中央区01保育所 | W14: ='施設状況(要更新)'!$F14 -> つくしの子共同保育所 | X14: 10 | Y14: =IFERROR(INDEX($T$4:$W$678,MATCH($X14&Y$3,INDEX($T$4:$T$678&$V$4:$V$678,),0),MATCH("施設名",$T$3:$W$3,0)),"") -> さより保育園 | Z14: =IFERROR(INDEX($T$4:$W$678,MATCH($X14&Z$3,INDEX($T$4:$T$678&$V$4:$V$678,),0),MATCH("施設名",$T$3:$W$3,0)),"") -> 子どもの園保育園 | AA14: =IFERROR(INDEX($T$4:$W$678,MATCH($X14&AA$3,INDEX($T$4:$T$678&$V$4:$V$678,),0),MATCH("施設名",$T$3:$W$3,0)),"") -> 心の里親保育園 | AB14: =IFERROR(INDEX($T$4:$W$678,MATCH($X14&AB$3,INDEX($T$4:$T$678&$V$4:$V$678,),0),MATCH("施設名",$T$3:$W$3,0)),"") -> ポピンズナーサリースクール札幌白石 | AC14: =IFERROR(INDEX($T$4:$W$678,MATCH($X14&AC$3,INDEX($T$4:$T$678&$V$4:$V$678,),0),MATCH("施設名",$T$3:$W$3,0)),"") -> きっずぱーく厚別保育園 | AD14: =IFERROR(INDEX($T$4:$W$678,MATCH($X14&AD$3,INDEX($T$4:$T$678&$V$4:$V$678,),0),MATCH("施設名",$T$3:$W$3,0)),"") -> ピッコロ子ども倶楽部福住園 | AE14: =IFERROR(INDEX($T$4:$W$678,MATCH($X14&AE$3,INDEX($T$4:$T$678&$V$4:$V$678,),0),MATCH("施設名",$T$3:$W$3,0)),"") -> 緑ヶ丘保育園 | AF14: =IFERROR(INDEX($T$4:$W$678,MATCH($X14&AF$3,INDEX($T$4:$T$678&$V$4:$V$678,),0),MATCH("施設名",$T$3:$W$3,0)),"") -> こどもみらい保育園常盤園 | ... AI14: =IFERROR(INDEX($T$4:$W$678,MATCH($X14&AI$3,INDEX($T$4:$T$678&$V$4:$V$678,),0),MATCH("施設名",$T$3:$W$3,0)),"") -> 0
A15: 100020 | B15: 01私立 | C15: 01保育所 | D15: 保 | E15: 中央区 | F15: 吉田学園くりの木保育園 | J15: 120 | K15: 0 | L15: 63 | M15: 15 | N15: 42 | O15: =SUM(テーブル1[[#This Row],[列11]:[列12]]) -> 57 | R15: =SUM(K15,L15,O15) -> 120 | S15: =A15 -> 100020 | T15: =COUNTIF($V$4:V15,V15) -> 12 | U15: =IF(T15=1,COUNTIF($T$4:T15,1),"") | V15: ='施設状況(要更新)'!$E15&'施設状況(要更新)'!$C15 -> 中央区01保育所 | W15: ='施設状況(要更新)'!$F15 -> 吉田学園くりの木保育園 | X15: 11 | Y15: =IFERROR(INDEX($T$4:$W$678,MATCH($X15&Y$3,INDEX($T$4:$T$678&$V$4:$V$678,),0),MATCH("施設名",$T$3:$W$3,0)),"") -> つくしの子共同保育所 | Z15: =IFERROR(INDEX($T$4:$W$678,MATCH($X15&Z$3,INDEX($T$4:$T$678&$V$4:$V$678,),0),MATCH("施設名",$T$3:$W$3,0)),"") -> アートチャイルドケア新琴似 | AA15: =IFERROR(INDEX($T$4:$W$678,MATCH($X15&AA$3,INDEX($T$4:$T$678&$V$4:$V$678,),0),MATCH("施設名",$T$3:$W$3,0)),"") -> 元町保育園 | AB15: =IFERROR(INDEX($T$4:$W$678,MATCH($X15&AB$3,INDEX($T$4:$T$678&$V$4:$V$678,),0),MATCH("施設名",$T$3:$W$3,0)),"") -> 大藤子ども園 | AC15: =IFERROR(INDEX($T$4:$W$678,MATCH($X15&AC$3,INDEX($T$4:$T$678&$V$4:$V$678,),0),MATCH("施設名",$T$3:$W$3,0)),"") | AD15: =IFERROR(INDEX($T$4:$W$678,MATCH($X15&AD$3,INDEX($T$4:$T$678&$V$4:$V$678,),0),MATCH("施設名",$T$3:$W$3,0)),"") -> 乳幼児保育クラブぞうさん | AE15: =IFERROR(INDEX($T$4:$W$678,MATCH($X15&AE$3,INDEX($T$4:$T$678&$V$4:$V$678,),0),MATCH("施設名",$T$3:$W$3,0)),"") | AF15: =IFERROR(INDEX($T$4:$W$678,MATCH($X15&AF$3,INDEX($T$4:$T$678&$V$4:$V$678,),0),MATCH("施設名",$T$3:$W$3,0)),"") -> 木育こどもの家南の沢保育園 | ... AI15: =IFERROR(INDEX($T$4:$W$678,MATCH($X15&AI$3,INDEX($T$4:$T$678&$V$4:$V$678,),0),MATCH("施設名",$T$3:$W$3,0)),"") -> 0
A16: 100021 | B16: 01私立 | C16: 01保育所 | D16: 保 | E16: 中央区 | F16: こうさい保育園 | J16: 90 | K16: 0 | L16: 45 | M16: 15 | N16: 30 | O16: =SUM(テーブル1[[#This Row],[列11]:[列12]]) -> 45 | R16: =SUM(K16,L16,O16) -> 90 | S16: =A16 -> 100021 | T16: =COUNTIF($V$4:V16,V16) -> 13 | U16: =IF(T16=1,COUNTIF($T$4:T16,1),"") | V16: ='施設状況(要更新)'!$E16&'施設状況(要更新)'!$C16 -> 中央区01保育所 | W16: ='施設状況(要更新)'!$F16 -> こうさい保育園 | X16: 12 | Y16: =IFERROR(INDEX($T$4:$W$678,MATCH($X16&Y$3,INDEX($T$4:$T$678&$V$4:$V$678,),0),MATCH("施設名",$T$3:$W$3,0)),"") -> 吉田学園くりの木保育園 | Z16: =IFERROR(INDEX($T$4:$W$678,MATCH($X16&Z$3,INDEX($T$4:$T$678&$V$4:$V$678,),0),MATCH("施設名",$T$3:$W$3,0)),"") -> つばさ保育園 | AA16: =IFERROR(INDEX($T$4:$W$678,MATCH($X16&AA$3,INDEX($T$4:$T$678&$V$4:$V$678,),0),MATCH("施設名",$T$3:$W$3,0)),"") -> モエレはとポッポ保育園 | AB16: =IFERROR(INDEX($T$4:$W$678,MATCH($X16&AB$3,INDEX($T$4:$T$678&$V$4:$V$678,),0),MATCH("施設名",$T$3:$W$3,0)),"") -> ピッコロ子ども倶楽部東札幌園 | AC16: =IFERROR(INDEX($T$4:$W$678,MATCH($X16&AC$3,INDEX($T$4:$T$678&$V$4:$V$678,),0),MATCH("施設名",$T$3:$W$3,0)),"") | AD16: =IFERROR(INDEX($T$4:$W$678,MATCH($X16&AD$3,INDEX($T$4:$T$678&$V$4:$V$678,),0),MATCH("施設名",$T$3:$W$3,0)),"") -> スクルドエンジェル保育園月寒園 | AE16: =IFERROR(INDEX($T$4:$W$678,MATCH($X16&AE$3,INDEX($T$4:$T$678&$V$4:$V$678,),0),MATCH("施設名",$T$3:$W$3,0)),"") | AF16: =IFERROR(INDEX($T$4:$W$678,MATCH($X16&AF$3,INDEX($T$4:$T$678&$V$4:$V$678,),0),MATCH("施設名",$T$3:$W$3,0)),"") | ... AI16: =IFERROR(INDEX($T$4:$W$678,MATCH($X16&AI$3,INDEX($T$4:$T$678&$V$4:$V$678,),0),MATCH("施設名",$T$3:$W$3,0)),"") -> 0
... A64: 200129 | B64: 01私立 | C64: 01保育所 | D64: 保 | E64: 北区 | F64: 屯田南保育園 | J64: 40 | K64: 0 | L64: 24 | M64: 2 | N64: 14 | O64: =SUM(テーブル1[[#This Row],[列11]:[列12]]) -> 16 | R64: =SUM(K64,L64,O64) -> 40 | S64: =A64 -> 200129 | T64: =COUNTIF($V$4:V64,V64) -> 27 | U64: =IF(T64=1,COUNTIF($T$4:T64,1),"") | V64: ='施設状況(要更新)'!$E64&'施設状況(要更新)'!$C64 -> 北区01保育所 | W64: ='施設状況(要更新)'!$F64 -> 屯田南保育園 | X64: 60 | Y64: =IFERROR(INDEX($T$4:$W$678,MATCH($X64&Y$3,INDEX($T$4:$T$678&$V$4:$V$678,),0),MATCH("施設名",$T$3:$W$3,0)),"") | Z64: =IFERROR(INDEX($T$4:$W$678,MATCH($X64&Z$3,INDEX($T$4:$T$678&$V$4:$V$678,),0),MATCH("施設名",$T$3:$W$3,0)),"") | AA64: =IFERROR(INDEX($T$4:$W$678,MATCH($X64&AA$3,INDEX($T$4:$T$678&$V$4:$V$678,),0),MATCH("施設名",$T$3:$W$3,0)),"") | AB64: =IFERROR(INDEX($T$4:$W$678,MATCH($X64&AB$3,INDEX($T$4:$T$678&$V$4:$V$678,),0),MATCH("施設名",$T$3:$W$3,0)),"") | AC64: =IFERROR(INDEX($T$4:$W$678,MATCH($X64&AC$3,INDEX($T$4:$T$678&$V$4:$V$678,),0),MATCH("施設名",$T$3:$W$3,0)),"") | AD64: =IFERROR(INDEX($T$4:$W$678,MATCH($X64&AD$3,INDEX($T$4:$T$678&$V$4:$V$678,),0),MATCH("施設名",$T$3:$W$3,0)),"") | AE64: =IFERROR(INDEX($T$4:$W$678,MATCH($X64&AE$3,INDEX($T$4:$T$678&$V$4:$V$678,),0),MATCH("施設名",$T$3:$W$3,0)),"") | AF64: =IFERROR(INDEX($T$4:$W$678,MATCH($X64&AF$3,INDEX($T$4:$T$678&$V$4:$V$678,),0),MATCH("施設名",$T$3:$W$3,0)),"") | ... AI64: =IFERROR(INDEX($T$4:$W$678,MATCH($X64&AI$3,INDEX($T$4:$T$678&$V$4:$V$678,),0),MATCH("施設名",$T$3:$W$3,0)),"") -> 0
A65: 300004 | B65: 01私立 | C65: 01保育所 | D65: 保 | E65: 東区 | F65: 札苗保育園 | J65: 70 | K65: 0 | L65: 39 | M65: 7 | N65: 24 | O65: =SUM(テーブル1[[#This Row],[列11]:[列12]]) -> 31 | R65: =SUM(K65,L65,O65) -> 70 | S65: =A65 -> 300004 | T65: =COUNTIF($V$4:V65,V65) -> 1 | U65: =IF(T65=1,COUNTIF($T$4:T65,1),"") -> 3 | V65: ='施設状況(要更新)'!$E65&'施設状況(要更新)'!$C65 -> 東区01保育所 | W65: ='施設状況(要更新)'!$F65 -> 札苗保育園
A66: 300005 | B66: 01私立 | C66: 01保育所 | D66: 保 | E66: 東区 | F66: 元町にこにこ保育園 | J66: 90 | K66: 0 | L66: 52 | M66: 10 | N66: 28 | O66: =SUM(テーブル1[[#This Row],[列11]:[列12]]) -> 38 | R66: =SUM(K66,L66,O66) -> 90 | S66: =A66 -> 300005 | T66: =COUNTIF($V$4:V66,V66) -> 2 | U66: =IF(T66=1,COUNTIF($T$4:T66,1),"") | V66: ='施設状況(要更新)'!$E66&'施設状況(要更新)'!$C66 -> 東区01保育所 | W66: ='施設状況(要更新)'!$F66 -> 元町にこにこ保育園
A67: 300009 | B67: 01私立 | C67: 01保育所 | D67: 保 | E67: 東区 | F67: 札苗北保育園 | J67: 90 | K67: 0 | L67: 50 | M67: 9 | N67: 31 | O67: =SUM(テーブル1[[#This Row],[列11]:[列12]]) -> 40 | R67: =SUM(K67,L67,O67) -> 90 | S67: =A67 -> 300009 | T67: =COUNTIF($V$4:V67,V67) -> 3 | U67: =IF(T67=1,COUNTIF($T$4:T67,1),"") | V67: ='施設状況(要更新)'!$E67&'施設状況(要更新)'!$C67 -> 東区01保育所 | W67: ='施設状況(要更新)'!$F67 -> 札苗北保育園
A68: 300010 | B68: 01私立 | C68: 01保育所 | D68: 保 | E68: 東区 | F68: ちゃいれっく北８条東保育園 | J68: 60 | K68: 0 | L68: 33 | M68: 6 | N68: 21 | O68: =SUM(テーブル1[[#This Row],[列11]:[列12]]) -> 27 | R68: =SUM(K68,L68,O68) -> 60 | S68: =A68 -> 300010 | T68: =COUNTIF($V$4:V68,V68) -> 4 | U68: =IF(T68=1,COUNTIF($T$4:T68,1),"") | V68: ='施設状況(要更新)'!$E68&'施設状況(要更新)'!$C68 -> 東区01保育所 | W68: ='施設状況(要更新)'!$F68 -> ちゃいれっく北８条東保育園
A69: 300012 | B69: 01私立 | C69: 01保育所 | D69: 保 | E69: 東区 | F69: 苗穂保育園 | J69: 94 | K69: 0 | L69: 48 | M69: 10 | N69: 32 | O69: =SUM(テーブル1[[#This Row],[列11]:[列12]]) -> 42 | R69: =SUM(K69,L69,O69) -> 90 | S69: =A69 -> 300012 | T69: =COUNTIF($V$4:V69,V69) -> 5 | U69: =IF(T69=1,COUNTIF($T$4:T69,1),"") | V69: ='施設状況(要更新)'!$E69&'施設状況(要更新)'!$C69 -> 東区01保育所 | W69: ='施設状況(要更新)'!$F69 -> 苗穂保育園
A70: 300014 | B70: 01私立 | C70: 01保育所 | D70: 保 | E70: 東区 | F70: 札幌第２福ちゃん保育園 | J70: 90 | K70: 0 | L70: 48 | M70: 13 | N70: 29 | O70: =SUM(テーブル1[[#This Row],[列11]:[列12]]) -> 42 | R70: =SUM(K70,L70,O70) -> 90 | S70: =A70 -> 300014 | T70: =COUNTIF($V$4:V70,V70) -> 6 | U70: =IF(T70=1,COUNTIF($T$4:T70,1),"") | V70: ='施設状況(要更新)'!$E70&'施設状況(要更新)'!$C70 -> 東区01保育所 | W70: ='施設状況(要更新)'!$F70 -> 札幌第２福ちゃん保育園
A71: 300016 | B71: 01私立 | C71: 01保育所 | D71: 保 | E71: 東区 | F71: 札幌厚成福祉会第二保育所 | J71: 90 | K71: 0 | L71: 54 | M71: 6 | N71: 30 | O71: =SUM(テーブル1[[#This Row],[列11]:[列12]]) -> 36 | R71: =SUM(K71,L71,O71) -> 90 | S71: =A71 -> 300016 | T71: =COUNTIF($V$4:V71,V71) -> 7 | U71: =IF(T71=1,COUNTIF($T$4:T71,1),"") | V71: ='施設状況(要更新)'!$E71&'施設状況(要更新)'!$C71 -> 東区01保育所 | W71: ='施設状況(要更新)'!$F71 -> 札幌厚成福祉会第二保育所
A72: 300019 | B72: 01私立 | C72: 01保育所 | D72: 保 | E72: 東区 | F72: 明園保育園 | J72: 120 | K72: 0 | L72: 69 | M72: 12 | N72: 39 | O72: =SUM(テーブル1[[#This Row],[列11]:[列12]]) -> 51 | R72: =SUM(K72,L72,O72) -> 120 | S72: =A72 -> 300019 | T72: =COUNTIF($V$4:V72,V72) -> 8 | U72: =IF(T72=1,COUNTIF($T$4:T72,1),"") | V72: ='施設状況(要更新)'!$E72&'施設状況(要更新)'!$C72 -> 東区01保育所 | W72: ='施設状況(要更新)'!$F72 -> 明園保育園
A73: 300021 | B73: 01私立 | C73: 01保育所 | D73: 保 | E73: 東区 | F73: はらっぱ保育園 | J73: 120 | K73: 0 | L73: 71 | M73: 8 | N73: 41 | O73: =SUM(テーブル1[[#This Row],[列11]:[列12]]) -> 49 | R73: =SUM(K73,L73,O73) -> 120 | S73: =A73 -> 300021 | T73: =COUNTIF($V$4:V73,V73) -> 9 | U73: =IF(T73=1,COUNTIF($T$4:T73,1),"") | V73: ='施設状況(要更新)'!$E73&'施設状況(要更新)'!$C73 -> 東区01保育所 | W73: ='施設状況(要更新)'!$F73 -> はらっぱ保育園
A74: 300023 | B74: 01私立 | C74: 01保育所 | D74: 保 | E74: 東区 | F74: 心の里親保育園 | J74: 60 | K74: 0 | L74: 30 | M74: 10 | N74: 20 | O74: =SUM(テーブル1[[#This Row],[列11]:[列12]]) -> 30 | R74: =SUM(K74,L74,O74) -> 60 | S74: =A74 -> 300023 | T74: =COUNTIF($V$4:V74,V74) -> 10 | U74: =IF(T74=1,COUNTIF($T$4:T74,1),"") | V74: ='施設状況(要更新)'!$E74&'施設状況(要更新)'!$C74 -> 東区01保育所 | W74: ='施設状況(要更新)'!$F74 -> 心の里親保育園
A75: 300024 | B75: 01私立 | C75: 01保育所 | D75: 保 | E75: 東区 | F75: 元町保育園 | J75: 60 | K75: 0 | L75: 30 | M75: 10 | N75: 20 | O75: =SUM(テーブル1[[#This Row],[列11]:[列12]]) -> 30 | R75: =SUM(K75,L75,O75) -> 60 | S75: =A75 -> 300024 | T75: =COUNTIF($V$4:V75,V75) -> 11 | U75: =IF(T75=1,COUNTIF($T$4:T75,1),"") | V75: ='施設状況(要更新)'!$E75&'施設状況(要更新)'!$C75 -> 東区01保育所 | W75: ='施設状況(要更新)'!$F75 -> 元町保育園
A76: 300027 | B76: 01私立 | C76: 01保育所 | D76: 保 | E76: 東区 | F76: モエレはとポッポ保育園 | J76: 100 | K76: 0 | L76: 49 | M76: 9 | N76: 32 | O76: =SUM(テーブル1[[#This Row],[列11]:[列12]]) -> 41 | R76: =SUM(K76,L76,O76) -> 90 | S76: =A76 -> 300027 | T76: =COUNTIF($V$4:V76,V76) -> 12 | U76: =IF(T76=1,COUNTIF($T$4:T76,1),"") | V76: ='施設状況(要更新)'!$E76&'施設状況(要更新)'!$C76 -> 東区01保育所 | W76: ='施設状況(要更新)'!$F76 -> モエレはとポッポ保育園
... A177: 750009 | B177: 01私立 | C177: 01保育所 | D177: 保 | E177: 手稲区 | F177: さより第２保育園 | J177: 100 | K177: 0 | L177: 48 | M177: 6 | N177: 26 | O177: =SUM(テーブル1[[#This Row],[列11]:[列12]]) -> 32 | R177: =SUM(K177,L177,O177) -> 80 | S177: =A177 -> 750009 | T177: =COUNTIF($V$4:V177,V177) -> 3 | U177: =IF(T177=1,COUNTIF($T$4:T177,1),"") | V177: ='施設状況(要更新)'!$E177&'施設状況(要更新)'!$C177 -> 手稲区01保育所 | W177: ='施設状況(要更新)'!$F177 -> さより第２保育園
A178: 750013 | B178: 01私立 | C178: 01保育所 | D178: 保 | E178: 手稲区 | F178: つくし保育園 | J178: 80 | K178: 0 | L178: 41 | M178: 13 | N178: 26 | O178: =SUM(テーブル1[[#This Row],[列11]:[列12]]) -> 39 | P178: 20 | R178: =SUM(K178,L178,O178) -> 80 | S178: =A178 -> 750013 | T178: =COUNTIF($V$4:V178,V178) -> 4 | U178: =IF(T178=1,COUNTIF($T$4:T178,1),"") | V178: ='施設状況(要更新)'!$E178&'施設状況(要更新)'!$C178 -> 手稲区01保育所 | W178: ='施設状況(要更新)'!$F178 -> つくし保育園
A179: 750014 | B179: 01私立 | C179: 01保育所 | D179: 保 | E179: 手稲区 | F179: 札幌北陽保育園 | J179: 100 | K179: 0 | L179: 55 | M179: 6 | N179: 29 | O179: =SUM(テーブル1[[#This Row],[列11]:[列12]]) -> 35 | R179: =SUM(K179,L179,O179) -> 90 | S179: =A179 -> 750014 | T179: =COUNTIF($V$4:V179,V179) -> 5 | U179: =IF(T179=1,COUNTIF($T$4:T179,1),"") | V179: ='施設状況(要更新)'!$E179&'施設状況(要更新)'!$C179 -> 手稲区01保育所 | W179: ='施設状況(要更新)'!$F179 -> 札幌北陽保育園
A180: 750016 | B180: 01私立 | C180: 01保育所 | D180: 保 | E180: 手稲区 | F180: あすかぜ保育園 | J180: 60 | K180: 0 | L180: 33 | M180: 6 | N180: 21 | O180: =SUM(テーブル1[[#This Row],[列11]:[列12]]) -> 27 | R180: =SUM(K180,L180,O180) -> 60 | S180: =A180 -> 750016 | T180: =COUNTIF($V$4:V180,V180) -> 6 | U180: =IF(T180=1,COUNTIF($T$4:T180,1),"") | V180: ='施設状況(要更新)'!$E180&'施設状況(要更新)'!$C180 -> 手稲区01保育所 | W180: ='施設状況(要更新)'!$F180 -> あすかぜ保育園
A181: 750034 | B181: 01私立 | C181: 01保育所 | D181: 保 | E181: 手稲区 | F181: 手稲桃の花保育園 | J181: 35 | K181: 0 | L181: 19 | M181: 4 | N181: 12 | O181: =SUM(テーブル1[[#This Row],[列11]:[列12]]) -> 16 | R181: =SUM(K181,L181,O181) -> 35 | S181: =A181 -> 750034 | T181: =COUNTIF($V$4:V181,V181) -> 7 | U181: =IF(T181=1,COUNTIF($T$4:T181,1),"") | V181: ='施設状況(要更新)'!$E181&'施設状況(要更新)'!$C181 -> 手稲区01保育所 | W181: ='施設状況(要更新)'!$F181 -> 手稲桃の花保育園
A182: 750043 | B182: 01私立 | C182: 01保育所 | D182: 保 | E182: 手稲区 | F182: 富丘バオバブ保育園 | J182: 40 | K182: 0 | L182: 24 | M182: 2 | N182: 14 | O182: =SUM(テーブル1[[#This Row],[列11]:[列12]]) -> 16 | R182: =SUM(K182,L182,O182) -> 40 | S182: =A182 -> 750043 | T182: =COUNTIF($V$4:V182,V182) -> 8 | U182: =IF(T182=1,COUNTIF($T$4:T182,1),"") | V182: ='施設状況(要更新)'!$E182&'施設状況(要更新)'!$C182 -> 手稲区01保育所 | W182: ='施設状況(要更新)'!$F182 -> 富丘バオバブ保育園
A183: 750047 | B183: 01私立 | C183: 01保育所 | D183: 保 | E183: 手稲区 | F183: スター保育園前田園 | J183: 60 | K183: 0 | L183: 35 | M183: 3 | N183: 22 | O183: =SUM(テーブル1[[#This Row],[列11]:[列12]]) -> 25 | R183: =SUM(K183,L183,O183) -> 60 | S183: =A183 -> 750047 | T183: =COUNTIF($V$4:V183,V183) -> 9 | U183: =IF(T183=1,COUNTIF($T$4:T183,1),"") | V183: ='施設状況(要更新)'!$E183&'施設状況(要更新)'!$C183 -> 手稲区01保育所 | W183: ='施設状況(要更新)'!$F183 -> スター保育園前田園
A184: 750048 | B184: 01私立 | C184: 01保育所 | D184: 保 | E184: 手稲区 | F184: 新発寒みつばち保育園 | J184: 40 | K184: 0 | L184: 24 | M184: 2 | N184: 14 | O184: =SUM(テーブル1[[#This Row],[列11]:[列12]]) -> 16 | R184: =SUM(K184,L184,O184) -> 40 | S184: =A184 -> 750048 | T184: =COUNTIF($V$4:V184,V184) -> 10 | U184: =IF(T184=1,COUNTIF($T$4:T184,1),"") | V184: ='施設状況(要更新)'!$E184&'施設状況(要更新)'!$C184 -> 手稲区01保育所 | W184: ='施設状況(要更新)'!$F184 -> 新発寒みつばち保育園
A185: 750049 | B185: 01私立 | C185: 01保育所 | D185: 保 | E185: 手稲区 | F185: 手稲みつばち保育園 | J185: 40 | K185: 0 | L185: 24 | M185: 2 | N185: 14 | O185: =SUM(テーブル1[[#This Row],[列11]:[列12]]) -> 16 | R185: =SUM(K185,L185,O185) -> 40 | S185: =A185 -> 750049 | T185: =COUNTIF($V$4:V185,V185) -> 11 | U185: =IF(T185=1,COUNTIF($T$4:T185,1),"") | V185: ='施設状況(要更新)'!$E185&'施設状況(要更新)'!$C185 -> 手稲区01保育所 | W185: ='施設状況(要更新)'!$F185 -> 手稲みつばち保育園
A186: 750050 | B186: 01私立 | C186: 01保育所 | D186: 保 | E186: 手稲区 | F186: 手稲中央さら～れ保育園 | J186: 40 | K186: 0 | L186: 24 | M186: 2 | N186: 14 | O186: =SUM(テーブル1[[#This Row],[列11]:[列12]]) -> 16 | R186: =SUM(K186,L186,O186) -> 40 | S186: =A186 -> 750050 | T186: =COUNTIF($V$4:V186,V186) -> 12 | U186: =IF(T186=1,COUNTIF($T$4:T186,1),"") | V186: ='施設状況(要更新)'!$E186&'施設状況(要更新)'!$C186 -> 手稲区01保育所 | W186: ='施設状況(要更新)'!$F186 -> 手稲中央さら～れ保育園
A187: 100016 | B187: 02公設民営 | C187: 01保育所 | D187: 保 | E187: 中央区 | F187: 札幌市大通保育園 | J187: 60 | K187: 0 | L187: 36 | M187: 6 | N187: 18 | O187: =SUM(テーブル1[[#This Row],[列11]:[列12]]) -> 24 | R187: =SUM(K187,L187,O187) -> 60 | S187: =A187 -> 100016 | T187: =COUNTIF($V$4:V187,V187) -> 35 | U187: =IF(T187=1,COUNTIF($T$4:T187,1),"") | V187: ='施設状況(要更新)'!$E187&'施設状況(要更新)'!$C187 -> 中央区01保育所 | W187: ='施設状況(要更新)'!$F187 -> 札幌市大通保育園
A188: 100017 | B188: 02公設民営 | C188: 01保育所 | D188: 保 | E188: 中央区 | F188: 札幌市しせいかん保育園 | J188: 120 | K188: 0 | L188: 65 | M188: 15 | N188: 40 | O188: =SUM(テーブル1[[#This Row],[列11]:[列12]]) -> 55 | R188: =SUM(K188,L188,O188) -> 120 | S188: =A188 -> 100017 | T188: =COUNTIF($V$4:V188,V188) -> 36 | U188: =IF(T188=1,COUNTIF($T$4:T188,1),"") | V188: ='施設状況(要更新)'!$E188&'施設状況(要更新)'!$C188 -> 中央区01保育所 | W188: ='施設状況(要更新)'!$F188 -> 札幌市しせいかん保育園
A189: 700015 | B189: 02公設民営 | C189: 01保育所 | D189: 保 | E189: 西区 | F189: 札幌市二十四軒南保育園 | J189: 90 | K189: 0 | L189: 51 | M189: 9 | N189: 30 | O189: =SUM(テーブル1[[#This Row],[列11]:[列12]]) -> 39 | R189: =SUM(K189,L189,O189) -> 90 | S189: =A189 -> 700015 | T189: =COUNTIF($V$4:V189,V189) -> 26 | U189: =IF(T189=1,COUNTIF($T$4:T189,1),"") | V189: ='施設状況(要更新)'!$E189&'施設状況(要更新)'!$C189 -> 西区01保育所 | W189: ='施設状況(要更新)'!$F189 -> 札幌市二十四軒南保育園
R190: =SUM(K190,L190,O190) -> 0 | S190: =A190 -> 0 | T190: =COUNTIF($V$4:V190,V190) -> 1 | U190: =IF(T190=1,COUNTIF($T$4:T190,1),"") -> 11 | V190: ='施設状況(要更新)'!$E190&'施設状況(要更新)'!$C190 | W190: ='施設状況(要更新)'!$F190 -> 0
R191: =SUM(K191,L191,O191) -> 0 | S191: =A191 -> 0 | T191: =COUNTIF($V$4:V191,V191) -> 2 | U191: =IF(T191=1,COUNTIF($T$4:T191,1),"") | V191: ='施設状況(要更新)'!$E191&'施設状況(要更新)'!$C191 | W191: ='施設状況(要更新)'!$F191 -> 0
R192: =SUM(K192,L192,O192) -> 0 | S192: =A192 -> 0 | T192: =COUNTIF($V$4:V192,V192) -> 3 | U192: =IF(T192=1,COUNTIF($T$4:T192,1),"") | V192: ='施設状況(要更新)'!$E192&'施設状況(要更新)'!$C192 | W192: ='施設状況(要更新)'!$F192 -> 0
R193: =SUM(K193,L193,O193) -> 0 | S193: =A193 -> 0 | T193: =COUNTIF($V$4:V193,V193) -> 4 | U193: =IF(T193=1,COUNTIF($T$4:T193,1),"") | V193: ='施設状況(要更新)'!$E193&'施設状況(要更新)'!$C193 | W193: ='施設状況(要更新)'!$F193 -> 0
R194: =SUM(K194,L194,O194) -> 0 | S194: =A194 -> 0 | T194: =COUNTIF($V$4:V194,V194) -> 5 | U194: =IF(T194=1,COUNTIF($T$4:T194,1),"") | V194: ='施設状況(要更新)'!$E194&'施設状況(要更新)'!$C194 | W194: ='施設状況(要更新)'!$F194 -> 0
R195: =SUM(K195,L195,O195) -> 0 | S195: =A195 -> 0 | T195: =COUNTIF($V$4:V195,V195) -> 6 | U195: =IF(T195=1,COUNTIF($T$4:T195,1),"") | V195: ='施設状況(要更新)'!$E195&'施設状況(要更新)'!$C195 | W195: ='施設状況(要更新)'!$F195 -> 0
R196: =SUM(K196,L196,O196) -> 0 | S196: =A196 -> 0 | T196: =COUNTIF($V$4:V196,V196) -> 7 | U196: =IF(T196=1,COUNTIF($T$4:T196,1),"") | V196: ='施設状況(要更新)'!$E196&'施設状況(要更新)'!$C196 | W196: ='施設状況(要更新)'!$F196 -> 0
R197: =SUM(K197,L197,O197) -> 0 | S197: =A197 -> 0 | T197: =COUNTIF($V$4:V197,V197) -> 8 | U197: =IF(T197=1,COUNTIF($T$4:T197,1),"") | V197: ='施設状況(要更新)'!$E197&'施設状況(要更新)'!$C197 | W197: ='施設状況(要更新)'!$F197 -> 0
R198: =SUM(K198,L198,O198) -> 0 | S198: =A198 -> 0 | T198: =COUNTIF($V$4:V198,V198) -> 9 | U198: =IF(T198=1,COUNTIF($T$4:T198,1),"") | V198: ='施設状況(要更新)'!$E198&'施設状況(要更新)'!$C198 | W198: ='施設状況(要更新)'!$F198 -> 0
R199: =SUM(K199,L199,O199) -> 0 | S199: =A199 -> 0 | T199: =COUNTIF($V$4:V199,V199) -> 10 | U199: =IF(T199=1,COUNTIF($T$4:T199,1),"") | V199: ='施設状況(要更新)'!$E199&'施設状況(要更新)'!$C199 | W199: ='施設状況(要更新)'!$F199 -> 0
R200: =SUM(K200,L200,O200) -> 0 | S200: =A200 -> 0 | T200: =COUNTIF($V$4:V200,V200) -> 11 | U200: =IF(T200=1,COUNTIF($T$4:T200,1),"") | V200: ='施設状況(要更新)'!$E200&'施設状況(要更新)'!$C200 | W200: ='施設状況(要更新)'!$F200 -> 0
R201: =SUM(K201,L201,O201) -> 0 | S201: =A201 -> 0 | T201: =COUNTIF($V$4:V201,V201) -> 12 | U201: =IF(T201=1,COUNTIF($T$4:T201,1),"") | V201: ='施設状況(要更新)'!$E201&'施設状況(要更新)'!$C201 | W201: ='施設状況(要更新)'!$F201 -> 0
... R232: =SUM(K232,L232,O232) -> 0 | S232: =A232 -> 0 | T232: =COUNTIF($V$4:V232,V232) -> 43 | U232: =IF(T232=1,COUNTIF($T$4:T232,1),"") | V232: ='施設状況(要更新)'!$E232&'施設状況(要更新)'!$C232 | W232: ='施設状況(要更新)'!$F232 -> 0
S233: =A233 -> 0 | T233: =COUNTIF($V$4:V233,V233) -> 44 | U233: =IF(T233=1,COUNTIF($T$4:T233,1),"") | V233: ='施設状況(要更新)'!$E233&'施設状況(要更新)'!$C233 | W233: ='施設状況(要更新)'!$F233 -> 0
S234: =A234 -> 0 | T234: =COUNTIF($V$4:V234,V234) -> 45 | U234: =IF(T234=1,COUNTIF($T$4:T234,1),"") | V234: ='施設状況(要更新)'!$E234&'施設状況(要更新)'!$C234 | W234: ='施設状況(要更新)'!$F234 -> 0
S235: =A235 -> 0 | T235: =COUNTIF($V$4:V235,V235) -> 46 | U235: =IF(T235=1,COUNTIF($T$4:T235,1),"") | V235: ='施設状況(要更新)'!$E235&'施設状況(要更新)'!$C235 | W235: ='施設状況(要更新)'!$F235 -> 0
S236: =A236 -> 0 | T236: =COUNTIF($V$4:V236,V236) -> 47 | U236: =IF(T236=1,COUNTIF($T$4:T236,1),"") | V236: ='施設状況(要更新)'!$E236&'施設状況(要更新)'!$C236 | W236: ='施設状況(要更新)'!$F236 -> 0
S237: =A237 -> 0 | T237: =COUNTIF($V$4:V237,V237) -> 48 | U237: =IF(T237=1,COUNTIF($T$4:T237,1),"") | V237: ='施設状況(要更新)'!$E237&'施設状況(要更新)'!$C237 | W237: ='施設状況(要更新)'!$F237 -> 0
S238: =A238 -> 0 | T238: =COUNTIF($V$4:V238,V238) -> 49 | U238: =IF(T238=1,COUNTIF($T$4:T238,1),"") | V238: ='施設状況(要更新)'!$E238&'施設状況(要更新)'!$C238 | W238: ='施設状況(要更新)'!$F238 -> 0
S239: =A239 -> 0 | T239: =COUNTIF($V$4:V239,V239) -> 50 | U239: =IF(T239=1,COUNTIF($T$4:T239,1),"") | V239: ='施設状況(要更新)'!$E239&'施設状況(要更新)'!$C239 | W239: ='施設状況(要更新)'!$F239 -> 0
S240: =A240 -> 0 | T240: =COUNTIF($V$4:V240,V240) -> 51 | U240: =IF(T240=1,COUNTIF($T$4:T240,1),"") | V240: ='施設状況(要更新)'!$E240&'施設状況(要更新)'!$C240 | W240: ='施設状況(要更新)'!$F240 -> 0
S241: =A241 -> 0 | T241: =COUNTIF($V$4:V241,V241) -> 52 | U241: =IF(T241=1,COUNTIF($T$4:T241,1),"") | V241: ='施設状況(要更新)'!$E241&'施設状況(要更新)'!$C241 | W241: ='施設状況(要更新)'!$F241 -> 0
S242: =A242 -> 0 | T242: =COUNTIF($V$4:V242,V242) -> 53 | U242: =IF(T242=1,COUNTIF($T$4:T242,1),"") | V242: ='施設状況(要更新)'!$E242&'施設状況(要更新)'!$C242 | W242: ='施設状況(要更新)'!$F242 -> 0
S243: =A243 -> 0 | T243: =COUNTIF($V$4:V243,V243) -> 54 | U243: =IF(T243=1,COUNTIF($T$4:T243,1),"") | V243: ='施設状況(要更新)'!$E243&'施設状況(要更新)'!$C243 | W243: ='施設状況(要更新)'!$F243 -> 0
S244: =A244 -> 0 | T244: =COUNTIF($V$4:V244,V244) -> 55 | U244: =IF(T244=1,COUNTIF($T$4:T244,1),"") | V244: ='施設状況(要更新)'!$E244&'施設状況(要更新)'!$C244 | W244: ='施設状況(要更新)'!$F244 -> 0
... S678: =A678 -> 0 | T678: =COUNTIF($V$4:V678,V678) -> 489 | U678: =IF(T678=1,COUNTIF($T$4:T678,1),"") | V678: ='施設状況(要更新)'!$E678&'施設状況(要更新)'!$C678 | W678: ='施設状況(要更新)'!$F678 -> 0
D679: 集計 | F679: =SUBTOTAL(103,'施設状況(要更新)'!$F$4:$F$678) -> 186 | G679: =SUBTOTAL(109,'施設状況(要更新)'!$G$4:$G$678) -> 0 | H679: =SUBTOTAL(109,'施設状況(要更新)'!$H$4:$H$678) -> 0 | I679: =SUBTOTAL(109,'施設状況(要更新)'!$I$4:$I$678) -> 0 | J679: 12 | K679: =SUBTOTAL(109,'施設状況(要更新)'!$K$4:$K$678) -> 0 | L679: =SUBTOTAL(109,'施設状況(要更新)'!$L$4:$L$678) -> 7734 | M679: =SUBTOTAL(109,'施設状況(要更新)'!$M$4:$M$678) -> 1307 | N679: =SUBTOTAL(109,'施設状況(要更新)'!$N$4:$N$678) -> 4676 | O679: =SUBTOTAL(109,'施設状況(要更新)'!$O$4:$O$678) -> 5983 | R679: =SUBTOTAL(109,'施設状況(要更新)'!$R$4:$R$678) -> 13717
F680: 1 | G680: 2 | H680: 3 | I680: 4 | J680: 5 | K680: 6 | L680: 7 | M680: 8 | N680: 9 | O680: 10 | P680: 11 | R680: 12

Sheet 休日情報(要更新)
A1: 【祝日情報】
A2: 当該シートに祝日を入力すると、利用状況表で対応する日が「赤表示」になります。
A3: 2022 | C3: =A3+1 -> 2023 | E3: =C3+1 -> 2024 | G3: =E3+1 -> 2025 | I3: =G3+1 -> 2026
A4: 日付 | B4: 祝日名 | C4: =A4 -> 日付 | D4: =B4 -> 祝日名 | E4: =C4 -> 日付 | F4: =D4 -> 祝日名 | G4: =E4 -> 日付 | H4: =F4 -> 祝日名 | I4: =G4 -> 日付 | J4: =H4 -> 祝日名
A5: 44562 | B5: 元日 | C5: 44927 | D5: 元日 | E5: 45292 | F5: 元日 | G5: 45658 | H5: 元日
A6: 44571 | B6: 成人の日 | C6: 44928 | D6: 振替休日（元日） | E6: 45299 | F6: 成人の日 | G6: 45670 | H6: 成人の日
A7: 44603 | B7: 建国記念の日 | C7: 44935 | D7: 成人の日 | E7: 45333 | F7: 建国記念の日 | G7: 45699 | H7: 建国記念の日
A8: 44615 | B8: 天皇誕生日 | C8: 44968 | D8: 建国記念の日 | E8: 45334 | F8: 振替休日（建国記念の日） | G8: 45711 | H8: 天皇誕生日
A9: 44641 | B9: 春分の日 | C9: 44980 | D9: 天皇誕生日 | E9: 45345 | F9: 天皇誕生日 | G9: 45712 | H9: 振替休日（天皇誕生日）
A10: 44680 | B10: 昭和の日 | C10: 45006 | D10: 春分の日 | E10: 45371 | F10: 春分の日 | G10: 45736 | H10: 春分の日
A11: 44684 | B11: 憲法記念日 | C11: 45045 | D11: 昭和の日 | E11: 45411 | F11: 昭和の日 | G11: 45776 | H11: 昭和の日
A12: 44685 | B12: みどりの日 | C12: 45049 | D12: 憲法記念日 | E12: 45415 | F12: 憲法記念日 | G12: 45780 | H12: 憲法記念日
A13: 44686 | B13: こどもの日 | C13: 45050 | D13: みどりの日 | E13: 45416 | F13: みどりの日 | G13: 45781 | H13: みどりの日
A14: 44760 | B14: 海の日 | C14: 45051 | D14: こどもの日 | E14: 45417 | F14: こどもの日 | G14: 45782 | H14: こどもの日
A15: 44784 | B15: 山の日 | C15: 45124 | D15: 海の日 | E15: 45418 | F15: 振替休日（こどもの日） | G15: 45783 | H15: 振替休日（みどりの日）
A16: 44823 | B16: 敬老の日 | C16: 45149 | D16: 山の日 | E16: 45488 | F16: 海の日 | G16: 45859 | H16: 海の日
... A21: 44926 | B21: ※土曜日 | C21: 45253 | D21: 勤労感謝の日 | E21: 45558 | F21: 振替休日（秋分の日） | G21: 45964 | H21: 文化の日
C22: 45290 | D22: ※土曜日 | E22: 45579 | F22: スポーツの日 | G22: 45984 | H22: 勤労感謝の日
E23: 45599 | F23: 文化の日 | G23: 45985 | H23: 振替休日（勤労感謝の日）
E24: 45600 | F24: 振替休日（文化の日）
E25: 45619 | F25: 勤労感謝の日

Sheet チーム保育単価(要更新)
A2: 定員区分 | C2: チーム保育推進加算
C4: 単価 | E4: 加配人数 | G4: 処遇改善等加算Ⅰ | I4: 基礎分 | K4: 加配人数 | M4: 加算額
A7: 20人 | B7: 1 | C7: 20650 | D7: × | E7: =【様式１】総括表・個票!J127 -> × | F7: ＋ | G7: 200 | H7: × | I7: 12 | J7: ＋ | K7: =E7 -> × | L7: ＝ | M7: =C7*E7+G7*I7*K7 -> #VALUE!
A11: 21人 から 30人 まで | B11: 21 | C11: 13760 | D11: × | E11: =E7 -> × | F11: ＋ | G11: 130 | H11: × | I11: =I7 -> 12 | J11: ＋ | K11: =E11 -> × | L11: ＝ | M11: =C11*E11+G11*I11*K11 -> #VALUE!
A15: 31人 から 40人 まで | B15: 31 | C15: 10320 | D15: × | E15: =E11 -> × | F15: ＋ | G15: 100 | H15: × | I15: =I11 -> 12 | J15: ＋ | K15: =E15 -> × | L15: ＝ | M15: =C15*E15+G15*I15*K15 -> #VALUE!
A19: 41人 から 50人 まで | B19: 41 | C19: 8260 | D19: × | E19: =E15 -> × | F19: ＋ | G19: 80 | H19: × | I19: =I15 -> 12 | J19: ＋ | K19: =E19 -> × | L19: ＝ | M19: =C19*E19+G19*I19*K19 -> #VALUE!
A23: 51人 から 60人 まで | B23: 51 | C23: 6880 | D23: × | E23: =E19 -> × | F23: ＋ | G23: 60 | H23: × | I23: =I19 -> 12 | J23: ＋ | K23: =E23 -> × | L23: ＝ | M23: =C23*E23+G23*I23*K23 -> #VALUE!
A27: 61人 から 70人 まで | B27: 61 | C27: 5900 | D27: × | E27: =E23 -> × | F27: ＋ | G27: 50 | H27: × | I27: =I23 -> 12 | J27: ＋ | K27: =E27 -> × | L27: ＝ | M27: =C27*E27+G27*I27*K27 -> #VALUE!
A31: 71人 から 80人 まで | B31: 71 | C31: 5160 | D31: × | E31: =E27 -> × | F31: ＋ | G31: 50 | H31: × | I31: =I27 -> 12 | J31: ＋ | K31: =E31 -> × | L31: ＝ | M31: =C31*E31+G31*I31*K31 -> #VALUE!
A35: 81人 から 90人 まで | B35: 81 | C35: 4580 | D35: × | E35: =E31 -> × | F35: ＋ | G35: 40 | H35: × | I35: =I31 -> 12 | J35: ＋ | K35: =E35 -> × | L35: ＝ | M35: =C35*E35+G35*I35*K35 -> #VALUE!
A39: 91人 から 100人 まで | B39: 91 | C39: 4130 | D39: × | E39: =E35 -> × | F39: ＋ | G39: 40 | H39: × | I39: =I35 -> 12 | J39: ＋ | K39: =E39 -> × | L39: ＝ | M39: =C39*E39+G39*I39*K39 -> #VALUE!
A43: 101人 から 110人 まで | B43: 101 | C43: 3750 | D43: × | E43: =E39 -> × | F43: ＋ | G43: 30 | H43: × | I43: =I39 -> 12 | J43: ＋ | K43: =E43 -> × | L43: ＝ | M43: =C43*E43+G43*I43*K43 -> #VALUE!
A47: 111人 から 120人 まで | B47: 111 | C47: 3440 | D47: × | E47: =E43 -> × | F47: ＋ | G47: 30 | H47: × | I47: =I43 -> 12 | J47: ＋ | K47: =E47 -> × | L47: ＝ | M47: =C47*E47+G47*I47*K47 -> #VALUE!
A51: 121人 から 130人 まで | B51: 121 | C51: 3170 | D51: × | E51: =E47 -> × | F51: ＋ | G51: 30 | H51: × | I51: =I47 -> 12 | J51: ＋ | K51: =E51 -> × | L51: ＝ | M51: =C51*E51+G51*I51*K51 -> #VALUE!
A55: 131人 から 140人 まで | B55: 131 | C55: 2950 | D55: × | E55: =E51 -> × | F55: ＋ | G55: 20 | H55: × | I55: =I51 -> 12 | J55: ＋ | K55: =E55 -> × | L55: ＝ | M55: =C55*E55+G55*I55*K55 -> #VALUE!
... A71: 171人 以上 | B71: 17 | C71: 2290 | D71: × | E71: =E67 -> × | F71: ＋ | G71: 20 | H71: × | I71: =I67 -> 12 | J71: ＋ | K71: =E71 -> × | L71: ＝ | M71: =C71*E71+G71*I71*K71 -> #VALUE!

Sheet 作成方法
B2: 【作成要領・提出書類チェック表】
B4: 黄色 | C4: 直接手入力してください。
B5: 橙色 | C5: ドロップダウンで選択。
B6: 水色 | C6: 札幌市で入力済の内容です。変更がある場合は、申し出ください。
B7: 白色 | C7: 入力不可
B9: 【提出方法】
B10: ＜Excelデータ 提出先＞
B11: アドレス | C11: kyufuhi@city.sapporo.jp
B12: メール件名 | C12: =IF(【様式１】総括表・個票!$D$12="","※園名を選択",CONCATENATE("【加算申請】",VLOOKUP(【様式１】総括表・個票!$D$12,'施設状況(要更新)'!$F$4:$S$678,14,FALSE),【様式１】総括表・個票!$D$12)) -> ※園名を選択 | D12: ←（【様式１】で園名を選ぶと反映）
B13: パスワード | C13: 29hoiku86 | D13: ← Excelデータをこちらのパスワードで
D14: zipファイル化して、メールに添付してください。
B15: ＜添付書類 郵送先＞
B16: 〒060-0051 | D16: ←「【別添】添付書類の表紙」を付けて郵送してください。
B17: 札幌市中央区南１条東１丁目 大通バスセンタービル３階 | D17: （右隣のシート）
B18: 子ども未来局子育て支援部施設運営課給付係 TEL 011-211-3027
B20: 【お問い合わせについて】
B21: メールでのお問い合わせにご協力ください。（様式の入力がうまくいかない等、データをこちらで確認する必要がある場合はデータも添付してください。）
B22: アドレス | C22: kyufuhi@city.sapporo.jp
B23: メール件名 | C23: =IF(【様式１】総括表・個票!$D$12="","※園名を選択",CONCATENATE("【加算問い合わせ】",VLOOKUP(【様式１】総括表・個票!$D$12,'施設状況(要更新)'!$F$4:$S$678,14,FALSE),【様式１】総括表・個票!$D$12)) -> ※園名を選択 | D23: ←（【様式１】で園名を選ぶと反映）
B25: 【作成にあたって】
B26: 項目 | C26: 説明
B27: 作成ソフト | C27: 本様式はExcel2016（Microsoft社）で作成しておりますので、Excel2016以降での作成を推奨します。このため、Excel2016未満のバージョン（2010、2003等）及びMicrosoft社製以外の表計算ソフト（Kingsoft、Numbers等）での動作は保証いたしません。
B28: 作成手順 | C28: (0) （前月分を作成済みの場合）ファイルをコピーして別名で保存
C29: (1) 様式1(総括表)：申請月、所在区、施設名入力→利用定員が正しいか確認
C30: (2) 様式1(個票)：申請する加算入力(一部様式2～5の入力状況を引用)
C31: (3) 別紙1～7：必要に応じて入力
C32: (4) 様式2：月初日時点の職員配置を入力
C33: (5) 様式3：非常勤職員がいる場合は、該当月の勤務予定時間を入力
C34: (6) 様式4：クラス編成状況を記載
C35: (7) 様式5：初日児童数、基本配置・加算・補助金対象職員選択
C36: (8) 様式1：様式2～5入力後に選択できる箇所が一部あるため再度確認(チーム保育加配等)
C37: (9) 様式6：年度開始月(4月)～申請月までを埋める
B38: 参考資料 | C38: ・ 依頼文 （各月分の申請期限はこちらでご確認ください。）
C39: ・ 様式内の「作成方法」シート、各シート印刷範囲外の説明書き
C40: ・ 加算・調整項目申請書作成要領 （依頼時に送付）
C41: ・ 国通知「特定教育・保育等に要する費用の額の算定に関する基準等の改正に伴う実施上の留意事項について」 （令和5年2月20日改正） 内閣府HP：https://www8.cao.go.jp/shoushi/shinseido/law/tsuuchi.html

Sheet 【別添】添付書類の表紙
B1: 【お問い合わせについて】 | E1: 月 | F1: 施設コード | G1: 施設名
B2: アドレス | C2: kyufuhi@city.sapporo.jp | E2: =【様式１】総括表・個票!I10&"月" -> 月 | F2: =VLOOKUP(【様式１】総括表・個票!D12,'施設状況(要更新)'!$F$4:$S$189,14,FALSE) -> #N/A | G2: =【様式１】総括表・個票!D12 -> 0
B3: メール件名 | C3: ="【問合せ】"&E2&"加算"&F2&G2 -> #N/A | D3: ←メールの件名はこちらをコピーして使用してください。
B4: ※問い合わせの際は、作成途中の申請書（エクセル）を一緒に添付してください。
B5: 【提出先】
B6: アドレス | C6: kyufuhi@city.sapporo.jp
B7: メール件名 | C7: ="【提出】"&E2&"加算"&F2&G2 -> #N/A | D7: ←メールの件名はこちらをコピーして使用してください。
B8: パスワード | C8: 29hoiku86 | D8: ←Excelデータをこちらのパスワードでお願いします。
B9: エクセルデータの名前 | C9: =E2&"加算"&F2&G2 -> #N/A | D9: ←申請書（エクセル）の名前はこちらをコピーして使用してください。
B10: 添付書類（PDF)の名前 | C10: 以下のリストから名前をコピーしてください。
C14: 添付書類が必要な加算 | D14: 挙証書類の名前
B15: 添付書類① | C15: {=IFERROR(INDIRECT("G"&SMALL($J$16:$J$28,ROW()/3-4)),"")} -> 休日保育加算 | D15: =IF($C$15="","",$F$2&"_"&C15&"添付書類①") -> #N/A | G15: 添付書類が必要な加算 | H15: 適用可否 | I15: 変換 | J15: 判定
D16: =IF($C$15="","",$F$2&"_"&C15&"添付書類②") -> #N/A | E16: =C15="" -> FALSE | G16: 休日保育加算 | H16: =INDEX(【様式１】総括表・個票!$B$18:$B$41,MATCH(G16,【様式１】総括表・個票!$F$18:F$41,0)) -> 適用月エラー | I16: =IF(H16="エラー","×","○") -> ○ | J16: =IF(I16="○",ROW(),"") -> 16
D17: =IF($C$15="","",$F$2&"_"&C15&"添付書類③") -> #N/A | E17: =E16 -> FALSE | G17: 減価償却費加算 | H17: =INDEX(【様式１】総括表・個票!$B$18:$B$41,MATCH(G17,【様式１】総括表・個票!$F$18:F$41,0)) -> 適用月エラー | I17: =H17 -> 適用月エラー | J17: =IF(I17="○",ROW(),"")
B18: 添付書類② | C18: {=IFERROR(INDIRECT("G"&SMALL($J$16:$J$28,ROW()/3-4)),"")} | D18: =IF($C$15="","",$F$2&"_"&C18&"添付書類①") -> #N/A | E18: =E16 -> FALSE | G18: 賃借料加算 | H18: =INDEX(【様式１】総括表・個票!$B$18:$B$41,MATCH(G18,【様式１】総括表・個票!$F$18:F$41,0)) -> 適用月エラー | I18: =H18 -> 適用月エラー | J18: =IF(I18="○",ROW(),"")
D19: =IF($C$15="","",$F$2&"_"&C18&"添付書類②") -> #N/A | E19: =C18="" -> TRUE | G19: 施設長を配置していない場合(減算） | H19: =INDEX(【様式１】総括表・個票!$B$18:$B$41,MATCH(G19,【様式１】総括表・個票!$F$18:F$41,0)) -> 適用月エラー | I19: =IF(H19="×","○","×") -> × | J19: =IF(I19="○",ROW(),"")
D20: =IF($C$15="","",$F$2&"_"&C18&"添付書類③") -> #N/A | E20: =E19 -> TRUE | G20: 主任保育士専任加算 | H20: =INDEX(【様式１】総括表・個票!$B$18:$B$41,MATCH(G20,【様式１】総括表・個票!$F$18:F$41,0)) -> 適用月エラー | I20: =H20 -> 適用月エラー | J20: =IF(I20="○",ROW(),"")
B21: 添付書類③ | C21: {=IFERROR(INDIRECT("G"&SMALL($J$16:$J$28,ROW()/3-4)),"")} | D21: =IF($C$15="","",$F$2&"_"&C21&"添付書類①") -> #N/A | E21: =E19 -> TRUE | G21: 療育支援加算 | H21: =INDEX(【様式１】総括表・個票!$B$18:$B$41,MATCH(G21,【様式１】総括表・個票!$F$18:F$41,0)) -> 適用月エラー | I21: =IF(OR(H21="特児",H21="その他"),"○","×") -> × | J21: =IF(I21="○",ROW(),"")
D22: =IF($C$15="","",$F$2&"_"&C21&"添付書類②") -> #N/A | E22: =C21="" -> TRUE | G22: 事務職員雇上費加算 | H22: =INDEX(【様式１】総括表・個票!$B$18:$B$41,MATCH(G22,【様式１】総括表・個票!$F$18:F$41,0)) -> 適用月エラー | I22: =H22 -> 適用月エラー | J22: =IF(I22="○",ROW(),"")
D23: =IF($C$15="","",$F$2&"_"&C21&"添付書類③") -> #N/A | E23: =E22 -> TRUE | G23: 栄養管理加算 | H23: =INDEX(【様式１】総括表・個票!$B$18:$B$41,MATCH(G23,【様式１】総括表・個票!$F$18:F$41,0)) -> 適用月エラー | I23: =IF(H23="×","×",IF(H23="適用月エラー","×","○")) -> × | J23: =IF(I23="○",ROW(),"")
B24: 添付書類④ | C24: {=IFERROR(INDIRECT("G"&SMALL($J$16:$J$28,ROW()/3-4)),"")} | D24: =IF($C$15="","",$F$2&"_"&C24&"添付書類①") -> #N/A | E24: =E22 -> TRUE
D25: =IF($C$15="","",$F$2&"_"&C24&"添付書類②") -> #N/A | E25: =C24="" -> TRUE
D26: =IF($C$15="","",$F$2&"_"&C24&"添付書類③") -> #N/A | E26: =E25 -> TRUE
B27: 添付書類⑤ | C27: {=IFERROR(INDIRECT("G"&SMALL($J$16:$J$28,ROW()/3-4)),"")} | D27: =IF($C$15="","",$F$2&"_"&C27&"添付書類①") -> #N/A | E27: =E25 -> TRUE
D28: =IF($C$15="","",$F$2&"_"&C27&"添付書類②") -> #N/A | E28: =C27="" -> TRUE
D29: =IF($C$15="","",$F$2&"_"&C27&"添付書類③") -> #N/A | E29: =E28 -> TRUE
B30: 添付書類⑥ | C30: {=IFERROR(INDIRECT("G"&SMALL($J$16:$J$28,ROW()/3-4)),"")} | D30: =IF($C$15="","",$F$2&"_"&C30&"添付書類①") -> #N/A | E30: =E28 -> TRUE
D31: =IF($C$15="","",$F$2&"_"&C30&"添付書類②") -> #N/A | E31: =C30="" -> TRUE
D32: =IF($C$15="","",$F$2&"_"&C30&"添付書類③") -> #N/A | E32: =E31 -> TRUE
B33: 添付書類⑦ | C33: {=IFERROR(INDIRECT("G"&SMALL($J$16:$J$28,ROW()/3-4)),"")} | D33: =IF($C$15="","",$F$2&"_"&C33&"添付書類①") -> #N/A | E33: =E31 -> TRUE
D34: =IF($C$15="","",$F$2&"_"&C33&"添付書類②") -> #N/A | E34: =C33="" -> TRUE
D35: =IF($C$15="","",$F$2&"_"&C33&"添付書類③") -> #N/A | E35: =E34 -> TRUE
B36: 添付書類⑧ | C36: {=IFERROR(INDIRECT("G"&SMALL($J$16:$J$28,ROW()/3-4)),"")} | D36: =IF($C$15="","",$F$2&"_"&C36&"添付書類①") -> #N/A | E36: =E34 -> TRUE
D37: =IF($C$15="","",$F$2&"_"&C36&"添付書類②") -> #N/A | E37: =C36="" -> TRUE
D38: =IF($C$15="","",$F$2&"_"&C36&"添付書類③") -> #N/A | E38: =E37 -> TRUE
B39: 添付書類⑨ | C39: {=IFERROR(INDIRECT("G"&SMALL($J$16:$J$28,ROW()/3-4)),"")} | D39: =IF($C$15="","",$F$2&"_"&C39&"添付書類①") -> #N/A | E39: =E37 -> TRUE
D40: =IF($C$15="","",$F$2&"_"&C39&"添付書類②") -> #N/A | E40: =C39="" -> TRUE
D41: =IF($C$15="","",$F$2&"_"&C39&"添付書類③") -> #N/A | E41: =E40 -> TRUE
B42: 添付書類⑩ | C42: {=IFERROR(INDIRECT("G"&SMALL($J$16:$J$28,ROW()/3-4)),"")} | D42: =IF($C$15="","",$F$2&"_"&C42&"添付書類①") -> #N/A | E42: =E40 -> TRUE
D43: =IF($C$15="","",$F$2&"_"&C42&"添付書類②") -> #N/A | E43: =C42="" -> TRUE
D44: =IF($C$15="","",$F$2&"_"&C42&"添付書類③") -> #N/A | E44: =E43 -> TRUE
B45: 添付書類⑪ | C45: {=IFERROR(INDIRECT("G"&SMALL($J$16:$J$28,ROW()/3-4)),"")} | D45: =IF($C$15="","",$F$2&"_"&C45&"添付書類①") -> #N/A | E45: =E43 -> TRUE
D46: =IF($C$15="","",$F$2&"_"&C45&"添付書類②") -> #N/A | E46: =C45="" -> TRUE
D47: =IF($C$15="","",$F$2&"_"&C45&"添付書類③") -> #N/A | E47: =E46 -> TRUE
B48: 添付書類⑫ | C48: {=IFERROR(INDIRECT("G"&SMALL($J$16:$J$28,ROW()/3-4)),"")} | D48: =IF($C$15="","",$F$2&"_"&C48&"添付書類①") -> #N/A | E48: =E46 -> TRUE
D49: =IF($C$15="","",$F$2&"_"&C48&"添付書類②") -> #N/A | E49: =C48="" -> TRUE
D50: =IF($C$15="","",$F$2&"_"&C48&"添付書類③") -> #N/A | E50: =E49 -> TRUE
B51: 添付書類⑬ | C51: {=IFERROR(INDIRECT("G"&SMALL($J$16:$J$28,ROW()/3-4)),"")} | D51: =IF($C$15="","",$F$2&"_"&C51&"添付書類①") -> #N/A | E51: =E49 -> TRUE
D52: =IF($C$15="","",$F$2&"_"&C51&"添付書類②") -> #N/A | E52: =C51="" -> TRUE
D53: =IF($C$15="","",$F$2&"_"&C51&"添付書類③") -> #N/A | E53: =E52 -> TRUE

Sheet 【様式１】総括表・個票
A1: 【様式１：保育所】 | X1: =AJ2&"様式１"&AJ3 -> 加-23_月申-様式１-保_Ver.2.01 | AJ1: 様式名 | AK1: 西暦 | AL1: 月 | AN1: 所在区 | AO1: 施設種別 | AP1: 選択 | AQ1: 申請 | AR1: 療育 | AS1: チーム | AU1: 給食 | AV1: 定員超過① | AW1: 定員超過② | AX1: 特例
AJ2: ="加-"&MID($AK$2,3,2)&"_"&$I$10&"月"&"申-" -> 加-23_月申- | AK2: 2023 | AO2: 01保育所
A3: =+AK2&"年度施設型給付費等にかかる加算（調整）適用申請書（試算様式）" -> 2023年度施設型給付費等にかかる加算（調整）適用申請書（試算様式） | AJ3: ="-"&MID(AO2,3,1)&IFERROR(VLOOKUP($D$12,'施設状況(要更新)'!$F$4:$S$678,14,FALSE),"")&"_Ver."&TEXT(ver!$B$18,"#.00") -> -保_Ver.2.01 | AK3: =AK2+1 -> 2024 | AL3: 4 | AM3: 1 | AN3: 中央区 | AP3: ○ | AQ3: 申請する | AR3: その他 | AS3: 1 | AT3: =【様式５】職員数算出表!AP3 | AU3: 1 | AV3: 1 | AW3: 定員見直し | AX3: ①
W4: =VLOOKUP(I10,$AL$18:$AM$29,2,0) -> #N/A | AL4: 5 | AM4: 2 | AN4: 北区 | AP4: × | AQ4: 申請しない | AR4: 特児 | AS4: 2 | AT4: =【様式５】職員数算出表!AP4 | AU4: 2 | AV4: 2 | AW4: 受入人数見直し | AX4: ②
A5: （あて先）札幌市長 | AL5: 6 | AM5: 3 | AN5: 東区 | AS5: 3 | AU5: 3 | AV5: 3 | AX5: ③
P6: 法人名 | AL6: 7 | AM6: 4 | AN6: 白石区 | AS6: 3.5 | AU6: 4 | AV6: 4 | AX6: ④
P7: 代表者名 | AL7: 8 | AM7: 5 | AN7: 厚別区 | AS7: 4 | AU7: 5 | AV7: 5
A8: =+" "&AK2&"年度において、下記のとおり申請します。" -> 2023年度において、下記のとおり申請します。 | AL8: 9 | AM8: 6 | AN8: 豊平区 | AS8: 4.5 | AV8: 6
A9: Ⅰ 総括表 | AL9: 10 | AM9: 7 | AN9: 清田区 | AS9: 5 | AV9: 7
A10: 申請月 | D10: =IF(I10>=4,$AK$2,IF(AND($I$10>0,$I$10<=3),$AK$2+1,"")) | G10: 年 | L10: 月現在 | AL10: 11 | AM10: 8 | AN10: 南区 | AS10: 5.5 | AV10: 8
A11: 所在区 | AL11: 12 | AM11: 9 | AN11: 西区 | AS11: 6 | AV11: 9
A12: 施設名 | AL12: 1 | AM12: 10 | AN12: 手稲区 | AS12: 6.5 | AV12: 10
A13: 所在地 | AI13: 2号 | AJ13: 3号 | AL13: 2 | AM13: 11 | AS13: 7 | AV13: 11
A14: 利用定員 | D14: 本園 | F14: 2号 | J14: 名 | K14: 3号 | O14: 名 | P14: 合計 | R14: =H14+M14 -> 0 | T14: 名 | AI14: =VLOOKUP($D$12,'施設状況(要更新)'!$F$4:$R$678,7,FALSE) -> #N/A | AJ14: =VLOOKUP($D$12,'施設状況(要更新)'!$F$4:$R$678,10,FALSE)-AJ15 -> #N/A | AL14: 3 | AM14: 12 | AS14: 7.5 | AV14: 12
D15: 分園 | F15: 2号 | J15: 名 | K15: 3号 | O15: 名 | P15: 合計 | R15: =+H15+M15 -> 0 | T15: 名 | AI15: =VLOOKUP($D$12,'施設状況(要更新)'!$F$4:$R$678,12,FALSE) -> #N/A | AJ15: =VLOOKUP($D$12,'施設状況(要更新)'!$F$4:$R$678,11,FALSE)-$AI$15 -> #N/A | AL15: 0 | AM15: 0 | AS15: 8 | AV15: 13
A16: ↓【判定】…個票を入力することで、申請の有無に「〇」又は該当する区分が表示されます。 | AV16: 14
A17: No. | B17: 申請の有無 | F17: 加算・調整項目 | V17: 加算適用開始(変更)月 | Z17: 備考 | AI17: 適否判定 | AL17: 提出日 | AV17: 15
A18: 0 | B18: =AI18 -> × | F18: 基本配置職員 | AI18: =J54 -> × | AL18: 4 | AM18: 45084 | AV18: 16
A19: 基本加算部分 | V19: ↓加算適用を開始(変更)した月を入力してください。 | AI19: =VLOOKUP($I$10,$AL$3:$AM$15,2,FALSE) -> 0 | AL19: 5 | AM19: =AM18 -> 45084 | AV19: 17
A20: 1 | B20: =IFERROR(IF(AI20,AJ20,"適用月エラー"),"－") -> 適用月エラー | F20: 処遇改善等加算Ⅰ | V20: 4 | AI20: =VLOOKUP(V20,$AL$3:$AM$14,2,FALSE)<=$AI$19 -> FALSE | AJ20: =J70 -> × | AL20: 6 | AM20: =AM19 -> 45084 | AV20: 18
A21: 2 | B21: =IFERROR(IF(AI21,AJ21,"適用月エラー"),"－") -> 適用月エラー | F21: 3歳児配置改善加算 | V21: 4 | AI21: =VLOOKUP(V21,$AL$3:$AM$14,2,FALSE)<=$AI$19 -> FALSE | AJ21: =J75 -> × | AL21: 7 | AM21: 45175 | AV21: 19
A22: 3 | B22: =IFERROR(IF(AI22,AJ22,"適用月エラー"),"－") -> 適用月エラー | F22: 休日保育加算 | V22: 4 | AI22: =VLOOKUP(V22,$AL$3:$AM$14,2,FALSE)<=$AI$19 -> FALSE | AJ22: =J81 -> エラー | AL22: 8 | AM22: =AM21 -> 45175 | AV22: 20
A23: 4 | F23: 夜間保育加算 | Z23: 札幌市に適用施設はありません。 | AL23: 9 | AM23: =AM22 -> 45175 | AV23: 21
A24: 5 | B24: =IFERROR(IF(AI24,AJ24,"適用月エラー"),"－") -> 適用月エラー | F24: 減価償却費加算 | V24: 4 | Z24: 都市部 | AI24: =VLOOKUP(V24,$AL$3:$AM$14,2,FALSE)<=$AI$19 -> FALSE | AJ24: =J104 -> × | AL24: 10 | AM24: 45266 | AV24: 22
A25: 6 | B25: =IFERROR(IF(AI25,AJ25,"適用月エラー"),"－") -> 適用月エラー | F25: 賃借料加算 | V25: 4 | Z25: d地域-都市部 | AI25: =VLOOKUP(V25,$AL$3:$AM$14,2,FALSE)<=$AI$19 -> FALSE | AJ25: =J119 -> × | AL25: 11 | AM25: =AM24 -> 45266 | AV25: 23
A26: 7 | B26: =IFERROR(IF(AI26,AJ26,"適用月エラー"),"－") -> 適用月エラー | F26: チーム保育推進加算 | V26: 4 | AI26: =VLOOKUP(V26,$AL$3:$AM$14,2,FALSE)<=$AI$19 -> FALSE | AJ26: =J127 -> × | AL26: 12 | AM26: =AM25 -> 45266 | AV26: 24
A27: 8 | B27: ○ | F27: 副食費徴収免除加算(２号) | V27: =IF(DATE($AK$2,4,1)>=$AI$194,4,MONTH($AI$194)) -> 4 | Z27: 全月適用 | AL27: 1 | AM27: 44988 | AV27: 25
A28: 加減調整部分 | AL28: 2 | AM28: =AM27 -> 44988 | AV28: 26
A29: 9 | B29: =IFERROR(IF(AI29,AJ29,"適用月エラー"),AJ29) -> 適用月エラー | F29: 分園の場合（減算） | V29: 4 | AI29: =VLOOKUP(V29,$AL$3:$AM$14,2,FALSE)<=$AI$19 -> FALSE | AJ29: =J150 -> × | AL29: 3 | AM29: =AM28 -> 44988 | AV29: 27
A30: 10 | B30: =IFERROR(IF(AI30,AJ30,"適用月エラー"),AJ30) -> 適用月エラー | F30: 施設長を配置していない場合(減算） | V30: 4 | AI30: =VLOOKUP(V30,$AL$3:$AM$14,2,FALSE)<=$AI$19 -> FALSE | AJ30: =J153 -> ○ | AV30: 28
A31: 11 | B31: =IFERROR(IF(AI31,AJ31,"適用月エラー"),AJ31) -> × | F31: 土曜日に閉所する場合（前月分実績は備考欄に記載）(減算） | V31: =I10 -> 0 | Z31: =IF(I10=4,"","前月:"&F184) -> 前月:(変更無)全て → 全て | AI31: =VLOOKUP(V31,$AL$3:$AM$14,2,FALSE)<=$AI$19 -> #N/A | AJ31: =J179 -> × | AV31: 29
A32: 乗除調整部分 | AV32: 30
A33: 12 | B33: =IFERROR(IF(AI33,AJ33,"適用月エラー"),AJ33) -> 未入力エラー | F33: 定員を恒常的に超過する場合(減算） | V33: =IF(I10=0,0,4) -> 0 | Z33: =H218 -> エラー | AI33: =VLOOKUP(V33,$AL$3:$AM$14,2,FALSE)<=$AI$19 -> #N/A | AJ33: =J188 -> 未入力エラー | AV33: 31
A34: 特定加算部分
A35: 13 | B35: =IFERROR(IF(AI35,AJ35,"適用月エラー"),"－") -> 適用月エラー | F35: 主任保育士専任加算 | V35: 4 | AI35: =VLOOKUP(V35,$AL$3:$AM$14,2,FALSE)<=$AI$19 -> FALSE | AJ35: =J222 -> ×
A36: 14 | B36: =IFERROR(IF(AI36,AJ36,"適用月エラー"),"－") -> 適用月エラー | F36: 療育支援加算 | V36: 4 | AI36: =VLOOKUP(V36,$AL$3:$AM$14,2,FALSE)<=$AI$19 -> FALSE | AJ36: =J248 -> ×
A37: 15 | B37: =IFERROR(IF(AI37,AJ37,"適用月エラー"),"－") -> 適用月エラー | F37: 事務職員雇上費加算 | V37: 4 | AI37: =VLOOKUP(V37,$AL$3:$AM$14,2,FALSE)<=$AI$19 -> FALSE | AJ37: =J261 -> ×
A38: 16 | B38: =IFERROR(IF(AI38,AJ38,"適用月エラー"),"－") -> 適用月エラー | F38: 処遇改善等加算Ⅱ | V38: 4 | AI38: =VLOOKUP(V38,$AL$3:$AM$14,2,FALSE)<=$AI$19 -> FALSE | AJ38: =J288 -> ×
A39: 17 | B39: =IFERROR(IF(AI39,AJ39,"適用月エラー"),"－") -> 適用月エラー | F39: 処遇改善等加算Ⅲ | V39: 4 | AI39: =VLOOKUP(V39,$AL$3:$AM$14,2,FALSE)<=$AI$19 -> FALSE | AJ39: =J292 -> ×
A40: 18 | B40: =IFERROR(IF(AI40,AJ40,"適用月エラー"),"－") -> 適用月エラー | F40: 栄養管理加算 | V40: 4 | AI40: =VLOOKUP(V40,$AL$3:$AM$14,2,FALSE)<=$AI$19 -> FALSE | AJ40: =J296 -> ×
A41: 19 | B41: ○ | F41: 冷暖房費加算 | V41: =IF(DATE($AK$2,4,1)>=$AI$194,4,MONTH($AI$194)) -> 4 | Z41: 2級地
A42: 3月加算
A43: 20 | F43: 高齢者等活躍促進加算 | V43: 3月加算については、11月頃（締切は12月末）に3月加算用申請書を依頼いたします。
A44: 21 | F44: 施設機能強化推進費加算
A45: 22 | F45: 小学校接続加算
A46: 23 | F46: 第三者評価受審加算
A47: 24 | F47: 除雪費加算 | V47: 札幌市は対象外です。
A48: 25 | F48: 降灰除去費加算
A49: ※ 下記「Ⅱ 個票」については、『当該年度に始めて申請するとき』または『変更があるとき』のみ該当の加算分を作成をしてください（それ以外の場合は作成不要）。
A51: Ⅱ 個票
A52: ・「該当の有無」について、該当する場合は「○」を選択すること。
A53: ・「申請の有無」で申請するを選択し、加算要件等を全て満たしたうえで、添付書類を漏れなく添付した場合にのみ加算する。
A54: 0 基本配置職員 | J54: =IFERROR(IF(AND(AI56,AI60,AI64,AJ56,AJ60),"○","×"),"エラー") -> × | O54: （判定）
A55: 配置要件 （１～３の全てを配置すること） | F55: 項目 | AA55: 該当の有無 | AE55: 配置
F56: 1 | G56: 事務職員及び非常勤事務職員（①～③のうち一つを選択※1） | AA56: =IF(COUNTIF(AI57:AI59,TRUE)=1,"○","×") -> × | AE56: =【様式５】職員数算出表!O35 -> × | AI56: =AA56="○" -> FALSE | AJ56: =AE56="○" -> FALSE
F57: ① | H57: 非常勤事務 | AI57: =AA57="○" -> FALSE
F58: ② | H58: 園長等が兼務 | AI58: =AA58="○" -> FALSE
F59: ③ | H59: 業務委託している | AI59: =AA59="○" -> FALSE
F60: 2 | G60: 調理員（栄養士含む）（①～②のうち一つを選択※1） | AA60: =IF(COUNTIF(AI61:AI62,TRUE)=1,"○","×") -> × | AE60: =【様式５】職員数算出表!O31 -> × | AI60: =AA60="○" -> FALSE | AJ60: =AE60="○" -> FALSE
F61: ① | H61: 直接雇用による配置 | AI61: =AA61="○" -> FALSE
F62: ② | H62: 全部を業務委託又は搬入施設からの食事の搬入をしている | AI62: =AA62="○" -> FALSE
F63: ※ | I63: =IF(R15=0,"一部を委託している場合は不可","分園の場合のみ選択：給食を本園等から搬入している") -> 一部を委託している場合は不可 | AI63: =AA63="○" -> FALSE
F64: 3 | G64: 嘱託医、嘱託歯科医 | AA64: =IF(AI65,"○","×") -> × | AE64: =【様式５】職員数算出表!O41 -> × | AI64: =AA64="○" -> FALSE
F65: ① | H65: 配置している | AI65: =AA65="○" -> FALSE
A66: 添付書類 | F66: 様式2/様式5
A67: ※1 複数選ぶとエラーとなります
A68: ※2 施設長については、「施設長を配置していない場合」で確認
A70: 1 処遇改善等加算Ⅰ | J70: =IF(AI71,"○","×") -> × | O70: （判定）
A71: 申請の有無 | AI71: =F71="申請する" -> FALSE
A72: 別途、所定の様式により申請する。
A75: 2 3歳児配置改善加算 | J75: =IF(AND(AI76,AI78),"○","×") -> × | O75: （判定）
A76: 申請の有無 | AI76: =F76="申請する" -> FALSE
A77: 加算要件 | F77: 項目 | AA77: 該当の有無
F78: 職員配置を充足している（様式5） | AA78: =【様式５】職員数算出表!O42 -> - | AI78: =AA78="○" -> FALSE
A79: 添付書類 | F79: 様式2/様式5
A81: 3 休日保育加算 | J81: =IFERROR(IF(AND(AI83,AI85,AI89,AI90),TEXT(AD93,"#,##0#")&"人","×"),"エラー") -> エラー | O81: （判定）
A82: 毎月分提出する必要があります。
A83: 申請の有無 | AI83: =F83="申請する" -> FALSE
A84: 加算要件 (１～2の要件全てに該当し、かつ下記の利用児童数表を適切に記載した場合に加算) | F84: 項目 | AA84: 該当の有無
F85: 1 | G85: 休日等を含めて年間を通じて受け入れ態勢を確保している(①又は②のどちらかを満たすこと） | AA85: =IF(OR(AI86,AND(AI87,AI88)),"○","×") -> × | AI85: =AA85="○" -> FALSE
F86: ① | H86: 休日等を含めて年間を通じて開所している | AI86: =AA86="○" -> FALSE
F87: ② | H87: 共同保育※1により年間を通じて保育を提供する体制を確保している | AI87: =AA87="○" -> FALSE
H88: 共同保育施設名： | AI88: =N88<>0 -> FALSE
F89: 2 | G89: 対象子ども※2の年齢及び人数に応じて保育士を配置し、実施体制を整備している（別紙3） | AA89: ='(別紙3)休日'!$AC$5 -> #DIV/0! | AI89: =AA89="○" -> #DIV/0!
A90: 利用児童数表 | F90: 休日保育を今年度初めて実施する場合は○を選択すること➡ | AI90: =OR(AND(AI91,AI93),AND(AI92,AI93,AI94)) -> FALSE
F91: 4 | H91: 5 | J91: 6 | L91: 7 | N91: 8 | P91: 9 | R91: 10 | T91: 11 | V91: 12 | X91: 1 | Z91: 2 | AB91: 3 | AD91: 合計 | AI91: =AD90="○" -> FALSE
A92: 前年度延べ利用子ども数※3、4、5（実績） | AD92: =IF(AD90="○","",SUM(F92:AC92)) -> 0 | AI92: =AD92>0 -> FALSE
A93: 当年度延べ利用子ども数※3、4、5（見込） （直接入力可能） | F93: =F92 -> 0 | H93: =H92 -> 0 | J93: =J92 -> 0 | L93: =L92 -> 0 | N93: =N92 -> 0 | P93: =P92 -> 0 | R93: =R92 -> 0 | T93: =T92 -> 0 | V93: =V92 -> 0 | X93: =X92 -> 0 | Z93: =Z92 -> 0 | AB93: =AB92 -> 0 | AD93: =SUM(F93:AC93) -> 0 | AI93: =AD93>0 -> FALSE
A94: 前年度実績によらない場合は理由を記載※6 | AI94: =OR(AND(IFERROR(ROUND((AD93/AD92-1)*100,0),0)>=10,F94<>0),IFERROR(ROUND((AD93/AD92-1)*100,0),0)<10) -> TRUE
A95: 添付書類 | F95: ① 別紙３/様式５（毎月作成）
F96: ② 共同保育実施施設は、共同保育により年間を通じて開所する場合の実施要綱や運営規定
A97: ※1 休日保育に係り共同保育が実施できる施設は、保育所、幼稚園、認定こども園、地域型保育事業所（居宅訪問型保育事業所は除く）、企業主導型保育施設のみ。ただし、いずれも事前に札幌市子ども未来局に届出を行い事前に許可されていること
A98: ※2 対象となる子どもは、原則、休日等に常態的に保育を必要とする保育認定子どもであること
A99: ※3 延べ利用子ども数は、1人の子どもが月4日利用した場合は4名と計算すること
A100: ※4 休日延べ利用子ども数には、休日等に当該休日保育対象施設を利用する休日保育対象施設以外の特定教育・保育施設又は特定地域型保育事業を利用する子どもを含むこと
A101: ※5 共同保育を実施する場合は、実施する各施設の休日延べ利用子ども数の見込み数を含めること
A102: ※6 前年度の平均人数や、一昨年以前の実績を元に算出することとし、今年度の申込状況等に応じた見込とすることはできない
A104: 5 減価償却費加算 | J104: =IF(AND(AI105,AI107,AI108,OR(AI109,AI110),AI114),"○","×") -> × | O104: （判定）
A105: 申請の有無 | AI105: =F105="申請する" -> FALSE
A106: 加算要件 (１～４の要件全てに該当する場合に加算) | F106: 項目 | AA106: 該当の有無
...

Sheet (別紙１)施設長設置
A1: 別紙１（「減算：施設長を設置していない場合」の添付書類） | E1: =$I$2&"別紙1-1"&$I$3 -> 加-23_月申-別紙1-1-保_Ver.2.01 | I1: 様式名
I2: =【様式１】総括表・個票!$AJ$2 -> 加-23_月申-
A3: １ 所長の経歴 | I3: =【様式１】総括表・個票!$AJ$3 -> -保_Ver.2.01
A4: 基本情報 | B4: 項目 | C4: 入力欄
B5: 氏名
B6: 生年月日
B7: 年齢
B8: 住所
A9: 学歴 | B9: 年月日 | C9: 学校名と入学・中退・卒業等を記載
A20: 職歴 | B20: 年月日 | C20: 会社名と経歴等を記載
C40: 現施設の施設長に就任～現在に至る
A41: 資格 | B41: 取得年月日 | C41: 資格名等を記載
A53: ２ 同一又は系列園での施設長の重複確認
A54: ・同一又は系列法人内で運営する施設及び事業について全て記載すること。
A55: ・施設の認可の有無は問わない(認可・認可外施設全て含んで、園長を兼務しているかどうかを確認します。)。
A56: No. | B56: 施設名・事業名 | C56: 施設長名 | E56: No. | F56: 施設名・事業名 | G56: 施設長名
A57: 1 | B57: =CONCATENATE(【様式１】総括表・個票!D12) | C57: =CONCATENATE(C5) | E57: 51
A58: 2 | E58: 52
A59: 3 | E59: 53
A60: 4 | E60: 54
A61: 5 | E61: 55
A62: 6 | E62: 56
A63: 7 | E63: 57
A64: 8 | E64: 58
A65: 9 | E65: 59
A66: 10 | E66: 60
A67: 11 | E67: 61
A68: 12 | E68: 62
A69: 13 | E69: 63
... A106: 50 | E106: 100

Sheet (別紙2)土曜閉所
A1: 別紙２（「減算：土曜日に閉所する場合」の添付書類） | F1: =J2&"別紙2"&J3 -> 加-23_月申-別紙2-保_Ver.2.01 | J1: 様式名 | K1: 選択
A2: 毎月分作成する必要があります。また、前月実績の区分が変更となった場合は、前月に遡及して減算を適用します。 | J2: =【様式１】総括表・個票!$AJ$2 -> 加-23_月申-
A3: １ 当該月の利用見込み | C3: =DATE(K4,M4,1) -> #VALUE! | J3: =【様式１】総括表・個票!$AJ$3 -> -保_Ver.2.01 | K3: ○
B4: 土曜日 | C4: 日にち | D4: 平日/祝日 | E4: 利用児童数（見込） | F4: 減算 | K4: =【様式１】総括表・個票!D10 | L4: 年 | M4: =【様式１】総括表・個票!I10 -> 0 | N4: 月
B5: 1 | C5: =HLOOKUP($B5,$K$6:$AO$7,2,FALSE) -> #N/A | D5: =IF(C5="無","×",IF(HLOOKUP($B5,$K$6:$AO$8,3,FALSE)="○","祝日",IF($A5="○","特例","平日"))) -> #N/A | F5: =IF(AND($D5="平日",OR($E5=0,ISTEXT($E5))),"○",IF(AND($D5<>"平日",E5>0),"エラー","")) -> #N/A | J5: 土曜日 | K5: =IF(K7<>"",IF(WEEKDAY(DATE($K$4,$M$4,K$7))=7,1,0),0) -> #VALUE! | L5: =IF(L7<>"",IF(WEEKDAY(DATE($K$4,$M$4,L$7))=7,1,0),0) -> #VALUE! | M5: =IF(M7<>"",IF(WEEKDAY(DATE($K$4,$M$4,M$7))=7,1,0),0) -> #VALUE! | N5: =IF(N7<>"",IF(WEEKDAY(DATE($K$4,$M$4,N$7))=7,1,0),0) -> #VALUE! | O5: =IF(O7<>"",IF(WEEKDAY(DATE($K$4,$M$4,O$7))=7,1,0),0) -> #VALUE! | P5: =IF(P7<>"",IF(WEEKDAY(DATE($K$4,$M$4,P$7))=7,1,0),0) -> #VALUE! | Q5: =IF(Q7<>"",IF(WEEKDAY(DATE($K$4,$M$4,Q$7))=7,1,0),0) -> #VALUE! | R5: =IF(R7<>"",IF(WEEKDAY(DATE($K$4,$M$4,R$7))=7,1,0),0) -> #VALUE! | ... AO5: =IF(AO7<>"",IF(WEEKDAY(DATE($K$4,$M$4,AO$7))=7,1,0),0) -> 0
B6: 2 | C6: =HLOOKUP($B6,$K$6:$AO$7,2,FALSE) -> #N/A | D6: =IF(C6="無","×",IF(HLOOKUP($B6,$K$6:$AO$8,3,FALSE)="○","祝日",IF($A6="○","特例","平日"))) -> #N/A | F6: =IF(AND($D6="平日",OR($E6=0,ISTEXT($E6))),"○",IF(AND($D6<>"平日",E6>0),"エラー","")) -> #N/A | J6: 土曜順 | K6: =IF(K5<>1,0,COUNTIF($K$5:K5,1)) -> #VALUE! | L6: =IF(L5<>1,0,COUNTIF($K$5:L5,1)) -> #VALUE! | M6: =IF(M5<>1,0,COUNTIF($K$5:M5,1)) -> #VALUE! | N6: =IF(N5<>1,0,COUNTIF($K$5:N5,1)) -> #VALUE! | O6: =IF(O5<>1,0,COUNTIF($K$5:O5,1)) -> #VALUE! | P6: =IF(P5<>1,0,COUNTIF($K$5:P5,1)) -> #VALUE! | Q6: =IF(Q5<>1,0,COUNTIF($K$5:Q5,1)) -> #VALUE! | R6: =IF(R5<>1,0,COUNTIF($K$5:R5,1)) -> #VALUE! | ... AO6: =IF(AO5<>1,0,COUNTIF($K$5:AO5,1)) -> 0
B7: 3 | C7: =HLOOKUP($B7,$K$6:$AO$7,2,FALSE) -> #N/A | D7: =IF(C7="無","×",IF(HLOOKUP($B7,$K$6:$AO$8,3,FALSE)="○","祝日",IF($A7="○","特例","平日"))) -> #N/A | F7: =IF(AND($D7="平日",OR($E7=0,ISTEXT($E7))),"○",IF(AND($D7<>"平日",E7>0),"エラー","")) -> #N/A | J7: 日にち | K7: 1 | L7: 2 | M7: 3 | N7: 4 | O7: 5 | P7: 6 | Q7: 7 | R7: 8 | S7: 9 | T7: 10 | U7: 11 | V7: 12 | W7: 13 | X7: 14 | Y7: 15 | Z7: 16 | AA7: 17 | AB7: 18 | AC7: 19 | AD7: 20 | AE7: 21 | AF7: 22 | AG7: 23 | AH7: 24 | AI7: 25 | AJ7: 26 | AK7: 27 | AL7: 28 | AM7: =IF(MONTH(DATE(K4,M4,AL7+1))=M4,AL7+1,"") -> #VALUE! | AN7: =IF(M4<>2,IF(AM7<>"",AM7+1,""),"") -> #VALUE! | AO7: =IF(OR(M4=1,M4=3,M4=5,M4=7,M4=8,M4=10,M4=12),AN7+1,"")
B8: 4 | C8: =HLOOKUP($B8,$K$6:$AO$7,2,FALSE) -> #N/A | D8: =IF(C8="無","×",IF(HLOOKUP($B8,$K$6:$AO$8,3,FALSE)="○","祝日",IF($A8="○","特例","平日"))) -> #N/A | F8: =IF(AND($D8="平日",OR($E8=0,ISTEXT($E8))),"○",IF(AND($D8<>"平日",E8>0),"エラー","")) -> #N/A | J8: 祝・休日 | K8: =IF(K7<>"",IF(OR(WEEKDAY(DATE($K$4,$M$4,K$7),2)>6,COUNTIF('休日情報(要更新)'!$A$5:$J$32,DATE($K$4,$M$4,K$7)) >=1),"○",""),"") -> #VALUE! | L8: =IF(L7<>"",IF(OR(WEEKDAY(DATE($K$4,$M$4,L$7),2)>6,COUNTIF('休日情報(要更新)'!$A$5:$J$32,DATE($K$4,$M$4,L$7)) >=1),"○",""),"") -> #VALUE! | M8: =IF(M7<>"",IF(OR(WEEKDAY(DATE($K$4,$M$4,M$7),2)>6,COUNTIF('休日情報(要更新)'!$A$5:$J$32,DATE($K$4,$M$4,M$7)) >=1),"○",""),"") -> #VALUE! | N8: =IF(N7<>"",IF(OR(WEEKDAY(DATE($K$4,$M$4,N$7),2)>6,COUNTIF('休日情報(要更新)'!$A$5:$J$32,DATE($K$4,$M$4,N$7)) >=1),"○",""),"") -> #VALUE! | O8: =IF(O7<>"",IF(OR(WEEKDAY(DATE($K$4,$M$4,O$7),2)>6,COUNTIF('休日情報(要更新)'!$A$5:$J$32,DATE($K$4,$M$4,O$7)) >=1),"○",""),"") -> #VALUE! | P8: =IF(P7<>"",IF(OR(WEEKDAY(DATE($K$4,$M$4,P$7),2)>6,COUNTIF('休日情報(要更新)'!$A$5:$J$32,DATE($K$4,$M$4,P$7)) >=1),"○",""),"") -> #VALUE! | Q8: =IF(Q7<>"",IF(OR(WEEKDAY(DATE($K$4,$M$4,Q$7),2)>6,COUNTIF('休日情報(要更新)'!$A$5:$J$32,DATE($K$4,$M$4,Q$7)) >=1),"○",""),"") -> #VALUE! | R8: =IF(R7<>"",IF(OR(WEEKDAY(DATE($K$4,$M$4,R$7),2)>6,COUNTIF('休日情報(要更新)'!$A$5:$J$32,DATE($K$4,$M$4,R$7)) >=1),"○",""),"") -> #VALUE! | ... AO8: =IF(AO7<>"",IF(OR(WEEKDAY(DATE($K$4,$M$4,AO$7),2)>6,COUNTIF('休日情報(要更新)'!$A$5:$J$32,DATE($K$4,$M$4,AO$7)) >=1),"○",""),"")
B9: 5 | C9: =IF(ISERROR(HLOOKUP($B9,$K$6:$AO$7,2,FALSE)),"無",HLOOKUP($B9,$K$6:$AO$7,2,FALSE)) -> 無 | D9: =IF(C9="無","×",IF(HLOOKUP($B9,$K$6:$AO$8,3,FALSE)="○","祝日",IF($A9="○","特例","平日"))) -> × | F9: =IF(AND($D9="平日",OR($E9=0,ISTEXT($E9))),"○",IF(AND($D9<>"平日",E9>0),"エラー",""))
A10: 計 | D10: =COUNTIF(D5:D9,"平日")+COUNTIF(D5:D9,"特例") -> 0 | F10: =COUNTIF(F5:F9,"○") -> 0
B11: 減算区分： | C11: =IF(F10=D10,"全て",IF(F10>=3,"3日以上",IF(F10=2,"2日",IF(F10=1,"1日","×")))) -> 全て
K12: =YEAR(DATE($K$4,$M$4,1)-1) -> #VALUE! | L12: 年 | M12: =MONTH(DATE($K$4,$M$4,1)-1) -> #VALUE! | N12: 月
A13: 2 前月の利用実績 | C13: =C3-1 -> #VALUE! | J13: 土曜日 | K13: =IF(K15<>"",IF(WEEKDAY(DATE($K$12,$M$12,K$15))=7,1,0),0) -> #VALUE! | L13: =IF(L15<>"",IF(WEEKDAY(DATE($K$12,$M$12,L$15))=7,1,0),0) -> #VALUE! | M13: =IF(M15<>"",IF(WEEKDAY(DATE($K$12,$M$12,M$15))=7,1,0),0) -> #VALUE! | N13: =IF(N15<>"",IF(WEEKDAY(DATE($K$12,$M$12,N$15))=7,1,0),0) -> #VALUE! | O13: =IF(O15<>"",IF(WEEKDAY(DATE($K$12,$M$12,O$15))=7,1,0),0) -> #VALUE! | P13: =IF(P15<>"",IF(WEEKDAY(DATE($K$12,$M$12,P$15))=7,1,0),0) -> #VALUE! | Q13: =IF(Q15<>"",IF(WEEKDAY(DATE($K$12,$M$12,Q$15))=7,1,0),0) -> #VALUE! | R13: =IF(R15<>"",IF(WEEKDAY(DATE($K$12,$M$12,R$15))=7,1,0),0) -> #VALUE! | ... AO13: =IF(AO15<>"",IF(WEEKDAY(DATE($K$12,$M$12,AO$15))=7,1,0),0) -> #VALUE!
B14: 土曜日 | C14: 日にち | D14: 平日/祝日 | E14: 利用児童数（見込） | F14: 減算(見込) | G14: 利用児童数（実績） | H14: 減算(実績) | J14: 土曜順 | K14: =IF(K13<>1,0,COUNTIF($K$13:K13,1)) -> #VALUE! | L14: =IF(L13<>1,0,COUNTIF($K$13:L13,1)) -> #VALUE! | M14: =IF(M13<>1,0,COUNTIF($K$13:M13,1)) -> #VALUE! | N14: =IF(N13<>1,0,COUNTIF($K$13:N13,1)) -> #VALUE! | O14: =IF(O13<>1,0,COUNTIF($K$13:O13,1)) -> #VALUE! | P14: =IF(P13<>1,0,COUNTIF($K$13:P13,1)) -> #VALUE! | Q14: =IF(Q13<>1,0,COUNTIF($K$13:Q13,1)) -> #VALUE! | R14: =IF(R13<>1,0,COUNTIF($K$13:R13,1)) -> #VALUE! | ... AO14: =IF(AO13<>1,0,COUNTIF($K$13:AO13,1)) -> #VALUE!
B15: 1 | C15: =HLOOKUP($B15,$K$14:$AO$15,2,FALSE) -> #N/A | D15: =IF(C15="無","×",IF(HLOOKUP($B15,$K$14:$AO$16,3,FALSE)="○","祝日",IF($A15="○","特例","平日"))) -> #N/A | F15: =IF(AND($D15="平日",OR($E15=0,ISTEXT($E15))),"○",IF(AND($D15<>"平日",E15>0),"エラー","")) -> #N/A | H15: =IF(AND($D15="平日",OR($G15=0,ISTEXT($G15))),"○",IF(AND($D15<>"平日",$G15>0),"エラー","")) -> #N/A | J15: 日にち | K15: 1 | L15: 2 | M15: 3 | N15: 4 | O15: 5 | P15: 6 | Q15: 7 | R15: 8 | S15: 9 | T15: 10 | U15: 11 | V15: 12 | W15: 13 | X15: 14 | Y15: 15 | Z15: 16 | AA15: 17 | AB15: 18 | AC15: 19 | AD15: 20 | AE15: 21 | AF15: 22 | AG15: 23 | AH15: 24 | AI15: 25 | AJ15: 26 | AK15: 27 | AL15: 28 | AM15: =IF(MONTH(DATE(K12,M12,AL15+1))=M12,AL15+1,"") -> #VALUE! | AN15: =IF(M12<>2,IF(AM15<>"",AM15+1,""),"") -> #VALUE! | AO15: =IF(OR(M12=1,M12=3,M12=5,M12=7,M12=8,M12=10,M12=12),AN15+1,"") -> #VALUE!
B16: 2 | C16: =HLOOKUP($B16,$K$14:$AO$15,2,FALSE) -> #N/A | D16: =IF(C16="無","×",IF(HLOOKUP($B16,$K$14:$AO$16,3,FALSE)="○","祝日",IF($A16="○","特例","平日"))) -> #N/A | F16: =IF(AND($D16="平日",OR($E16=0,ISTEXT($E16))),"○",IF(AND($D16<>"平日",E16>0),"エラー","")) -> #N/A | H16: =IF(AND($D16="平日",OR($G16=0,ISTEXT($G16))),"○",IF(AND($D16<>"平日",$G16>0),"エラー","")) -> #N/A | J16: 祝・休日 | K16: =IF(K15<>"",IF(OR(WEEKDAY(DATE($K$12,$M$12,K$15),2)>6,COUNTIF('休日情報(要更新)'!$A$5:$J$32,DATE($K$12,$M$12,K$15)) >=1),"○",""),"") -> #VALUE! | L16: =IF(L15<>"",IF(OR(WEEKDAY(DATE($K$12,$M$12,L$15),2)>6,COUNTIF('休日情報(要更新)'!$A$5:$J$32,DATE($K$12,$M$12,L$15)) >=1),"○",""),"") -> #VALUE! | M16: =IF(M15<>"",IF(OR(WEEKDAY(DATE($K$12,$M$12,M$15),2)>6,COUNTIF('休日情報(要更新)'!$A$5:$J$32,DATE($K$12,$M$12,M$15)) >=1),"○",""),"") -> #VALUE! | N16: =IF(N15<>"",IF(OR(WEEKDAY(DATE($K$12,$M$12,N$15),2)>6,COUNTIF('休日情報(要更新)'!$A$5:$J$32,DATE($K$12,$M$12,N$15)) >=1),"○",""),"") -> #VALUE! | O16: =IF(O15<>"",IF(OR(WEEKDAY(DATE($K$12,$M$12,O$15),2)>6,COUNTIF('休日情報(要更新)'!$A$5:$J$32,DATE($K$12,$M$12,O$15)) >=1),"○",""),"") -> #VALUE! | P16: =IF(P15<>"",IF(OR(WEEKDAY(DATE($K$12,$M$12,P$15),2)>6,COUNTIF('休日情報(要更新)'!$A$5:$J$32,DATE($K$12,$M$12,P$15)) >=1),"○",""),"") -> #VALUE! | Q16: =IF(Q15<>"",IF(OR(WEEKDAY(DATE($K$12,$M$12,Q$15),2)>6,COUNTIF('休日情報(要更新)'!$A$5:$J$32,DATE($K$12,$M$12,Q$15)) >=1),"○",""),"") -> #VALUE! | R16: =IF(R15<>"",IF(OR(WEEKDAY(DATE($K$12,$M$12,R$15),2)>6,COUNTIF('休日情報(要更新)'!$A$5:$J$32,DATE($K$12,$M$12,R$15)) >=1),"○",""),"") -> #VALUE! | ... AO16: =IF(AO15<>"",IF(OR(WEEKDAY(DATE($K$12,$M$12,AO$15),2)>6,COUNTIF('休日情報(要更新)'!$A$5:$J$32,DATE($K$12,$M$12,AO$15)) >=1),"○",""),"") -> #VALUE!
B17: 3 | C17: =HLOOKUP($B17,$K$14:$AO$15,2,FALSE) -> #N/A | D17: =IF(C17="無","×",IF(HLOOKUP($B17,$K$14:$AO$16,3,FALSE)="○","祝日",IF($A17="○","特例","平日"))) -> #N/A | F17: =IF(AND($D17="平日",OR($E17=0,ISTEXT($E17))),"○",IF(AND($D17<>"平日",E17>0),"エラー","")) -> #N/A | H17: =IF(AND($D17="平日",OR($G17=0,ISTEXT($G17))),"○",IF(AND($D17<>"平日",$G17>0),"エラー","")) -> #N/A
B18: 4 | C18: =HLOOKUP($B18,$K$14:$AO$15,2,FALSE) -> #N/A | D18: =IF(C18="無","×",IF(HLOOKUP($B18,$K$14:$AO$16,3,FALSE)="○","祝日",IF($A18="○","特例","平日"))) -> #N/A | F18: =IF(AND($D18="平日",OR($E18=0,ISTEXT($E18))),"○",IF(AND($D18<>"平日",E18>0),"エラー","")) -> #N/A | H18: =IF(AND($D18="平日",OR($G18=0,ISTEXT($G18))),"○",IF(AND($D18<>"平日",$G18>0),"エラー","")) -> #N/A
B19: 5 | C19: =IF(ISERROR(HLOOKUP($B19,$K$14:$AO$15,2,FALSE)),"無",HLOOKUP($B19,$K$14:$AO$15,2,FALSE)) -> 無 | D19: =IF(C19="無","×",IF(HLOOKUP($B19,$K$14:$AO$16,3,FALSE)="○","祝日",IF($A19="○","特例","平日"))) -> × | F19: =IF(AND($D19="平日",OR($E19=0,ISTEXT($E19))),"○",IF(AND($D19<>"平日",E19>0),"エラー","")) | H19: =IF(AND($D19="平日",OR($G19=0,ISTEXT($G19))),"○",IF(AND($D19<>"平日",$G19>0),"エラー",""))
A20: 計 | D20: =COUNTIF(D15:D19,"平日")+COUNTIF(D15:D19,"特例") -> 0 | F20: =COUNTIF(F15:F19,"○") -> 0 | H20: =COUNTIF(H15:H19,"○") -> 0
B22: 減算区分(見込)： | C22: =IF(F20=D20,"全て",IF(F20>=3,"3日以上",IF(F20=2,"2日",IF(F20=1,"1日","×")))) -> 全て | D22: → | E22: 減算区分(実績)： | F22: =IF(D20=H20,"全て",IF(H20>=3,"3日以上",IF(H20=2,"2日",IF(H20=1,"1日","×")))) -> 全て | G22: =IF(J22,"(変更無)","(変更有)") -> (変更無) | J22: =F22=C22 -> TRUE
A24: ※1 利用児童について、延長保育、一時保育を含めないこと。
A25: ※2 他の保育所等との共同保育により、利用希望者の保育を確保・実施した場合は利用児童数に含めること。 ただし、共同保育により相手施設から受け入れた児童数は含めないこと。
A27: ※3 利用児童数(実績)について、当日キャンセルの児童は含めて良い(前日キャンセルは不可)。なお、運動会等による行事開催が当日キャンセルになった場合も保護者の希望があれば保育を実施する必要があることに留意すること。
A29: ※4 年末年始の閉園日（12/29～31、1/2～3）に土曜日が含まれる場合は祝日扱いとします。

Sheet (別紙3)休日
A1: 別紙３（「加算：休日保育加算」の添付書類） | R1: =AC2&"別紙3"&AC3 -> 加-23_月申-別紙3-保_Ver.2.01 | AC1: 様式名 | AD1: 時 | AE1: 分 | AF1: 給食 | AG1: 料金単位 | AH1: 体制 | AI1: 給与 | AJ1: 常勤・非常勤 | AK1: 回答 | AL1: 各月見込
A2: 毎月分作成する必要があります。 | AC2: =【様式１】総括表・個票!$AJ$2 -> 加-23_月申-
AC3: =【様式１】総括表・個票!$AJ$3 -> -保_Ver.2.01 | AD3: 0 | AE3: 0 | AF3: 実施している | AG3: １時間当たり | AH3: 平日勤務の職員によるシフト制 | AI3: 全て通常給与 | AJ3: 常勤 | AK3: はい | AL3: =【様式１】総括表・個票!F93 -> 0
A4: 実施計画 | AC4: 判定 | AD4: 1 | AE4: 15 | AF4: 実施していない | AG4: １日当たり | AH4: 休日保育専従職員配置 | AI4: 全て超過勤務 | AJ4: 非常勤 | AK4: いいえ | AL4: =【様式１】総括表・個票!H93 -> 0
A5: No. | D5: 項目 | L5: 内容 | Z5: 判定 | AC5: =IF(AND(AC6,AC7,AC9,AC11,AC13,AC15,AC20,AC21,AC24),"○","×") -> #DIV/0! | AD5: 2 | AE5: 30 | AG5: １月当たり | AI5: 通常給与と超過勤務の混合 | AL5: =【様式１】総括表・個票!J93 -> 0
A6: 1 | D6: 実施日 | L6: 日曜日、祝日 | Z6: ○ | AC6: =Z6="○" -> TRUE | AD6: 3 | AE6: 45 | AG6: その他（ ） | AL6: =【様式１】総括表・個票!L93 -> 0
A7: 2 | D7: 時間帯 | H7: 標準時間 | N7: 時 | Q7: 分 | R7: ～ | V7: 時 | Y7: 分 | Z7: =IF(AND(L7<>"",O7<>"",T7<>"",W7<>"",L8<>"",O8<>"",T8<>"",W8<>""),"○","×") -> × | AC7: =Z7="○" -> FALSE | AD7: 4 | AL7: =【様式１】総括表・個票!N93 -> 0
H8: 短時間 | N8: 時 | Q8: 分 | R8: ～ | V8: 時 | Y8: 分 | AD8: 5 | AL8: =【様式１】総括表・個票!P93 -> 0
A9: 3 | D9: 利用児童数 | L9: 年間見込 | S9: =【様式１】総括表・個票!AD93 -> 0 | Y9: 人 | Z9: ○ | AC9: =Z9="○" -> TRUE | AD9: 6 | AL9: =【様式１】総括表・個票!R93 -> 0
A10: 4 | D10: 給食 （間食） | H10: 実施 | Z10: =IF(AND(L10="実施している",L11<>""),"○","×") -> × | AD10: 7 | AL10: =【様式１】総括表・個票!T93 -> 0
H11: 料金 | Y11: 円/食 | AC11: =Z10="○" -> FALSE | AD11: 8 | AL11: =【様式１】総括表・個票!V93 -> 0
A12: 5 | D12: 料金 | H12: 単位 | Z12: =IF(AND(L12<>"",L13<>""),"○","×") -> × | AD12: 9 | AL12: =【様式１】総括表・個票!X93 -> 0
H13: 金額 | Y13: 円 | AC13: =Z12="○" -> FALSE | AD13: 10 | AL13: =【様式１】総括表・個票!Z93 -> 0
A14: 6 | D14: 職員体制 | H14: 体制 | Z14: =IF(AND(L14<>"",L15<>""),"○","×") -> × | AD14: 11 | AL14: =【様式１】総括表・個票!AB93 -> 0
H15: 給与区分 | AC15: =Z14="○" -> FALSE | AD15: 12 | AL15: 今月は
AD16: 13 | AL16: =HLOOKUP(【様式１】総括表・個票!$I$10,【様式１】総括表・個票!$F$91:$AC$93,3,FALSE) -> #N/A
A17: 必要保育士数について | AD17: 14
A18: No. | D18: 確認事項 | T18: 回答 | Z18: 判定 | AD18: 15
A19: 1 | D19: 常時2名以上を配置している | Z19: =IF(T19="はい","○","×") -> × | AD19: 16
A20: 2 | D20: 児童福祉施設設備運営基準第33条第２項及び附則第94条から第97条、児童福祉施設最低基準の一部を改正する省令附則第２条の規定を確認している | Z20: =IF(T20="はい","○","×") -> × | AC20: =Z19="○" -> FALSE | AD20: 17
AC21: =Z20="○" -> FALSE | AD21: 18
AD22: 19
A23: 3 | D23: 延べ利用子ども数（見込）の年齢及び人数に応じて保育士を配置している | Z23: =IF(W32>=Q32,"○","×") -> #DIV/0! | AD23: 20
E24: ="＜"&【様式１】総括表・個票!I10&"月分＞" -> ＜月分＞ | AC24: =Z23="○" -> #DIV/0! | AD24: 21
E25: ="【様式１】個票３の延べ利用子ども数"&【様式１】総括表・個票!$I$10&"月分の内訳（計"&$AL$16&"名）" -> #N/A | N25: 配置基準 | Q25: 必要職員数 | T25: 配置職員 （常勤換算数） | AD25: 22
AD26: 23
E28: 乳児 | M28: 名 | N28: 3：1 | Q28: =ROUNDDOWN(I28/3/25,2) -> 0 | S28: 名 | T28: 通常給与対応分 | W28: =【様式５】職員数算出表!L152 -> 0 | Y28: 名
E29: 1.2歳児 | M29: 名 | N29: 6：1 | Q29: =ROUNDDOWN(I29/6/25,2) -> 0 | S29: 名 | Z29: （ア）
E30: ３歳児 | M30: 名 | N30: 20：1 | Q30: =ROUNDDOWN(I30/20/25,2) -> 0 | S30: 名 | T30: 超過勤務対応分 | W30: =V54 -> #DIV/0! | Y30: 名
E31: ４歳以上児 | M31: 名 | N31: 30：1 | Q31: =ROUNDDOWN(I31/30/25,2) -> 0 | S31: 名 | Z31: （イ）
E32: 計 | I32: =SUM(I28:L31) -> 0 | M32: 名 | Q32: =IF(ROUND(SUM(Q28:R31),1)<0.5,0.5,ROUND(SUM(Q28:R31),1)) -> 0.5 | S32: 名 | W32: =SUM(W28:X31) -> #DIV/0! | Y32: 名
E33: エラー：延べ利用子ども数（見込）を個票と一致させてください。
E34: ※必要職員数の下限は0.5名です。
E35: （ア） | G35: 配置職員（通常給与による対応） | S35: 様式５より引用
E37: （イ） | G37: 配置職員（超過勤務による対応）
E38: No. | G38: 常勤・非常勤 | K38: 氏名 | R38: 月当たりの超過勤務対応時間
E39: 1
E40: 2
E41: 3
E42: 4
E43: 5
E44: 6
E45: 7
E46: 8
E47: 9
E48: 10
E49: 11
E50: 12
... E53: 15
E54: 計 | K54: =SUM(R39:Y53) -> 0 | Q54: 時間 | S54: 常勤換算数 | V54: =K54/【様式2】職員名簿!F5 -> #DIV/0! | Y54: 名

Sheet (別紙6)定員超過
A1: 別紙６‐１（「減算：定員を恒常的に超過する場合」の添付書類） | L1: =$R$2&"別紙6-1"&$R$3 -> 加-23_月申-別紙6-1-保_Ver.2.01 | R1: 様式名 | S1: 月 | T1: 年度
L2: =DATE(【様式１】総括表・個票!S213,【様式１】総括表・個票!X213,【様式１】総括表・個票!AA213) -> #NUM! | R2: =【様式１】総括表・個票!$AJ$2 -> 加-23_月申- | T2: =【様式１】総括表・個票!$AK$2 -> 2023
R3: =【様式１】総括表・個票!$AJ$3 -> -保_Ver.2.01 | S3: 4
B4: 札幌市子ども未来局支援制度担当部長 宛 | S4: 5
S5: 6
I6: 申出者 | J6: 法人名 | K6: =CONCATENATE(【様式１】総括表・個票!S6) | S6: 7
J7: 代表者 | K7: =CONCATENATE(【様式１】総括表・個票!S7) | S7: 8
S8: 9
S9: 10
D10: ２・３号利用定員の恒常的な超過の解消に関する申出書 | S10: 11
S11: 1
A12: =" 保育の提供について、５年度間常に２・３号認定こどもの利用定員を超えており、かつ、年間平均在所率が120%以上の状態にありましたが、"&【様式１】総括表・個票!AK2&"年度についてはこの状態を解消できる見込みであるため、下記のとおり申し出いたします。" -> 保育の提供について、５年度間常に２・３号認定こどもの利用定員を超えており、かつ、年間平均在所率が120%以上の状態にありましたが、2023年度についてはこの状態を解消できる見込みであるため、下記のとおり申し出いたします。 | S12: 2
S13: 3
A16: 記
A18: １ 施設名
B19: =【様式１】総括表・個票!D12 -> 0
A21: ２ 見直した区分
B22: =CONCATENATE(【様式１】総括表・個票!S214) | R22: =IF(B22<>"","○","")
B24: (1) 定員
B25: =IF($R$22="○","見直し前","定員") -> 定員 | D25: =SUM(【様式１】総括表・個票!R14:S15) -> 0 | F25: 人 | R25: =D25 -> 0
B26: =IF($R$22="○","見直し後","") | F26: =IF($R$22="○","人","") | G26: =IF($R$22="○","（見直した月","") | L26: =IF($R$22="○","月）","") | R26: =IF(D26="",R25,D26) -> 0 | S26: =IF(OR(J26="",J26=0),12,IF(J26>=4,J26-3,J26+9)) -> 12
B28: (2) 利用初日児童数（予定）
B29: 以下のとおり年間平均在所率が基準を越えることが無いように保育を提供いたします。
B30: また、年間平均在所率が120%以上となった場合は、減算適用に従います。 | R30: 4月 | S30: 5月 | T30: 6月 | U30: 7月 | V30: 8月 | W30: 9月 | X30: 10月 | Y30: 11月 | Z30: 12月 | AA30: 1月 | AB30: 2月 | AC30: 3月
B31: 2・3号 | D31: 4月 | E31: 5月 | F31: 6月 | G31: 7月 | H31: 8月 | I31: 9月 | J31: 10月 | K31: 11月 | L31: 12月 | M31: 1月 | N31: 2月 | O31: 3月 | P31: 計 | R31: 1 | S31: 2 | T31: 3 | U31: 4 | V31: 5 | W31: 6 | X31: 7 | Y31: 8 | Z31: 9 | AA31: 10 | AB31: 11 | AC31: 12
B32: 定員 | D32: =IF($S$26>R31,$R$25,$R$26) -> 0 | E32: =IF($S$26>S31,$R$25,$R$26) -> 0 | F32: =IF($S$26>T31,$R$25,$R$26) -> 0 | G32: =IF($S$26>U31,$R$25,$R$26) -> 0 | H32: =IF($S$26>V31,$R$25,$R$26) -> 0 | I32: =IF($S$26>W31,$R$25,$R$26) -> 0 | J32: =IF($S$26>X31,$R$25,$R$26) -> 0 | K32: =IF($S$26>Y31,$R$25,$R$26) -> 0 | ... O32: =IF($S$26>AC31,$R$25,$R$26) -> 0 | P32: =SUM(D32:O32) -> 0 | R32: =ROUNDDOWN(SUM(D33:F33)/SUM(D32:F32),2) -> #DIV/0! | S32: =ROUNDDOWN(SUM(E33:G33)/SUM(E32:G32),2) -> #DIV/0! | T32: =ROUNDDOWN(SUM(F33:H33)/SUM(F32:H32),2) -> #DIV/0! | U32: =ROUNDDOWN(SUM(G33:I33)/SUM(G32:I32),2) -> #DIV/0! | V32: =ROUNDDOWN(SUM(H33:J33)/SUM(H32:J32),2) -> #DIV/0! | W32: =ROUNDDOWN(SUM(I33:K33)/SUM(I32:K32),2) -> #DIV/0! | X32: =ROUNDDOWN(SUM(J33:L33)/SUM(J32:L32),2) -> #DIV/0! | Y32: =ROUNDDOWN(SUM(K33:M33)/SUM(K32:M32),2) -> #DIV/0! | ... AA32: =ROUNDDOWN(SUM(M33:O33)/SUM(M32:O32),2) -> #DIV/0! | AB32: =ROUNDDOWN(SUM(N33:O33)/SUM(N32:O32),2) -> #DIV/0! | AC32: =ROUNDDOWN(SUM(O33:O33)/SUM(O32:O32),2) -> #DIV/0!
B33: 利用児童数 | P33: =SUM(D33:O33) -> 0 | R33: 判定
B34: 超過 | D34: =IF(D33="","未入力",IF(D33>D32,"○","×")) -> 未入力 | E34: =IF(E33="","未入力",IF(E33>E32,"○","×")) -> 未入力 | F34: =IF(F33="","未入力",IF(F33>F32,"○","×")) -> 未入力 | G34: =IF(G33="","未入力",IF(G33>G32,"○","×")) -> 未入力 | H34: =IF(H33="","未入力",IF(H33>H32,"○","×")) -> 未入力 | I34: =IF(I33="","未入力",IF(I33>I32,"○","×")) -> 未入力 | J34: =IF(J33="","未入力",IF(J33>J32,"○","×")) -> 未入力 | K34: =IF(K33="","未入力",IF(K33>K32,"○","×")) -> 未入力 | ... O34: =IF(O33="","未入力",IF(O33>O32,"○","×")) -> 未入力 | P34: =SUM(R34:AC34) -> #DIV/0! | R34: =IF($D$35>=1.2,IF(COUNTIF($D34:D34,"○")=R31,1,0),0) -> #DIV/0! | S34: =IF($D$35>=1.2,IF(COUNTIF($D34:E34,"○")=S31,1,0),0) -> #DIV/0! | T34: =IF($D$35>=1.2,IF(COUNTIF($D34:F34,"○")=T31,1,0),0) -> #DIV/0! | U34: =IF($D$35>=1.2,IF(COUNTIF($D34:G34,"○")=U31,1,0),0) -> #DIV/0! | V34: =IF($D$35>=1.2,IF(COUNTIF($D34:H34,"○")=V31,1,0),0) -> #DIV/0! | W34: =IF($D$35>=1.2,IF(COUNTIF($D34:I34,"○")=W31,1,0),0) -> #DIV/0! | X34: =IF($D$35>=1.2,IF(COUNTIF($D34:J34,"○")=X31,1,0),0) -> #DIV/0! | Y34: =IF($D$35>=1.2,IF(COUNTIF($D34:K34,"○")=Y31,1,0),0) -> #DIV/0! | ... AC34: =IF($D$35>=1.2,IF(COUNTIF($D34:O34,"○")=AC31,1,0),0) -> #DIV/0!
B35: 年間平均在所率 | D35: =ROUNDDOWN(P33/P32,2) -> #DIV/0! | F35: =IF(D35>=1.2,"➡不適切な申出です","") -> #DIV/0! | J35: =J26&"月から"&IF(J26=2,2,IF(J26=3,1,3))&"か月間の平均在所率" -> 月から3か月間の平均在所率 | L35: =IFERROR(HLOOKUP($S$26,$R$31:$AC$32,2,FALSE),R32) -> #DIV/0! | N35: =IF(AND(T2>=2022,L35>=1.15),"➡不適切な申出です","") -> #DIV/0!
B39: 申出内容： | D39: =IFERROR(IF(OR(D35>=1.2,AND(T2>=2022,L35>=1.15),COUNTIF(D34:O34,"未入力")>=1),"×","○"),"×") -> ×
A43: 別紙６‐２（「減算：定員を恒常的に超過する場合」の添付書類） | L43: =$R$2&"別紙6-2"&$R$3 -> 加-23_月申-別紙6-2-保_Ver.2.01
L44: =DATE(【様式１】総括表・個票!AK2+1,3,1) -> 45352
B46: 札幌市子ども未来局支援制度担当部長 宛
I48: 申出者 | J48: 法人名 | K48: =CONCATENATE(K6)
J49: 代表者 | K49: =CONCATENATE(K7)
D52: ２・３号利用定員の恒常的な超過の解消に関する実績報告書
A54: =" 保育の提供について、５年度間常に２・３号認定こどもの利用定員を超えており、かつ、年間平均在所率が120%以上の状態にありましたが、"&【様式１】総括表・個票!AK2&"年度の実績について下記のとおりとなっておりますので報告いたします。" -> 保育の提供について、５年度間常に２・３号認定こどもの利用定員を超えており、かつ、年間平均在所率が120%以上の状態にありましたが、2023年度の実績について下記のとおりとなっておりますので報告いたします。
A59: １ 施設名
B60: =B19 -> 0
A62: ２ 見直した区分
B63: =CONCATENATE(B22)
R64: =IF(B63<>"","○","")
B65: (1) 定員
B66: =IF($R$64="○","見直し前","定員") -> 定員 | D66: =D25 -> 0 | F66: 人
B67: =IF($R$64="○","見直し後","") | D67: =D26 -> 0 | F67: =IF($R$64="○","人","") | G67: =IF($R$64="○","（見直した月","") | J67: =J26 -> 0 | L67: =IF($R$64="○","月）","") | R67: =D66 -> 0
R68: =IF(D67="",R67,D67) -> 0 | S68: =IF(OR(J67="",J67=0),12,IF(J67>=4,J67-3,J67+9)) -> 12
B69: (2) 利用初日児童数(実績)
B70: 下記のとおりの実績となっております。
B71: =IF(AND($D$76>1.2,$P$75<>0)," また、年間平均在所率が120%以上となっていたため減算適用いたします。","なお、年間平均在所率は120%以上ではありませんでした。") -> #DIV/0!
B72: 2・3号 | D72: 4月 | E72: 5月 | F72: 6月 | G72: 7月 | H72: 8月 | I72: 9月 | J72: 10月 | K72: 11月 | L72: 12月 | M72: 1月 | N72: 2月 | O72: 3月 | P72: 計 | R72: 4月 | S72: 5月 | T72: 6月 | U72: 7月 | V72: 8月 | W72: 9月 | X72: 10月 | Y72: 11月 | Z72: 12月 | AA72: 1月 | AB72: 2月 | AC72: 3月
B73: 定員 | D73: =IF($S$68>R73,$R$67,$R$68) -> 0 | E73: =IF($S$68>S73,$R$67,$R$68) -> 0 | F73: =IF($S$68>T73,$R$67,$R$68) -> 0 | G73: =IF($S$68>U73,$R$67,$R$68) -> 0 | H73: =IF($S$68>V73,$R$67,$R$68) -> 0 | I73: =IF($S$68>W73,$R$67,$R$68) -> 0 | J73: =IF($S$68>X73,$R$67,$R$68) -> 0 | K73: =IF($S$68>Y73,$R$67,$R$68) -> 0 | ... O73: =IF($S$68>AC73,$R$67,$R$68) -> 0 | P73: =SUM(D73:O73) -> 0 | R73: 1 | S73: 2 | T73: 3 | U73: 4 | V73: 5 | W73: 6 | X73: 7 | Y73: 8 | Z73: 9 | AA73: 10 | AB73: 11 | AC73: 12
B74: 利用児童数 | P74: =SUM(D74:O74) -> 0
B75: 超過 | D75: =IF(D74="","未入力",IF(D74>D73,"○","×")) -> 未入力 | E75: =IF(E74="","未入力",IF(E74>E73,"○","×")) -> 未入力 | F75: =IF(F74="","未入力",IF(F74>F73,"○","×")) -> 未入力 | G75: =IF(G74="","未入力",IF(G74>G73,"○","×")) -> 未入力 | H75: =IF(H74="","未入力",IF(H74>H73,"○","×")) -> 未入力 | I75: =IF(I74="","未入力",IF(I74>I73,"○","×")) -> 未入力 | J75: =IF(J74="","未入力",IF(J74>J73,"○","×")) -> 未入力 | K75: =IF(K74="","未入力",IF(K74>K73,"○","×")) -> 未入力 | ... O75: =IF(O74="","未入力",IF(O74>O73,"○","×")) -> 未入力 | P75: =SUM(R76:AC76) -> #DIV/0! | R75: 判定
B76: 平均在所率 | D76: =ROUNDDOWN(P74/P73,2) -> #DIV/0! | R76: =IF($D$76>=1.2,IF(COUNTIF($D75:D75,"○")=R73,1,0),0) -> #DIV/0! | S76: =IF($D$76>=1.2,IF(COUNTIF($D75:E75,"○")=S73,1,0),0) -> #DIV/0! | T76: =IF($D$76>=1.2,IF(COUNTIF($D75:F75,"○")=T73,1,0),0) -> #DIV/0! | U76: =IF($D$76>=1.2,IF(COUNTIF($D75:G75,"○")=U73,1,0),0) -> #DIV/0! | V76: =IF($D$76>=1.2,IF(COUNTIF($D75:H75,"○")=V73,1,0),0) -> #DIV/0! | W76: =IF($D$76>=1.2,IF(COUNTIF($D75:I75,"○")=W73,1,0),0) -> #DIV/0! | X76: =IF($D$76>=1.2,IF(COUNTIF($D75:J75,"○")=X73,1,0),0) -> #DIV/0! | Y76: =IF($D$76>=1.2,IF(COUNTIF($D75:K75,"○")=Y73,1,0),0) -> #DIV/0! | ... AC76: =IF($D$76>=1.2,IF(COUNTIF($D75:O75,"○")=AC73,1,0),0) -> #DIV/0!
B78: =IF(AND($D$76>=1.2,$P$75<>0)," 減算遡及適用：4 月 ～ "&IF(P75>9,P75-9,P75+3)&" 月","") -> #DIV/0!

Sheet 【様式2】職員名簿
A1: 【様式2】 | H1: =M2&"様式2"&M3 -> 加-23_月申-様式2-保_Ver.2.01 | M1: 様式名
A2: =【様式１】総括表・個票!AK2&"年度" -> 2023年度 | E2: 職員名簿 | G2: =+"【"&【様式１】総括表・個票!I10&"月分】" -> 【月分】 | M2: =【様式１】総括表・個票!$AJ$2 -> 加-23_月申-
A3: <常勤換算> | M3: =【様式１】総括表・個票!$AJ$3 -> -保_Ver.2.01
B4: 常勤職員１人の勤務時間数/月
B5: 就業規則等で定める常勤職員１人の１か月の所定労働時間(休憩時間を含まない。)を記載すること。ただし、150時間未満の場合は根拠・理由を記載すること。 | E5: 時間/月 | J5: 時間
E6: =IF(AND(F5<150,F5>0),"根拠・理由","")
B8: 項目 | C8: 職員数（札幌市確認用） | G8: 常勤換算数
C9: 常勤 | F9: 非常勤※ | G9: 常勤 | H9: 非常勤 | J9: 計 （常勤＋非常勤）
C10: 正職 | D10: 臨職 | E10: その他 | G10: 人数 | H10: 勤務時間 | I10: 常勤換算数
B11: 施設長 | C11: =U141 -> 0 | D11: =V141 -> 0 | E11: =SUM(W141,X141) -> 0 | F11: =Y141 -> 0 | G11: =S141 -> 0 | H11: =T141 -> 0 | I11: =IFERROR(H11/$F$5,0) -> 0 | J11: =SUM(G11,I11) -> 0
B12: 保育士※ | C12: =U142 -> 0 | D12: =V142 -> 0 | E12: =SUM(W142,X142) -> 0 | F12: =Y142 -> 0 | G12: =S142 -> 0 | H12: =T142 -> 0 | I12: =IFERROR(H12/$F$5,0) -> 0 | J12: =SUM(G12,I12) -> 0
B13: 栄養士 | C13: =U143 -> 0 | D13: =V143 -> 0 | E13: =SUM(W143,X143) -> 0 | F13: =Y143 -> 0 | G13: =S143 -> 0 | H13: =T143 -> 0 | I13: =IFERROR(H13/$F$5,0) -> 0 | J13: =SUM(G13,I13) -> 0
B14: 調理員 | C14: =U144 -> 0 | D14: =V144 -> 0 | E14: =SUM(W144,X144) -> 0 | F14: =Y144 -> 0 | G14: =S144 -> 0 | H14: =T144 -> 0 | I14: =IFERROR(H14/$F$5,0) -> 0 | J14: =SUM(G14,I14) -> 0
B15: 事務員 | C15: =U145 -> 0 | D15: =V145 -> 0 | E15: =SUM(W145,X145) -> 0 | F15: =Y145 -> 0 | G15: =S145 -> 0 | H15: =T145 -> 0 | I15: =IFERROR(H15/$F$5,0) -> 0 | J15: =SUM(G15,I15) -> 0
B16: その他 | C16: =U146 -> 0 | D16: =V146 -> 0 | E16: =SUM(W146,X146) -> 0 | F16: =Y146 -> 0 | G16: =S146 -> 0 | H16: =T146 -> 0 | I16: =IFERROR(H16/$F$5,0) -> 0 | J16: =SUM(G16,I16) -> 0
B17: ※ 非常勤に委託を含む。
A18: <職員名簿>
A19: ① 職員氏名/委託先：「業務委託」➡委託先会社名/「雇用職員」➡職員氏名を誤りなく記載してください。
A20: ② 職員状況：職種区分を選択肢から選択してください。また、初日時点で有給・無給の是非を選択してください。
A21: ③ 形態：常勤、非常勤の選択及び契約形態を選択してください。また、非常勤の場合は様式3、委託の場合は様式2でひと月の勤務時間数を記載してください。
A22: ④ 雇用/契約開始日：雇用（業務委託の場合は契約）開始日を記載してください。例：西暦で「○○年△月□日」の場合は「○○/△/□」
B23: ● 業務委託 | M23: カウント | P23: エラー | S23: 通常教育 | U23: 札幌市確認 | AA23: リスト（状況に応じて更新）
B24: ・ 委託は「保育士」のみ常勤換算数に含まれて計算されます。 | M24: 参入 | N24: 保育士代用 | O24: 非常勤 | P24: 整合性 | Q24: 漏れ | T24: 委託 | AA24: 職種区分 | AB24: 初日時点の契約状況 | AC24: 常勤・非常勤 | AD24: 常勤 | AE24: 非常勤 | AF24: 雇用開始日 | AG24: その他 | AH24: 経験年数
A25: ① 委託先 | C25: ②職員状況 | E25: ③形態 | H25: ④契約開始日 | I25: 備考 | J25: 算入区分 | M25: =$AB26 -> 有給 | O25: 委託 | Q25: 委託 | AF25: 基準日
A26: No. | B26: 委託先会社名 | C26: 職種区分 | D26: 初日時点の契約状況 | E26: 委託 | F26: - | G26: 勤務時間/月 | H26: ="("&TEXT($AF$26,"YYYY/M/D")&"以前)" -> #VALUE! | AA26: 施設長 | AB26: 有給 | AC26: 常勤 | AD26: 正職 | AE26: 常勤-時短/兼務 | AF26: =DATE(【様式１】総括表・個票!D10,【様式１】総括表・個票!I10,1) -> #VALUE! | AG26: ○ | AH26: 経験が３年以上
AA27: 保育士 | AB27: 有給（他法活用） | AC27: 非常勤 | AD27: 臨職 | AE27: 雇用契約 | AG27: × | AH27: 該当の研修を修了
A28: =ROW()-ROW($A$27) -> 1 | C28: 保育士 | E28: =IF($D28="有給","委託","") | F28: =IF(G28>0,"要添付書類➡","-") -> - | J28: =IF(M28,IF(OR(Q28,P28),"エラー",C28),"-") -> - | M28: =$D28=$M$25 -> FALSE | O28: =IF($E28<>$O$25,0,COUNTIF($E28:E$28,$O$25)) -> 0 | P28: =$H28>$H$26 -> #VALUE! | Q28: =OR(B28=0,C28=0,E28=0,AND($E28=Q$25,OR($G28=0,ISTEXT($G28))),$H28=0) -> TRUE | T28: =IF($E28=T$24,$G28,0) -> 0 | AA28: 栄養士 | AB28: 代替（助成金等対象） | AD28: 派遣契約 | AE28: 派遣契約 | AH28: 該当の研修を未修
A29: =ROW()-ROW($A$27) -> 2 | C29: 栄養士（委託） | E29: =IF($D29="有給","委託","") | F29: =IF(G29>0,"要添付書類➡","-") -> - | J29: =IF(M29,IF(OR(Q29,P29),"エラー",C29),"-") -> - | M29: =$D29=$M$25 -> FALSE | O29: =IF($E29<>$O$25,0,COUNTIF($E$28:E29,$O$25)) -> 0 | P29: =$H29>$H$26 -> #VALUE! | Q29: =OR(B29=0,C29=0,E29=0,AND($E29=Q$25,OR($G29=0,ISTEXT($G29))),$H29=0) -> TRUE | T29: =IF($E29=T$37,$G29,0) -> 0 | AA29: 調理員 | AB29: 無給 | AD29: 嘱託契約 | AE29: 嘱託契約
A30: =ROW()-ROW($A$27) -> 3 | C30: 調理員（委託） | E30: =IF($D30="有給","委託","") | F30: =IF(G30>0,"要添付書類➡","-") -> - | J30: =IF(M30,IF(OR(Q30,P30),"エラー",C30),"-") -> - | M30: =$D30=$M$25 -> FALSE | O30: =IF($E30<>$O$25,0,COUNTIF($E$28:E30,$O$25)) -> 0 | P30: =$H30>$H$26 -> #VALUE! | Q30: =OR(B30=0,C30=0,E30=0,AND($E30=Q$25,OR($G30=0,ISTEXT($G30))),$H30=0) -> TRUE | T30: =IF($E30=T$37,$G30,0) -> 0 | AA30: 事務員 | AD30: ↑(数式＞定義された名前＞選択範囲から作成＞上端 で二重線囲部分を名前登録する➡ドロップダウンの範囲登録に使用)
A31: =ROW()-ROW($A$27) -> 4 | C31: 事務員（委託） | E31: =IF($D31="有給","委託","") | F31: =IF(G31>0,"要添付書類➡","-") -> - | J31: =IF(M31,IF(OR(Q31,P31),"エラー",C31),"-") -> - | M31: =$D31=$M$25 -> FALSE | O31: =IF($E31<>$O$25,0,COUNTIF($E$28:E31,$O$25)) -> 0 | P31: =$H31>$H$26 -> #VALUE! | Q31: =OR(B31=0,C31=0,E31=0,AND($E31=Q$25,OR($G31=0,ISTEXT($G31))),$H31=0) -> TRUE | T31: =IF($E31=T$37,$G31,0) -> 0 | AA31: その他
A32: =ROW()-ROW($A$27) -> 5 | C32: その他（委託） | E32: =IF($D32="有給","委託","") | F32: =IF(G32>0,"要添付書類➡","-") -> - | J32: =IF(M32,IF(OR(Q32,P32),"エラー",C32),"-") -> - | M32: =$D32=$M$25 -> FALSE | O32: =IF($E32<>$O$25,0,COUNTIF($E$28:E32,$O$25)) -> 0 | P32: =$H32>$H$26 -> #VALUE! | Q32: =OR(B32=0,C32=0,E32=0,AND($E32=Q$25,OR($G32=0,ISTEXT($G32))),$H32=0) -> TRUE | T32: =IF($E32=T$37,$G32,0) -> 0 | AA32: 看護師・保健師
B33: ● 雇用職員
B34: 以下の要件を満たす場合、看護師・保健師を１名保育士としてカウントします。 | H34: 適否 | I34: 添付書類 | J34: 参入区分 | K34: 判定
B35: =IFERROR(INDEX($B$41:$B$140,MATCH(TRUE,$N$41:$N$140,0)),"") | C35: 要件① 月初日の０歳児が４人以上 | H35: =IF(【様式５】職員数算出表!L20>=4,"○","×") -> × | J35: =IF(B35="","-",IF(K35,AA27,IF(AND(K36,K37),AA27,AA31))) -> - | K35: =【様式５】職員数算出表!L20>=4 -> FALSE
C36: 要件② 保育士と合同の組・グループを編成し、同一の乳児室など同一空間内で保育を行うこと。 | I36: =IF(OR(B35="",H35="○"),"",IF(H36="","←入力漏れ","")) | K36: =H36="○" -> FALSE
C37: 要件③ 認可保育所等での勤務経験が３年未満の場合は、地域型保育コース等の研修を修了 | I37: =IF(OR(B35="",H35="○"),"",IF(H37=AH26,"-",IF(H37=AH27,"研修終了証を要提出",IF(H37=AH28,"-","←入力漏れ")))) | K37: =OR(H37=AH26,H37=AH27) -> FALSE | M37: 参入 | N37: 保育士代用 | O37: 非常勤 | P37: 整合性 | Q37: 漏れ | S37: =AC26 -> 常勤 | T37: =AC27 -> 非常勤 | U37: =AC26 -> 常勤 | V37: =U37 -> 常勤 | W37: =V37 -> 常勤 | X37: =W37 -> 常勤 | Y37: =AC27 -> 非常勤
A38: ① 職員氏名 | C38: ②職員状況 | E38: ③形態 | H38: ④雇用開始日 | I38: 備考 | J38: 算入区分 | M38: =$AB26 -> 有給 | N38: TRUE | O38: =$AC$27 -> 非常勤 | Q38: =$AC$27 -> 非常勤 | U38: =AD26 -> 正職 | V38: =AD27 -> 臨職 | W38: =AD28 -> 派遣契約 | X38: =AD29 -> 嘱託契約
A39: No. | B39: =COUNTA(B41:B140) -> 0 | C39: 職種区分 | D39: 初日時点の給与状況 | E39: 常勤・非常勤 ※時短勤務は非常勤 | F39: 契約形態 | G39: =IF(G40<>【様式３】シフト表!$AK$107,"エラー：シフト表と不一致","非常勤の勤務時間/月") -> 非常勤の勤務時間/月 | H39: ="("&TEXT($AF$26,"YYYY/M/D")&"以前)" -> #VALUE! | N39: =AA32 -> 看護師・保健師
G40: =SUM($G$41:$G$140) -> 0
A41: =ROW()-ROW($A$40) -> 1 | G41: =IFERROR(INDEX(【様式３】シフト表!$AK$7:$AK$106,MATCH($O41,【様式３】シフト表!$B$7:$B$106,0),1),0) -> 0 | J41: =IF($B$35=B41,$J$35,IF(M41,IF(OR(Q41,P41),"エラー",IF(C41=$AA$32,IF(N41,$AA$27,$AA$31),C41)),"-")) -> - | M41: =$D41=$M$38 -> FALSE | N41: =AND($N$38,C41=$N$39,M41,COUNTIF($N$40:$N40,TRUE)=0) -> FALSE | O41: =IF($E41<>$O$38,0,COUNTIF($E$41:E41,$O$38)) -> 0 | P41: =OR($H41>$H$39,AND($E41=$AC$26,$F41<>$AD$26,$F41<>$AD$27,$F41<>$AD$28,$F41<>$AD$29),AND($E41=$AC$27,$F41<>$AE$26,$F41<>$AE$27,$F41<>$AE$28,$F41<>$AE$29)) -> #VALUE! | Q41: =OR($B41=0,$C41=0,$E41=0,AND($E41<>0,$F41=0),AND($E41=Q$38,$G41=0),$H41=0) -> TRUE | S41: =IF($E41=S$37,1,0) -> 0 | T41: =IF($E41=T$37,$G41,0) -> 0 | U41: =IF(AND($E41=U$37,$F41=U$38),$J41,0) -> 0 | V41: =IF(AND($E41=V$37,$F41=V$38),$J41,0) -> 0 | W41: =IF(AND($E41=W$37,$F41=W$38),$J41,0) -> 0 | X41: =IF(AND($E41=X$37,$F41=X$38),$J41,0) -> 0 | Y41: =IF($E41=Y$37,$J41,0) -> 0
A42: =A41+1 -> 2 | G42: =IFERROR(INDEX(【様式３】シフト表!$AK$7:$AK$106,MATCH($O42,【様式３】シフト表!$B$7:$B$106,0),1),0) -> 0 | J42: =IF($B$35=B42,$J$35,IF(M42,IF(OR(Q42,P42),"エラー",IF(C42=$AA$32,IF(N42,$AA$27,$AA$31),C42)),"-")) -> - | M42: =$D42=$M$38 -> FALSE | N42: =AND($N$38,C42=$N$39,M42,COUNTIF($N$40:$N41,TRUE)=0) -> FALSE | O42: =IF($E42<>$O$38,0,COUNTIF($E$41:E42,$O$38)) -> 0 | P42: =OR($H42>$H$39,AND($E42=$AC$26,$F42<>$AD$26,$F42<>$AD$27,$F42<>$AD$28,$F42<>$AD$29),AND($E42=$AC$27,$F42<>$AE$26,$F42<>$AE$27,$F42<>$AE$28,$F42<>$AE$29)) -> #VALUE! | Q42: =OR($B42=0,$C42=0,$E42=0,AND($E42<>0,$F42=0),AND($E42=Q$38,$G42=0),$H42=0) -> TRUE | S42: =IF($E42=S$37,1,0) -> 0 | T42: =IF($E42=T$37,$G42,0) -> 0 | U42: =IF(AND($E42=U$37,$F42=U$38),$J42,0) -> 0 | V42: =IF(AND($E42=V$37,$F42=V$38),$J42,0) -> 0 | W42: =IF(AND($E42=W$37,$F42=W$38),$J42,0) -> 0 | X42: =IF(AND($E42=X$37,$F42=X$38),$J42,0) -> 0 | Y42: =IF($E42=Y$37,$J42,0) -> 0
A43: =A42+1 -> 3 | G43: =IFERROR(INDEX(【様式３】シフト表!$AK$7:$AK$106,MATCH($O43,【様式３】シフト表!$B$7:$B$106,0),1),0) -> 0 | J43: =IF($B$35=B43,$J$35,IF(M43,IF(OR(Q43,P43),"エラー",IF(C43=$AA$32,IF(N43,$AA$27,$AA$31),C43)),"-")) -> - | M43: =$D43=$M$38 -> FALSE | N43: =AND($N$38,C43=$N$39,M43,COUNTIF($N$40:$N42,TRUE)=0) -> FALSE | O43: =IF($E43<>$O$38,0,COUNTIF($E$41:E43,$O$38)) -> 0 | P43: =OR($H43>$H$39,AND($E43=$AC$26,$F43<>$AD$26,$F43<>$AD$27,$F43<>$AD$28,$F43<>$AD$29),AND($E43=$AC$27,$F43<>$AE$26,$F43<>$AE$27,$F43<>$AE$28,$F43<>$AE$29)) -> #VALUE! | Q43: =OR($B43=0,$C43=0,$E43=0,AND($E43<>0,$F43=0),AND($E43=Q$38,$G43=0),$H43=0) -> TRUE | S43: =IF($E43=S$37,1,0) -> 0 | T43: =IF($E43=T$37,$G43,0) -> 0 | U43: =IF(AND($E43=U$37,$F43=U$38),$J43,0) -> 0 | V43: =IF(AND($E43=V$37,$F43=V$38),$J43,0) -> 0 | W43: =IF(AND($E43=W$37,$F43=W$38),$J43,0) -> 0 | X43: =IF(AND($E43=X$37,$F43=X$38),$J43,0) -> 0 | Y43: =IF($E43=Y$37,$J43,0) -> 0
A44: =A43+1 -> 4 | G44: =IFERROR(INDEX(【様式３】シフト表!$AK$7:$AK$106,MATCH($O44,【様式３】シフト表!$B$7:$B$106,0),1),0) -> 0 | J44: =IF($B$35=B44,$J$35,IF(M44,IF(OR(Q44,P44),"エラー",IF(C44=$AA$32,IF(N44,$AA$27,$AA$31),C44)),"-")) -> - | M44: =$D44=$M$38 -> FALSE | N44: =AND($N$38,C44=$N$39,M44,COUNTIF($N$40:$N43,TRUE)=0) -> FALSE | O44: =IF($E44<>$O$38,0,COUNTIF($E$41:E44,$O$38)) -> 0 | P44: =OR($H44>$H$39,AND($E44=$AC$26,$F44<>$AD$26,$F44<>$AD$27,$F44<>$AD$28,$F44<>$AD$29),AND($E44=$AC$27,$F44<>$AE$26,$F44<>$AE$27,$F44<>$AE$28,$F44<>$AE$29)) -> #VALUE! | Q44: =OR($B44=0,$C44=0,$E44=0,AND($E44<>0,$F44=0),AND($E44=Q$38,$G44=0),$H44=0) -> TRUE | S44: =IF($E44=S$37,1,0) -> 0 | T44: =IF($E44=T$37,$G44,0) -> 0 | U44: =IF(AND($E44=U$37,$F44=U$38),$J44,0) -> 0 | V44: =IF(AND($E44=V$37,$F44=V$38),$J44,0) -> 0 | W44: =IF(AND($E44=W$37,$F44=W$38),$J44,0) -> 0 | X44: =IF(AND($E44=X$37,$F44=X$38),$J44,0) -> 0 | Y44: =IF($E44=Y$37,$J44,0) -> 0
A45: =A44+1 -> 5 | G45: =IFERROR(INDEX(【様式３】シフト表!$AK$7:$AK$106,MATCH($O45,【様式３】シフト表!$B$7:$B$106,0),1),0) -> 0 | J45: =IF($B$35=B45,$J$35,IF(M45,IF(OR(Q45,P45),"エラー",IF(C45=$AA$32,IF(N45,$AA$27,$AA$31),C45)),"-")) -> - | M45: =$D45=$M$38 -> FALSE | N45: =AND($N$38,C45=$N$39,M45,COUNTIF($N$40:$N44,TRUE)=0) -> FALSE | O45: =IF($E45<>$O$38,0,COUNTIF($E$41:E45,$O$38)) -> 0 | P45: =OR($H45>$H$39,AND($E45=$AC$26,$F45<>$AD$26,$F45<>$AD$27,$F45<>$AD$28,$F45<>$AD$29),AND($E45=$AC$27,$F45<>$AE$26,$F45<>$AE$27,$F45<>$AE$28,$F45<>$AE$29)) -> #VALUE! | Q45: =OR($B45=0,$C45=0,$E45=0,AND($E45<>0,$F45=0),AND($E45=Q$38,$G45=0),$H45=0) -> TRUE | S45: =IF($E45=S$37,1,0) -> 0 | T45: =IF($E45=T$37,$G45,0) -> 0 | U45: =IF(AND($E45=U$37,$F45=U$38),$J45,0) -> 0 | V45: =IF(AND($E45=V$37,$F45=V$38),$J45,0) -> 0 | W45: =IF(AND($E45=W$37,$F45=W$38),$J45,0) -> 0 | X45: =IF(AND($E45=X$37,$F45=X$38),$J45,0) -> 0 | Y45: =IF($E45=Y$37,$J45,0) -> 0
A46: =A45+1 -> 6 | G46: =IFERROR(INDEX(【様式３】シフト表!$AK$7:$AK$106,MATCH($O46,【様式３】シフト表!$B$7:$B$106,0),1),0) -> 0 | J46: =IF($B$35=B46,$J$35,IF(M46,IF(OR(Q46,P46),"エラー",IF(C46=$AA$32,IF(N46,$AA$27,$AA$31),C46)),"-")) -> - | M46: =$D46=$M$38 -> FALSE | N46: =AND($N$38,C46=$N$39,M46,COUNTIF($N$40:$N45,TRUE)=0) -> FALSE | O46: =IF($E46<>$O$38,0,COUNTIF($E$41:E46,$O$38)) -> 0 | P46: =OR($H46>$H$39,AND($E46=$AC$26,$F46<>$AD$26,$F46<>$AD$27,$F46<>$AD$28,$F46<>$AD$29),AND($E46=$AC$27,$F46<>$AE$26,$F46<>$AE$27,$F46<>$AE$28,$F46<>$AE$29)) -> #VALUE! | Q46: =OR($B46=0,$C46=0,$E46=0,AND($E46<>0,$F46=0),AND($E46=Q$38,$G46=0),$H46=0) -> TRUE | S46: =IF($E46=S$37,1,0) -> 0 | T46: =IF($E46=T$37,$G46,0) -> 0 | U46: =IF(AND($E46=U$37,$F46=U$38),$J46,0) -> 0 | V46: =IF(AND($E46=V$37,$F46=V$38),$J46,0) -> 0 | W46: =IF(AND($E46=W$37,$F46=W$38),$J46,0) -> 0 | X46: =IF(AND($E46=X$37,$F46=X$38),$J46,0) -> 0 | Y46: =IF($E46=Y$37,$J46,0) -> 0
A47: =A46+1 -> 7 | G47: =IFERROR(INDEX(【様式３】シフト表!$AK$7:$AK$106,MATCH($O47,【様式３】シフト表!$B$7:$B$106,0),1),0) -> 0 | J47: =IF($B$35=B47,$J$35,IF(M47,IF(OR(Q47,P47),"エラー",IF(C47=$AA$32,IF(N47,$AA$27,$AA$31),C47)),"-")) -> - | M47: =$D47=$M$38 -> FALSE | N47: =AND($N$38,C47=$N$39,M47,COUNTIF($N$40:$N46,TRUE)=0) -> FALSE | O47: =IF($E47<>$O$38,0,COUNTIF($E$41:E47,$O$38)) -> 0 | P47: =OR($H47>$H$39,AND($E47=$AC$26,$F47<>$AD$26,$F47<>$AD$27,$F47<>$AD$28,$F47<>$AD$29),AND($E47=$AC$27,$F47<>$AE$26,$F47<>$AE$27,$F47<>$AE$28,$F47<>$AE$29)) -> #VALUE! | Q47: =OR($B47=0,$C47=0,$E47=0,AND($E47<>0,$F47=0),AND($E47=Q$38,$G47=0),$H47=0) -> TRUE | S47: =IF($E47=S$37,1,0) -> 0 | T47: =IF($E47=T$37,$G47,0) -> 0 | U47: =IF(AND($E47=U$37,$F47=U$38),$J47,0) -> 0 | V47: =IF(AND($E47=V$37,$F47=V$38),$J47,0) -> 0 | W47: =IF(AND($E47=W$37,$F47=W$38),$J47,0) -> 0 | X47: =IF(AND($E47=X$37,$F47=X$38),$J47,0) -> 0 | Y47: =IF($E47=Y$37,$J47,0) -> 0
A48: =A47+1 -> 8 | G48: =IFERROR(INDEX(【様式３】シフト表!$AK$7:$AK$106,MATCH($O48,【様式３】シフト表!$B$7:$B$106,0),1),0) -> 0 | J48: =IF($B$35=B48,$J$35,IF(M48,IF(OR(Q48,P48),"エラー",IF(C48=$AA$32,IF(N48,$AA$27,$AA$31),C48)),"-")) -> - | M48: =$D48=$M$38 -> FALSE | N48: =AND($N$38,C48=$N$39,M48,COUNTIF($N$40:$N47,TRUE)=0) -> FALSE | O48: =IF($E48<>$O$38,0,COUNTIF($E$41:E48,$O$38)) -> 0 | P48: =OR($H48>$H$39,AND($E48=$AC$26,$F48<>$AD$26,$F48<>$AD$27,$F48<>$AD$28,$F48<>$AD$29),AND($E48=$AC$27,$F48<>$AE$26,$F48<>$AE$27,$F48<>$AE$28,$F48<>$AE$29)) -> #VALUE! | Q48: =OR($B48=0,$C48=0,$E48=0,AND($E48<>0,$F48=0),AND($E48=Q$38,$G48=0),$H48=0) -> TRUE | S48: =IF($E48=S$37,1,0) -> 0 | T48: =IF($E48=T$37,$G48,0) -> 0 | U48: =IF(AND($E48=U$37,$F48=U$38),$J48,0) -> 0 | V48: =IF(AND($E48=V$37,$F48=V$38),$J48,0) -> 0 | W48: =IF(AND($E48=W$37,$F48=W$38),$J48,0) -> 0 | X48: =IF(AND($E48=X$37,$F48=X$38),$J48,0) -> 0 | Y48: =IF($E48=Y$37,$J48,0) -> 0
A49: =A48+1 -> 9 | G49: =IFERROR(INDEX(【様式３】シフト表!$AK$7:$AK$106,MATCH($O49,【様式３】シフト表!$B$7:$B$106,0),1),0) -> 0 | J49: =IF($B$35=B49,$J$35,IF(M49,IF(OR(Q49,P49),"エラー",IF(C49=$AA$32,IF(N49,$AA$27,$AA$31),C49)),"-")) -> - | M49: =$D49=$M$38 -> FALSE | N49: =AND($N$38,C49=$N$39,M49,COUNTIF($N$40:$N48,TRUE)=0) -> FALSE | O49: =IF($E49<>$O$38,0,COUNTIF($E$41:E49,$O$38)) -> 0 | P49: =OR($H49>$H$39,AND($E49=$AC$26,$F49<>$AD$26,$F49<>$AD$27,$F49<>$AD$28,$F49<>$AD$29),AND($E49=$AC$27,$F49<>$AE$26,$F49<>$AE$27,$F49<>$AE$28,$F49<>$AE$29)) -> #VALUE! | Q49: =OR($B49=0,$C49=0,$E49=0,AND($E49<>0,$F49=0),AND($E49=Q$38,$G49=0),$H49=0) -> TRUE | S49: =IF($E49=S$37,1,0) -> 0 | T49: =IF($E49=T$37,$G49,0) -> 0 | U49: =IF(AND($E49=U$37,$F49=U$38),$J49,0) -> 0 | V49: =IF(AND($E49=V$37,$F49=V$38),$J49,0) -> 0 | W49: =IF(AND($E49=W$37,$F49=W$38),$J49,0) -> 0 | X49: =IF(AND($E49=X$37,$F49=X$38),$J49,0) -> 0 | Y49: =IF($E49=Y$37,$J49,0) -> 0
A50: =A49+1 -> 10 | G50: =IFERROR(INDEX(【様式３】シフト表!$AK$7:$AK$106,MATCH($O50,【様式３】シフト表!$B$7:$B$106,0),1),0) -> 0 | J50: =IF($B$35=B50,$J$35,IF(M50,IF(OR(Q50,P50),"エラー",IF(C50=$AA$32,IF(N50,$AA$27,$AA$31),C50)),"-")) -> - | M50: =$D50=$M$38 -> FALSE | N50: =AND($N$38,C50=$N$39,M50,COUNTIF($N$40:$N49,TRUE)=0) -> FALSE | O50: =IF($E50<>$O$38,0,COUNTIF($E$41:E50,$O$38)) -> 0 | P50: =OR($H50>$H$39,AND($E50=$AC$26,$F50<>$AD$26,$F50<>$AD$27,$F50<>$AD$28,$F50<>$AD$29),AND($E50=$AC$27,$F50<>$AE$26,$F50<>$AE$27,$F50<>$AE$28,$F50<>$AE$29)) -> #VALUE! | Q50: =OR($B50=0,$C50=0,$E50=0,AND($E50<>0,$F50=0),AND($E50=Q$38,$G50=0),$H50=0) -> TRUE | S50: =IF($E50=S$37,1,0) -> 0 | T50: =IF($E50=T$37,$G50,0) -> 0 | U50: =IF(AND($E50=U$37,$F50=U$38),$J50,0) -> 0 | V50: =IF(AND($E50=V$37,$F50=V$38),$J50,0) -> 0 | W50: =IF(AND($E50=W$37,$F50=W$38),$J50,0) -> 0 | X50: =IF(AND($E50=X$37,$F50=X$38),$J50,0) -> 0 | Y50: =IF($E50=Y$37,$J50,0) -> 0
A51: =A50+1 -> 11 | G51: =IFERROR(INDEX(【様式３】シフト表!$AK$7:$AK$106,MATCH($O51,【様式３】シフト表!$B$7:$B$106,0),1),0) -> 0 | J51: =IF($B$35=B51,$J$35,IF(M51,IF(OR(Q51,P51),"エラー",IF(C51=$AA$32,IF(N51,$AA$27,$AA$31),C51)),"-")) -> - | M51: =$D51=$M$38 -> FALSE | N51: =AND($N$38,C51=$N$39,M51,COUNTIF($N$40:$N50,TRUE)=0) -> FALSE | O51: =IF($E51<>$O$38,0,COUNTIF($E$41:E51,$O$38)) -> 0 | P51: =OR($H51>$H$39,AND($E51=$AC$26,$F51<>$AD$26,$F51<>$AD$27,$F51<>$AD$28,$F51<>$AD$29),AND($E51=$AC$27,$F51<>$AE$26,$F51<>$AE$27,$F51<>$AE$28,$F51<>$AE$29)) -> #VALUE! | Q51: =OR($B51=0,$C51=0,$E51=0,AND($E51<>0,$F51=0),AND($E51=Q$38,$G51=0),$H51=0) -> TRUE | S51: =IF($E51=S$37,1,0) -> 0 | T51: =IF($E51=T$37,$G51,0) -> 0 | U51: =IF(AND($E51=U$37,$F51=U$38),$J51,0) -> 0 | V51: =IF(AND($E51=V$37,$F51=V$38),$J51,0) -> 0 | W51: =IF(AND($E51=W$37,$F51=W$38),$J51,0) -> 0 | X51: =IF(AND($E51=X$37,$F51=X$38),$J51,0) -> 0 | Y51: =IF($E51=Y$37,$J51,0) -> 0
A52: =A51+1 -> 12 | G52: =IFERROR(INDEX(【様式３】シフト表!$AK$7:$AK$106,MATCH($O52,【様式３】シフト表!$B$7:$B$106,0),1),0) -> 0 | J52: =IF($B$35=B52,$J$35,IF(M52,IF(OR(Q52,P52),"エラー",IF(C52=$AA$32,IF(N52,$AA$27,$AA$31),C52)),"-")) -> - | M52: =$D52=$M$38 -> FALSE | N52: =AND($N$38,C52=$N$39,M52,COUNTIF($N$40:$N51,TRUE)=0) -> FALSE | O52: =IF($E52<>$O$38,0,COUNTIF($E$41:E52,$O$38)) -> 0 | P52: =OR($H52>$H$39,AND($E52=$AC$26,$F52<>$AD$26,$F52<>$AD$27,$F52<>$AD$28,$F52<>$AD$29),AND($E52=$AC$27,$F52<>$AE$26,$F52<>$AE$27,$F52<>$AE$28,$F52<>$AE$29)) -> #VALUE! | Q52: =OR($B52=0,$C52=0,$E52=0,AND($E52<>0,$F52=0),AND($E52=Q$38,$G52=0),$H52=0) -> TRUE | S52: =IF($E52=S$37,1,0) -> 0 | T52: =IF($E52=T$37,$G52,0) -> 0 | U52: =IF(AND($E52=U$37,$F52=U$38),$J52,0) -> 0 | V52: =IF(AND($E52=V$37,$F52=V$38),$J52,0) -> 0 | W52: =IF(AND($E52=W$37,$F52=W$38),$J52,0) -> 0 | X52: =IF(AND($E52=X$37,$F52=X$38),$J52,0) -> 0 | Y52: =IF($E52=Y$37,$J52,0) -> 0
A53: =A52+1 -> 13 | G53: =IFERROR(INDEX(【様式３】シフト表!$AK$7:$AK$106,MATCH($O53,【様式３】シフト表!$B$7:$B$106,0),1),0) -> 0 | J53: =IF($B$35=B53,$J$35,IF(M53,IF(OR(Q53,P53),"エラー",IF(C53=$AA$32,IF(N53,$AA$27,$AA$31),C53)),"-")) -> - | M53: =$D53=$M$38 -> FALSE | N53: =AND($N$38,C53=$N$39,M53,COUNTIF($N$40:$N52,TRUE)=0) -> FALSE | O53: =IF($E53<>$O$38,0,COUNTIF($E$41:E53,$O$38)) -> 0 | P53: =OR($H53>$H$39,AND($E53=$AC$26,$F53<>$AD$26,$F53<>$AD$27,$F53<>$AD$28,$F53<>$AD$29),AND($E53=$AC$27,$F53<>$AE$26,$F53<>$AE$27,$F53<>$AE$28,$F53<>$AE$29)) -> #VALUE! | Q53: =OR($B53=0,$C53=0,$E53=0,AND($E53<>0,$F53=0),AND($E53=Q$38,$G53=0),$H53=0) -> TRUE | S53: =IF($E53=S$37,1,0) -> 0 | T53: =IF($E53=T$37,$G53,0) -> 0 | U53: =IF(AND($E53=U$37,$F53=U$38),$J53,0) -> 0 | V53: =IF(AND($E53=V$37,$F53=V$38),$J53,0) -> 0 | W53: =IF(AND($E53=W$37,$F53=W$38),$J53,0) -> 0 | X53: =IF(AND($E53=X$37,$F53=X$38),$J53,0) -> 0 | Y53: =IF($E53=Y$37,$J53,0) -> 0
... A140: =A139+1 -> 100 | G140: =IFERROR(INDEX(【様式３】シフト表!$AK$7:$AK$106,MATCH($O140,【様式３】シフト表!$B$7:$B$106,0),1),0) -> 0 | J140: =IF($B$35=B140,$J$35,IF(M140,IF(OR(Q140,P140),"エラー",IF(C140=$AA$32,IF(N140,$AA$27,$AA$31),C140)),"-")) -> - | M140: =$D140=$M$38 -> FALSE | N140: =AND($N$38,C140=$N$39,M140,COUNTIF($N$40:$N139,TRUE)=0) -> FALSE | O140: =IF($E140<>$O$38,0,COUNTIF($E$41:E140,$O$38)) -> 0 | P140: =OR($H140>$H$39,AND($E140=$AC$26,$F140<>$AD$26,$F140<>$AD$27,$F140<>$AD$28,$F140<>$AD$29),AND($E140=$AC$27,$F140<>$AE$26,$F140<>$AE$27,$F140<>$AE$28,$F140<>$AE$29)) -> #VALUE! | Q140: =OR($B140=0,$C140=0,$E140=0,AND($E140<>0,$F140=0),AND($E140=Q$38,$G140=0),$H140=0) -> TRUE | S140: =IF($E140=S$37,1,0) -> 0 | T140: =IF($E140=T$37,$G140,0) -> 0 | U140: =IF(AND($E140=U$37,$F140=U$38),$J140,0) -> 0 | V140: =IF(AND($E140=V$37,$F140=V$38),$J140,0) -> 0 | W140: =IF(AND($E140=W$37,$F140=W$38),$J140,0) -> 0 | X140: =IF(AND($E140=X$37,$F140=X$38),$J140,0) -> 0 | Y140: =IF($E140=Y$37,$J140,0) -> 0
R141: =AA26 -> 施設長 | S141: =SUMIFS(S$41:S$140,$J$41:$J$140,$R141) -> 0 | T141: =SUMIFS(T$41:T$140,$J$41:$J$140,$R141) -> 0 | U141: =COUNTIF(U$41:U$140,$R141) -> 0 | V141: =COUNTIF(V$41:V$140,$R141) -> 0 | W141: =COUNTIF(W$41:W$140,$R141) -> 0 | X141: =COUNTIF(X$41:X$140,$R141) -> 0 | Y141: =COUNTIF(Y$41:Y$140,$R141) -> 0
R142: =AA27 -> 保育士 | S142: =SUMIFS(S$41:S$140,$J$41:$J$140,$R142) -> 0 | T142: =SUM(SUMIFS(T$41:T$140,$J$41:$J$140,$R142),SUMIFS(T$28:T$32,$J$28:$J$32,$R142)) -> 0 | U142: =COUNTIF(U$41:U$140,$R142) -> 0 | V142: =COUNTIF(V$41:V$140,$R142) -> 0 | W142: =COUNTIF(W$41:W$140,$R142) -> 0 | X142: =COUNTIF(X$41:X$140,$R142) -> 0 | Y142: =COUNTIF(Y$41:Y$140,$R142) -> 0
R143: =AA28 -> 栄養士 | S143: =SUMIFS(S$41:S$140,$J$41:$J$140,$R143) -> 0 | T143: =SUMIFS(T$41:T$140,$J$41:$J$140,$R143) -> 0 | U143: =COUNTIF(U$41:U$140,$R143) -> 0 | V143: =COUNTIF(V$41:V$140,$R143) -> 0 | W143: =COUNTIF(W$41:W$140,$R143) -> 0 | X143: =COUNTIF(X$41:X$140,$R143) -> 0 | Y143: =COUNTIF(Y$41:Y$140,$R143) -> 0
R144: =AA29 -> 調理員 | S144: =SUMIFS(S$41:S$140,$J$41:$J$140,$R144) -> 0 | T144: =SUMIFS(T$41:T$140,$J$41:$J$140,$R144) -> 0 | U144: =COUNTIF(U$41:U$140,$R144) -> 0 | V144: =COUNTIF(V$41:V$140,$R144) -> 0 | W144: =COUNTIF(W$41:W$140,$R144) -> 0 | X144: =COUNTIF(X$41:X$140,$R144) -> 0 | Y144: =COUNTIF(Y$41:Y$140,$R144) -> 0
R145: =AA30 -> 事務員 | S145: =SUMIFS(S$41:S$140,$J$41:$J$140,$R145) -> 0 | T145: =SUMIFS(T$41:T$140,$J$41:$J$140,$R145) -> 0 | U145: =COUNTIF(U$41:U$140,$R145) -> 0 | V145: =COUNTIF(V$41:V$140,$R145) -> 0 | W145: =COUNTIF(W$41:W$140,$R145) -> 0 | X145: =COUNTIF(X$41:X$140,$R145) -> 0 | Y145: =COUNTIF(Y$41:Y$140,$R145) -> 0
R146: =AA31 -> その他 | S146: =SUMIFS(S$41:S$140,$J$41:$J$140,$R146) -> 0 | T146: =SUMIFS(T$41:T$140,$J$41:$J$140,$R146) -> 0 | U146: =COUNTIF(U$41:U$140,$R146) -> 0 | V146: =COUNTIF(V$41:V$140,$R146) -> 0 | W146: =COUNTIF(W$41:W$140,$R146) -> 0 | X146: =COUNTIF(X$41:X$140,$R146) -> 0 | Y146: =COUNTIF(Y$41:Y$140,$R146) -> 0

Sheet 【様式３】シフト表
B1: 【様式3】 | G1: =AO1 | I1: 年 | J1: =AO2 -> 0 | K1: 月 | L1: 非常勤職員勤務シフト表 | AC1: =AM2&"様式3"&AM3 -> 加-23_月申-様式3-保_Ver.2.01 | AM1: 様式名 | AN1: 年 | AO1: =【様式１】総括表・個票!D10 | AQ1: 値 | AR1: 1 | AS1: 2 | AT1: 3 | AU1: 4 | AV1: 5 | AW1: 6 | AX1: 7
B2: ○ | C2: 提出日 | F2: =【様式１】総括表・個票!W4 -> #N/A | K2: ・ 入力する時間は実勤務時間とし、休憩時間は含めないでください。 | AA2: 換算表 | AE2: 時 | AF2: ⇒ | AH2: =SUM(AC2,ROUND(AC3/60,2)) -> 0 | AJ2: 時間 | AM2: =【様式１】総括表・個票!$AJ$2 -> 加-23_月申- | AN2: 月 | AO2: =【様式１】総括表・個票!I10 -> 0 | AQ2: 曜日 | AR2: （日） | AS2: （月） | AT2: （火） | AU2: （水） | AV2: （木） | AW2: （金） | AX2: （土）
B3: ○ | C3: 施設名 | F3: =【様式１】総括表・個票!D12 -> 0 | K3: ・ 単位は「時間」のため、１時間30分⇒1.5（時間）となります。不明な場合は右の換算表をご使用ください。 | AE3: 分 | AK3: 【時間】 | AM3: =【様式１】総括表・個票!$AJ$3 -> -保_Ver.2.01
B4: No. | C4: 氏名 | D4: 日にち | F4: 1 | G4: 2 | H4: 3 | I4: 4 | J4: 5 | K4: 6 | L4: 7 | M4: 8 | N4: 9 | O4: 10 | P4: 11 | Q4: 12 | R4: 13 | S4: 14 | T4: 15 | U4: 16 | V4: 17 | W4: 18 | X4: 19 | Y4: 20 | Z4: 21 | AA4: 22 | AB4: 23 | AC4: 24 | AD4: 25 | AE4: 26 | AF4: 27 | AG4: 28 | AH4: =IF(AG4="","",IF(MONTH(DATE($AO$1,$AO$2,AG4+1))=$AO$2,AG4+1,"")) -> #VALUE! | AI4: =IF(AH4="","",IF(MONTH(DATE($AO$1,$AO$2,AH4+1))=$AO$2,AH4+1,"")) -> #VALUE! | AJ4: =IF(AI4="","",IF(MONTH(DATE($AO$1,$AO$2,AI4+1))=$AO$2,AI4+1,"")) -> #VALUE! | AK4: 合計
D5: 土・祝・休日 | F5: =IF(F4<>"",IF(OR(WEEKDAY(DATE($AO$1,$AO$2,F$4),2)>6,COUNTIF('休日情報(要更新)'!$A$5:$J$32,DATE($AO$1,$AO$2,F$4)) >=1),"○",""),"") -> #VALUE! | G5: =IF(G4<>"",IF(OR(WEEKDAY(DATE($AO$1,$AO$2,G$4),2)>6,COUNTIF('休日情報(要更新)'!$A$5:$J$32,DATE($AO$1,$AO$2,G$4)) >=1),"○",""),"") -> #VALUE! | H5: =IF(H4<>"",IF(OR(WEEKDAY(DATE($AO$1,$AO$2,H$4),2)>6,COUNTIF('休日情報(要更新)'!$A$5:$J$32,DATE($AO$1,$AO$2,H$4)) >=1),"○",""),"") -> #VALUE! | I5: =IF(I4<>"",IF(OR(WEEKDAY(DATE($AO$1,$AO$2,I$4),2)>6,COUNTIF('休日情報(要更新)'!$A$5:$J$32,DATE($AO$1,$AO$2,I$4)) >=1),"○",""),"") -> #VALUE! | J5: =IF(J4<>"",IF(OR(WEEKDAY(DATE($AO$1,$AO$2,J$4),2)>6,COUNTIF('休日情報(要更新)'!$A$5:$J$32,DATE($AO$1,$AO$2,J$4)) >=1),"○",""),"") -> #VALUE! | K5: =IF(K4<>"",IF(OR(WEEKDAY(DATE($AO$1,$AO$2,K$4),2)>6,COUNTIF('休日情報(要更新)'!$A$5:$J$32,DATE($AO$1,$AO$2,K$4)) >=1),"○",""),"") -> #VALUE! | L5: =IF(L4<>"",IF(OR(WEEKDAY(DATE($AO$1,$AO$2,L$4),2)>6,COUNTIF('休日情報(要更新)'!$A$5:$J$32,DATE($AO$1,$AO$2,L$4)) >=1),"○",""),"") -> #VALUE! | M5: =IF(M4<>"",IF(OR(WEEKDAY(DATE($AO$1,$AO$2,M$4),2)>6,COUNTIF('休日情報(要更新)'!$A$5:$J$32,DATE($AO$1,$AO$2,M$4)) >=1),"○",""),"") -> #VALUE! | ... AJ5: =IF(AJ4<>"",IF(OR(WEEKDAY(DATE($AO$1,$AO$2,AJ$4),2)>6,COUNTIF('休日情報(要更新)'!$A$5:$J$32,DATE($AO$1,$AO$2,AJ$4)) >=1),"○",""),"") -> #VALUE!
D6: 曜日 | F6: =HLOOKUP(WEEKDAY(DATE($AO$1,$AO$2,F$4)),$AR$1:$AX$2,2,FALSE) -> #VALUE! | G6: =HLOOKUP(WEEKDAY(DATE($AO$1,$AO$2,G$4)),$AR$1:$AX$2,2,FALSE) -> #VALUE! | H6: =HLOOKUP(WEEKDAY(DATE($AO$1,$AO$2,H$4)),$AR$1:$AX$2,2,FALSE) -> #VALUE! | I6: =HLOOKUP(WEEKDAY(DATE($AO$1,$AO$2,I$4)),$AR$1:$AX$2,2,FALSE) -> #VALUE! | J6: =HLOOKUP(WEEKDAY(DATE($AO$1,$AO$2,J$4)),$AR$1:$AX$2,2,FALSE) -> #VALUE! | K6: =HLOOKUP(WEEKDAY(DATE($AO$1,$AO$2,K$4)),$AR$1:$AX$2,2,FALSE) -> #VALUE! | L6: =HLOOKUP(WEEKDAY(DATE($AO$1,$AO$2,L$4)),$AR$1:$AX$2,2,FALSE) -> #VALUE! | M6: =HLOOKUP(WEEKDAY(DATE($AO$1,$AO$2,M$4)),$AR$1:$AX$2,2,FALSE) -> #VALUE! | ... AG6: =HLOOKUP(WEEKDAY(DATE($AO$1,$AO$2,AG$4)),$AR$1:$AX$2,2,FALSE) -> #VALUE! | AH6: =IF(AH4<>"",HLOOKUP(WEEKDAY(DATE($AO$1,$AO$2,AH$4)),$AR$1:$AX$2,2,FALSE),"") -> #VALUE! | AI6: =IF(AI4<>"",HLOOKUP(WEEKDAY(DATE($AO$1,$AO$2,AI$4)),$AR$1:$AX$2,2,FALSE),"") -> #VALUE! | AJ6: =IF(AJ4<>"",HLOOKUP(WEEKDAY(DATE($AO$1,$AO$2,AJ$4)),$AR$1:$AX$2,2,FALSE),"") -> #VALUE!
B7: =ROW()-6 -> 1 | C7: =IFERROR(INDEX(【様式2】職員名簿!$B$41:$B$140,MATCH($B7,【様式2】職員名簿!$O$41:$O$140,0),1),"") | D7: 時間数 | AK7: =MIN(SUMIF($F$4:$AJ$4,">0",F7:AJ7),【様式2】職員名簿!$F$5) -> 0
B8: =ROW()-6 -> 2 | C8: =IFERROR(INDEX(【様式2】職員名簿!$B$41:$B$140,MATCH($B8,【様式2】職員名簿!$O$41:$O$140,0),1),"") | D8: 時間数 | AK8: =MIN(SUMIF($F$4:$AJ$4,">0",F8:AJ8),【様式2】職員名簿!$F$5) -> 0
B9: =ROW()-6 -> 3 | C9: =IFERROR(INDEX(【様式2】職員名簿!$B$41:$B$140,MATCH($B9,【様式2】職員名簿!$O$41:$O$140,0),1),"") | D9: 時間数 | AK9: =MIN(SUMIF($F$4:$AJ$4,">0",F9:AJ9),【様式2】職員名簿!$F$5) -> 0
B10: =ROW()-6 -> 4 | C10: =IFERROR(INDEX(【様式2】職員名簿!$B$41:$B$140,MATCH($B10,【様式2】職員名簿!$O$41:$O$140,0),1),"") | D10: 時間数 | AK10: =MIN(SUMIF($F$4:$AJ$4,">0",F10:AJ10),【様式2】職員名簿!$F$5) -> 0
B11: =ROW()-6 -> 5 | C11: =IFERROR(INDEX(【様式2】職員名簿!$B$41:$B$140,MATCH($B11,【様式2】職員名簿!$O$41:$O$140,0),1),"") | D11: 時間数 | AK11: =MIN(SUMIF($F$4:$AJ$4,">0",F11:AJ11),【様式2】職員名簿!$F$5) -> 0
B12: =ROW()-6 -> 6 | C12: =IFERROR(INDEX(【様式2】職員名簿!$B$41:$B$140,MATCH($B12,【様式2】職員名簿!$O$41:$O$140,0),1),"") | D12: 時間数 | AK12: =MIN(SUMIF($F$4:$AJ$4,">0",F12:AJ12),【様式2】職員名簿!$F$5) -> 0
B13: =ROW()-6 -> 7 | C13: =IFERROR(INDEX(【様式2】職員名簿!$B$41:$B$140,MATCH($B13,【様式2】職員名簿!$O$41:$O$140,0),1),"") | D13: 時間数 | AK13: =MIN(SUMIF($F$4:$AJ$4,">0",F13:AJ13),【様式2】職員名簿!$F$5) -> 0
B14: =ROW()-6 -> 8 | C14: =IFERROR(INDEX(【様式2】職員名簿!$B$41:$B$140,MATCH($B14,【様式2】職員名簿!$O$41:$O$140,0),1),"") | D14: 時間数 | AK14: =MIN(SUMIF($F$4:$AJ$4,">0",F14:AJ14),【様式2】職員名簿!$F$5) -> 0
B15: =ROW()-6 -> 9 | C15: =IFERROR(INDEX(【様式2】職員名簿!$B$41:$B$140,MATCH($B15,【様式2】職員名簿!$O$41:$O$140,0),1),"") | D15: 時間数 | AK15: =MIN(SUMIF($F$4:$AJ$4,">0",F15:AJ15),【様式2】職員名簿!$F$5) -> 0
B16: =ROW()-6 -> 10 | C16: =IFERROR(INDEX(【様式2】職員名簿!$B$41:$B$140,MATCH($B16,【様式2】職員名簿!$O$41:$O$140,0),1),"") | D16: 時間数 | AK16: =MIN(SUMIF($F$4:$AJ$4,">0",F16:AJ16),【様式2】職員名簿!$F$5) -> 0
B17: =ROW()-6 -> 11 | C17: =IFERROR(INDEX(【様式2】職員名簿!$B$41:$B$140,MATCH($B17,【様式2】職員名簿!$O$41:$O$140,0),1),"") | D17: 時間数 | AK17: =MIN(SUMIF($F$4:$AJ$4,">0",F17:AJ17),【様式2】職員名簿!$F$5) -> 0
B18: =ROW()-6 -> 12 | C18: =IFERROR(INDEX(【様式2】職員名簿!$B$41:$B$140,MATCH($B18,【様式2】職員名簿!$O$41:$O$140,0),1),"") | D18: 時間数 | AK18: =MIN(SUMIF($F$4:$AJ$4,">0",F18:AJ18),【様式2】職員名簿!$F$5) -> 0
... B106: =ROW()-6 -> 100 | C106: =IFERROR(INDEX(【様式2】職員名簿!$B$41:$B$140,MATCH($B106,【様式2】職員名簿!$O$41:$O$140,0),1),"") | D106: 時間数 | AK106: =MIN(SUMIF($F$4:$AJ$4,">0",F106:AJ106),【様式2】職員名簿!$F$5) -> 0
B107: 計 | F107: =SUM(F7:F106) -> 0 | G107: =SUM(G7:G106) -> 0 | H107: =SUM(H7:H106) -> 0 | I107: =SUM(I7:I106) -> 0 | J107: =SUM(J7:J106) -> 0 | K107: =SUM(K7:K106) -> 0 | L107: =SUM(L7:L106) -> 0 | M107: =SUM(M7:M106) -> 0 | ... AG107: =SUM(AG7:AG106) -> 0 | AH107: =IF(AH4="",0,SUM(AH7:AH106)) -> #VALUE! | AI107: =IF(AI4="",0,SUM(AI7:AI106)) -> #VALUE! | AJ107: =IF(AJ4="",0,SUM(AJ7:AJ106)) -> #VALUE! | AK107: =SUM(AK7:AK106) -> 0

Sheet 【様式4】クラス編成表
A1: 【様式4】 | D1: =H2&"様式4"&H3 -> 加-23_月申-様式4-保_Ver.2.01 | H1: 様式名
H2: =【様式１】総括表・個票!$AJ$2 -> 加-23_月申-
A3: =【様式2】職員名簿!A2 -> 2023年度 | D3: クラス編成表 | E3: =【様式2】職員名簿!G2 -> 【月分】 | H3: =【様式１】総括表・個票!$AJ$3 -> -保_Ver.2.01
A5: クラス名 | B5: 年 齢 | C5: 人 数 | D5: 担任名(常勤専任) | E5: 副担任名 | F5: 備考
A26: 合計 | B26: 児童数計
B27: =SUM(C6:C25) -> 0 | C27: 0
A29: ※ 学級担任は常勤専任である必要があります。
A30: ※ 本表と同様の内容が確認できる書類の提出がある場合は、本クラス編成表の提出を省略することができます。
A31: ※ 年齢の高いクラス（年長）から記入願います。
A32: ※ チーム保育推進費加算の挙証書類とする場合は、備考欄等を使用しチーム保育体制が分かるようにご記載ください。

Sheet 【様式５】職員数算出表
A1: 【様式5】 | J1: =Q2&"様式5"&Q3 -> 加-23_月申-様式5-保_Ver.2.01 | Q1: 様式名 | AL1: 非常勤下限設定 | AM1: 就業規則に定める時間 | AN1: 選択 | AO1: チーム保育 | AP1: 選択 | AQ1: 職種 | AR1: リスト登録(数式＞定義された名前＞選択範囲から作成＞上端 で二重線囲部分を名前登録する➡ドロップダウンの範囲登録に使用)
Q2: =【様式１】総括表・個票!$AJ$2 -> 加-23_月申- | AL2: =AND(OR(AL3>0,AL4>0),ISNUMBER(AL3)) -> FALSE | AM2: =【様式2】職員名簿!$F$5 -> 0 | AQ2: =【様式2】職員名簿!AA26 -> 施設長 | AR2: 様式2 | AW2: 施設長 | AY2: 保育士 | BA2: 保育士 | BC2: 栄養士 | BE2: 調理員 | BG2: 事務員 | BI2: 全員 | BK2: 業務委託
B3: =【様式2】職員名簿!$A$2 -> 2023年度 | D3: 特定教育・保育等に要する費用の額の算定に係る職員数算出表 | K3: =+"【"&【様式１】総括表・個票!I10&"月分】" -> 【月分】 | Q3: =【様式１】総括表・個票!$AJ$3 -> -保_Ver.2.01 | AK3: 下限時間①→ | AL3: =AM2/2 -> 0 | AN3: ○ | AO3: 1 | AP3: =IFERROR(IF(AND($M$153>=0,AO3<=$J$56),AO3,""),"") | AQ3: =【様式2】職員名簿!AA27 -> 保育士 | AW3: =AQ2 -> 施設長 | AX3: 名前登録～上端行で登録↓ | AY3: =AQ3 -> 保育士 | AZ3: 名前登録～上端行で登録↓ | BA3: =AQ3 -> 保育士 | BB3: 名前登録～上端行で登録↓ | BC3: =AQ4 -> 栄養士 | BD3: 名前登録～上端行で登録↓ | BE3: =AQ4 -> 栄養士 | BF3: 名前登録～上端行で登録↓ | BG3: =AQ6 -> 事務員 | BH3: 名前登録～上端行で登録↓ | BI3: - | BJ3: 名前登録～上端行で登録↓
A4: 1 利用児童状況(クラス年齢) | AK4: 下限時間②→ | AL4: =AM2/5*2 -> 0 | AN4: × | AO4: 2 | AP4: =IFERROR(IF(AND($M$153>=0,AO4<=$J$56),AO4,""),"") | AQ4: =【様式2】職員名簿!AA28 -> 栄養士 | BA4: 常勤 | BE4: =AQ5 -> 調理員
A5: 「月初日(1日時点)」かつ「クラス年齢」の児童数を下記に入力すること。 | AQ5: =【様式2】職員名簿!AA29 -> 調理員
A6: 区分 | B6: 利用定員 | D6: 各月初日における利用児童数(市外児童含む) | N6: （総計） | AQ6: =【様式2】職員名簿!AA30 -> 事務員 | AR6: No | AS6: 氏名 | AT6: 常勤・非常勤 | AU6: 入力 | AV6: 勤務時間 | AW6: カウント | AX6: 施設長 | AY6: カウント | AZ6: 保育士 | BA6: カウント | BB6: 常勤保育士 | BC6: カウント | BD6: 栄養士 | BE6: カウント | BF6: 調理員 | BG6: カウント | BH6: 事務員 | BI6: カウント | BJ6: 全職種 | BL6: 業務委託
B7: 2号 | C7: 3号 | D7: 市内/外 | E7: 認定区分 | F7: 5歳児 | G7: 4歳児 | H7: 3歳児 | I7: 満3歳児 | J7: 2歳児 | K7: 1歳児 | L7: 0歳児（乳児） | M7: 計 | AQ7: =【様式2】職員名簿!AA31 -> その他 | AR7: 0 | BK7: =【様式2】職員名簿!C28 -> 保育士 | BL7: =IFERROR(IF(BK7=【様式2】職員名簿!$J28,【様式2】職員名簿!$B28,"×"),"×") -> × | BM7: =【様式2】職員名簿!G28 -> 0
A8: 本園 | B8: =【様式１】総括表・個票!H14 -> 0 | C8: =【様式１】総括表・個票!M14 -> 0 | D8: 市内 | E8: 標準 | I8: - | M8: =SUM(F8:L8) -> 0 | N8: =SUM(M8,M10) -> 0 | AR8: =ROW()-ROW($AR$7) -> 1 | AS8: =AR8&" "&IF(AU8<>"-",【様式2】職員名簿!B41&"/"&AT8&"/"&AU8,"") -> 1 | AT8: =【様式2】職員名簿!E41 -> 0 | AU8: =IF(【様式2】職員名簿!J41="エラー","-",【様式2】職員名簿!J41) -> - | AV8: =IF($AT8="常勤",$AM$2,IF($AT8="非常勤",【様式2】職員名簿!G41,0)) -> 0 | AW8: =IF($AU8=AW$3,COUNTIF($AU$8:$AU8,AW$3),0) -> 0 | AX8: =IFERROR(INDEX($AS$8:$AS$111,MATCH($AR8,AW$8:AW$111,0),1),"") | AY8: =IF($AU8=AY$3,COUNTIF($AU$8:$AU8,AY$3),0) -> 0 | AZ8: =IFERROR(INDEX($AS$8:$AS$111,MATCH($AR8,AY$8:AY$111,0),1),"") | BA8: =IF($AU8=BA$3,COUNTIFS($AU$8:$AU8,BA$3,$AT$8:$AT8,BA$4),0) -> 0 | BB8: =IFERROR(INDEX($AS$8:$AS$111,MATCH($AR8,BA$8:BA$111,0),1),"") | BC8: =IF($AU8=BC$3,COUNTIF($AU$8:$AU8,BC$3),0) -> 0 | BD8: =IFERROR(INDEX($AS$8:$AS$111,MATCH($AR8,BC$8:BC$111,0),1),"") | BE8: =IF(OR($AU8=BE$3,$AU8=BE$4),COUNTIF($AU$8:$AU8,BE$3)+COUNTIF($AU$8:$AU8,BE$4),0) -> 0 | BF8: =IFERROR(INDEX($AS$8:$AS$111,MATCH($AR8,BE$8:BE$111,0),1),"") | BG8: =IF($AU8=BG$3,COUNTIF($AU$8:$AU8,BG$3),0) -> 0 | BH8: =IFERROR(INDEX($AS$8:$AS$111,MATCH($AR8,BG$8:BG$111,0),1),"") | BI8: =IF($AU8<>BI$3,COUNTIF($AU$8:$AU8,"<>"&BI$3),0) -> 0 | BJ8: =IFERROR(INDEX($AS$8:$AS$111,MATCH($AR8,BI$8:BI$111,0),1),"") | BK8: =【様式2】職員名簿!C29 -> 栄養士（委託） | BL8: =IFERROR(IF(BK8=【様式2】職員名簿!$J29,【様式2】職員名簿!$B29,"×"),"×") -> × | BM8: =【様式2】職員名簿!G29 -> 0
E9: 短 | I9: - | M9: =SUM(F9:L9) -> 0 | N9: =SUM(M9,M11) -> 0 | AR9: =ROW()-ROW($AR$7) -> 2 | AS9: =AR9&" "&IF(AU9<>"-",【様式2】職員名簿!B42&"/"&AT9&"/"&AU9,"") -> 2 | AT9: =【様式2】職員名簿!E42 -> 0 | AU9: =IF(【様式2】職員名簿!J42="エラー","-",【様式2】職員名簿!J42) -> - | AV9: =IF($AT9="常勤",$AM$2,IF($AT9="非常勤",【様式2】職員名簿!G42,0)) -> 0 | AW9: =IF($AU9=AW$3,COUNTIF($AU$8:$AU9,AW$3),0) -> 0 | AX9: =IFERROR(INDEX($AS$8:$AS$111,MATCH($AR9,AW$8:AW$111,0),1),"") | AY9: =IF($AU9=AY$3,COUNTIF($AU$8:$AU9,AY$3),0) -> 0 | AZ9: =IFERROR(INDEX($AS$8:$AS$111,MATCH($AR9,AY$8:AY$111,0),1),"") | BA9: =IF($AU9=BA$3,COUNTIFS($AU$8:$AU9,BA$3,$AT$8:$AT9,BA$4),0) -> 0 | BB9: =IFERROR(INDEX($AS$8:$AS$111,MATCH($AR9,BA$8:BA$111,0),1),"") | BC9: =IF($AU9=BC$3,COUNTIF($AU$8:$AU9,BC$3),0) -> 0 | BD9: =IFERROR(INDEX($AS$8:$AS$111,MATCH($AR9,BC$8:BC$111,0),1),"") | BE9: =IF(OR($AU9=BE$3,$AU9=BE$4),COUNTIF($AU$8:$AU9,BE$3)+COUNTIF($AU$8:$AU9,BE$4),0) -> 0 | BF9: =IFERROR(INDEX($AS$8:$AS$111,MATCH($AR9,BE$8:BE$111,0),1),"") | BG9: =IF($AU9=BG$3,COUNTIF($AU$8:$AU9,BG$3),0) -> 0 | BH9: =IFERROR(INDEX($AS$8:$AS$111,MATCH($AR9,BG$8:BG$111,0),1),"") | BI9: =IF($AU9<>BI$3,COUNTIF($AU$8:$AU9,"<>"&BI$3),0) -> 0 | BJ9: =IFERROR(INDEX($AS$8:$AS$111,MATCH($AR9,BI$8:BI$111,0),1),"") | BK9: =【様式2】職員名簿!C30 -> 調理員（委託） | BL9: =IFERROR(IF(BK9=【様式2】職員名簿!$J30,【様式2】職員名簿!$B30,"×"),"×") -> × | BM9: =【様式2】職員名簿!G30 -> 0
D10: 市外 | E10: 標準 | I10: - | M10: =SUM(F10:L10) -> 0 | N10: - | AR10: =ROW()-ROW($AR$7) -> 3 | AS10: =AR10&" "&IF(AU10<>"-",【様式2】職員名簿!B43&"/"&AT10&"/"&AU10,"") -> 3 | AT10: =【様式2】職員名簿!E43 -> 0 | AU10: =IF(【様式2】職員名簿!J43="エラー","-",【様式2】職員名簿!J43) -> - | AV10: =IF($AT10="常勤",$AM$2,IF($AT10="非常勤",【様式2】職員名簿!G43,0)) -> 0 | AW10: =IF($AU10=AW$3,COUNTIF($AU$8:$AU10,AW$3),0) -> 0 | AX10: =IFERROR(INDEX($AS$8:$AS$111,MATCH($AR10,AW$8:AW$111,0),1),"") | AY10: =IF($AU10=AY$3,COUNTIF($AU$8:$AU10,AY$3),0) -> 0 | AZ10: =IFERROR(INDEX($AS$8:$AS$111,MATCH($AR10,AY$8:AY$111,0),1),"") | BA10: =IF($AU10=BA$3,COUNTIFS($AU$8:$AU10,BA$3,$AT$8:$AT10,BA$4),0) -> 0 | BB10: =IFERROR(INDEX($AS$8:$AS$111,MATCH($AR10,BA$8:BA$111,0),1),"") | BC10: =IF($AU10=BC$3,COUNTIF($AU$8:$AU10,BC$3),0) -> 0 | BD10: =IFERROR(INDEX($AS$8:$AS$111,MATCH($AR10,BC$8:BC$111,0),1),"") | BE10: =IF(OR($AU10=BE$3,$AU10=BE$4),COUNTIF($AU$8:$AU10,BE$3)+COUNTIF($AU$8:$AU10,BE$4),0) -> 0 | BF10: =IFERROR(INDEX($AS$8:$AS$111,MATCH($AR10,BE$8:BE$111,0),1),"") | BG10: =IF($AU10=BG$3,COUNTIF($AU$8:$AU10,BG$3),0) -> 0 | BH10: =IFERROR(INDEX($AS$8:$AS$111,MATCH($AR10,BG$8:BG$111,0),1),"") | BI10: =IF($AU10<>BI$3,COUNTIF($AU$8:$AU10,"<>"&BI$3),0) -> 0 | BJ10: =IFERROR(INDEX($AS$8:$AS$111,MATCH($AR10,BI$8:BI$111,0),1),"") | BK10: =【様式2】職員名簿!C31 -> 事務員（委託） | BL10: =IFERROR(IF(BK10=【様式2】職員名簿!$J31,【様式2】職員名簿!$B31,"×"),"×") -> × | BM10: =【様式2】職員名簿!G31 -> 0
E11: 短 | I11: - | M11: =SUM(F11:L11) -> 0 | N11: - | AR11: =ROW()-ROW($AR$7) -> 4 | AS11: =AR11&" "&IF(AU11<>"-",【様式2】職員名簿!B44&"/"&AT11&"/"&AU11,"") -> 4 | AT11: =【様式2】職員名簿!E44 -> 0 | AU11: =IF(【様式2】職員名簿!J44="エラー","-",【様式2】職員名簿!J44) -> - | AV11: =IF($AT11="常勤",$AM$2,IF($AT11="非常勤",【様式2】職員名簿!G44,0)) -> 0 | AW11: =IF($AU11=AW$3,COUNTIF($AU$8:$AU11,AW$3),0) -> 0 | AX11: =IFERROR(INDEX($AS$8:$AS$111,MATCH($AR11,AW$8:AW$111,0),1),"") | AY11: =IF($AU11=AY$3,COUNTIF($AU$8:$AU11,AY$3),0) -> 0 | AZ11: =IFERROR(INDEX($AS$8:$AS$111,MATCH($AR11,AY$8:AY$111,0),1),"") | BA11: =IF($AU11=BA$3,COUNTIFS($AU$8:$AU11,BA$3,$AT$8:$AT11,BA$4),0) -> 0 | BB11: =IFERROR(INDEX($AS$8:$AS$111,MATCH($AR11,BA$8:BA$111,0),1),"") | BC11: =IF($AU11=BC$3,COUNTIF($AU$8:$AU11,BC$3),0) -> 0 | BD11: =IFERROR(INDEX($AS$8:$AS$111,MATCH($AR11,BC$8:BC$111,0),1),"") | BE11: =IF(OR($AU11=BE$3,$AU11=BE$4),COUNTIF($AU$8:$AU11,BE$3)+COUNTIF($AU$8:$AU11,BE$4),0) -> 0 | BF11: =IFERROR(INDEX($AS$8:$AS$111,MATCH($AR11,BE$8:BE$111,0),1),"") | BG11: =IF($AU11=BG$3,COUNTIF($AU$8:$AU11,BG$3),0) -> 0 | BH11: =IFERROR(INDEX($AS$8:$AS$111,MATCH($AR11,BG$8:BG$111,0),1),"") | BI11: =IF($AU11<>BI$3,COUNTIF($AU$8:$AU11,"<>"&BI$3),0) -> 0 | BJ11: =IFERROR(INDEX($AS$8:$AS$111,MATCH($AR11,BI$8:BI$111,0),1),"") | BK11: =【様式2】職員名簿!C32 -> その他（委託） | BL11: =IFERROR(IF(BK11=【様式2】職員名簿!$J32,【様式2】職員名簿!$B32,"×"),"×") -> × | BM11: =【様式2】職員名簿!G32 -> 0
A12: 計 | B12: =SUM(B8:C11) -> 0 | F12: =SUM(F8:F11) -> 0 | G12: =SUM(G8:G11) -> 0 | H12: =SUM(H8:H11) -> 0 | I12: =SUM(I8:I11) -> 0 | J12: =SUM(J8:J11) -> 0 | K12: =SUM(K8:K11) -> 0 | L12: =SUM(L8:L11) -> 0 | M12: =SUM(M8:M11) -> 0 | N12: =SUM(N8:N11) -> 0 | AR12: =ROW()-ROW($AR$7) -> 5 | AS12: =AR12&" "&IF(AU12<>"-",【様式2】職員名簿!B45&"/"&AT12&"/"&AU12,"") -> 5 | AT12: =【様式2】職員名簿!E45 -> 0 | AU12: =IF(【様式2】職員名簿!J45="エラー","-",【様式2】職員名簿!J45) -> - | AV12: =IF($AT12="常勤",$AM$2,IF($AT12="非常勤",【様式2】職員名簿!G45,0)) -> 0 | AW12: =IF($AU12=AW$3,COUNTIF($AU$8:$AU12,AW$3),0) -> 0 | AX12: =IFERROR(INDEX($AS$8:$AS$111,MATCH($AR12,AW$8:AW$111,0),1),"") | AY12: =IF($AU12=AY$3,COUNTIF($AU$8:$AU12,AY$3),0) -> 0 | AZ12: =IFERROR(INDEX($AS$8:$AS$111,MATCH($AR12,AY$8:AY$111,0),1),"") | BA12: =IF($AU12=BA$3,COUNTIFS($AU$8:$AU12,BA$3,$AT$8:$AT12,BA$4),0) -> 0 | BB12: =IFERROR(INDEX($AS$8:$AS$111,MATCH($AR12,BA$8:BA$111,0),1),"") | BC12: =IF($AU12=BC$3,COUNTIF($AU$8:$AU12,BC$3),0) -> 0 | BD12: =IFERROR(INDEX($AS$8:$AS$111,MATCH($AR12,BC$8:BC$111,0),1),"") | BE12: =IF(OR($AU12=BE$3,$AU12=BE$4),COUNTIF($AU$8:$AU12,BE$3)+COUNTIF($AU$8:$AU12,BE$4),0) -> 0 | BF12: =IFERROR(INDEX($AS$8:$AS$111,MATCH($AR12,BE$8:BE$111,0),1),"") | BG12: =IF($AU12=BG$3,COUNTIF($AU$8:$AU12,BG$3),0) -> 0 | BH12: =IFERROR(INDEX($AS$8:$AS$111,MATCH($AR12,BG$8:BG$111,0),1),"") | BI12: =IF($AU12<>BI$3,COUNTIF($AU$8:$AU12,"<>"&BI$3),0) -> 0 | BJ12: =IFERROR(INDEX($AS$8:$AS$111,MATCH($AR12,BI$8:BI$111,0),1),"")
A13: 区分 | B13: 利用定員 | D13: 各月初日における利用児童数(市外児童含む) | N13: （総計） | AR13: =ROW()-ROW($AR$7) -> 6 | AS13: =AR13&" "&IF(AU13<>"-",【様式2】職員名簿!B46&"/"&AT13&"/"&AU13,"") -> 6 | AT13: =【様式2】職員名簿!E46 -> 0 | AU13: =IF(【様式2】職員名簿!J46="エラー","-",【様式2】職員名簿!J46) -> - | AV13: =IF($AT13="常勤",$AM$2,IF($AT13="非常勤",【様式2】職員名簿!G46,0)) -> 0 | AW13: =IF($AU13=AW$3,COUNTIF($AU$8:$AU13,AW$3),0) -> 0 | AX13: =IFERROR(INDEX($AS$8:$AS$111,MATCH($AR13,AW$8:AW$111,0),1),"") | AY13: =IF($AU13=AY$3,COUNTIF($AU$8:$AU13,AY$3),0) -> 0 | AZ13: =IFERROR(INDEX($AS$8:$AS$111,MATCH($AR13,AY$8:AY$111,0),1),"") | BA13: =IF($AU13=BA$3,COUNTIFS($AU$8:$AU13,BA$3,$AT$8:$AT13,BA$4),0) -> 0 | BB13: =IFERROR(INDEX($AS$8:$AS$111,MATCH($AR13,BA$8:BA$111,0),1),"") | BC13: =IF($AU13=BC$3,COUNTIF($AU$8:$AU13,BC$3),0) -> 0 | BD13: =IFERROR(INDEX($AS$8:$AS$111,MATCH($AR13,BC$8:BC$111,0),1),"") | BE13: =IF(OR($AU13=BE$3,$AU13=BE$4),COUNTIF($AU$8:$AU13,BE$3)+COUNTIF($AU$8:$AU13,BE$4),0) -> 0 | BF13: =IFERROR(INDEX($AS$8:$AS$111,MATCH($AR13,BE$8:BE$111,0),1),"") | BG13: =IF($AU13=BG$3,COUNTIF($AU$8:$AU13,BG$3),0) -> 0 | BH13: =IFERROR(INDEX($AS$8:$AS$111,MATCH($AR13,BG$8:BG$111,0),1),"") | BI13: =IF($AU13<>BI$3,COUNTIF($AU$8:$AU13,"<>"&BI$3),0) -> 0 | BJ13: =IFERROR(INDEX($AS$8:$AS$111,MATCH($AR13,BI$8:BI$111,0),1),"")
B14: 2号 | C14: 3号 | D14: 市内/外 | E14: 認定区分 | F14: 5歳児 | G14: 4歳児 | H14: 3歳児 | I14: 満3歳児 | J14: 2歳児 | K14: 1歳児 | L14: 0歳児（乳児） | M14: 計 | AR14: =ROW()-ROW($AR$7) -> 7 | AS14: =AR14&" "&IF(AU14<>"-",【様式2】職員名簿!B47&"/"&AT14&"/"&AU14,"") -> 7 | AT14: =【様式2】職員名簿!E47 -> 0 | AU14: =IF(【様式2】職員名簿!J47="エラー","-",【様式2】職員名簿!J47) -> - | AV14: =IF($AT14="常勤",$AM$2,IF($AT14="非常勤",【様式2】職員名簿!G47,0)) -> 0 | AW14: =IF($AU14=AW$3,COUNTIF($AU$8:$AU14,AW$3),0) -> 0 | AX14: =IFERROR(INDEX($AS$8:$AS$111,MATCH($AR14,AW$8:AW$111,0),1),"") | AY14: =IF($AU14=AY$3,COUNTIF($AU$8:$AU14,AY$3),0) -> 0 | AZ14: =IFERROR(INDEX($AS$8:$AS$111,MATCH($AR14,AY$8:AY$111,0),1),"") | BA14: =IF($AU14=BA$3,COUNTIFS($AU$8:$AU14,BA$3,$AT$8:$AT14,BA$4),0) -> 0 | BB14: =IFERROR(INDEX($AS$8:$AS$111,MATCH($AR14,BA$8:BA$111,0),1),"") | BC14: =IF($AU14=BC$3,COUNTIF($AU$8:$AU14,BC$3),0) -> 0 | BD14: =IFERROR(INDEX($AS$8:$AS$111,MATCH($AR14,BC$8:BC$111,0),1),"") | BE14: =IF(OR($AU14=BE$3,$AU14=BE$4),COUNTIF($AU$8:$AU14,BE$3)+COUNTIF($AU$8:$AU14,BE$4),0) -> 0 | BF14: =IFERROR(INDEX($AS$8:$AS$111,MATCH($AR14,BE$8:BE$111,0),1),"") | BG14: =IF($AU14=BG$3,COUNTIF($AU$8:$AU14,BG$3),0) -> 0 | BH14: =IFERROR(INDEX($AS$8:$AS$111,MATCH($AR14,BG$8:BG$111,0),1),"") | BI14: =IF($AU14<>BI$3,COUNTIF($AU$8:$AU14,"<>"&BI$3),0) -> 0 | BJ14: =IFERROR(INDEX($AS$8:$AS$111,MATCH($AR14,BI$8:BI$111,0),1),"")
A15: 分園 | B15: - | C15: =【様式１】総括表・個票!M15 -> 0 | D15: 市内 | E15: 標準 | F15: - | G15: - | H15: - | I15: - | M15: =SUM(F15:L15) -> 0 | N15: =SUM(M15,M17) -> 0 | AR15: =ROW()-ROW($AR$7) -> 8 | AS15: =AR15&" "&IF(AU15<>"-",【様式2】職員名簿!B48&"/"&AT15&"/"&AU15,"") -> 8 | AT15: =【様式2】職員名簿!E48 -> 0 | AU15: =IF(【様式2】職員名簿!J48="エラー","-",【様式2】職員名簿!J48) -> - | AV15: =IF($AT15="常勤",$AM$2,IF($AT15="非常勤",【様式2】職員名簿!G48,0)) -> 0 | AW15: =IF($AU15=AW$3,COUNTIF($AU$8:$AU15,AW$3),0) -> 0 | AX15: =IFERROR(INDEX($AS$8:$AS$111,MATCH($AR15,AW$8:AW$111,0),1),"") | AY15: =IF($AU15=AY$3,COUNTIF($AU$8:$AU15,AY$3),0) -> 0 | AZ15: =IFERROR(INDEX($AS$8:$AS$111,MATCH($AR15,AY$8:AY$111,0),1),"") | BA15: =IF($AU15=BA$3,COUNTIFS($AU$8:$AU15,BA$3,$AT$8:$AT15,BA$4),0) -> 0 | BB15: =IFERROR(INDEX($AS$8:$AS$111,MATCH($AR15,BA$8:BA$111,0),1),"") | BC15: =IF($AU15=BC$3,COUNTIF($AU$8:$AU15,BC$3),0) -> 0 | BD15: =IFERROR(INDEX($AS$8:$AS$111,MATCH($AR15,BC$8:BC$111,0),1),"") | BE15: =IF(OR($AU15=BE$3,$AU15=BE$4),COUNTIF($AU$8:$AU15,BE$3)+COUNTIF($AU$8:$AU15,BE$4),0) -> 0 | BF15: =IFERROR(INDEX($AS$8:$AS$111,MATCH($AR15,BE$8:BE$111,0),1),"") | BG15: =IF($AU15=BG$3,COUNTIF($AU$8:$AU15,BG$3),0) -> 0 | BH15: =IFERROR(INDEX($AS$8:$AS$111,MATCH($AR15,BG$8:BG$111,0),1),"") | BI15: =IF($AU15<>BI$3,COUNTIF($AU$8:$AU15,"<>"&BI$3),0) -> 0 | BJ15: =IFERROR(INDEX($AS$8:$AS$111,MATCH($AR15,BI$8:BI$111,0),1),"")
E16: 短 | F16: - | G16: - | H16: - | I16: - | M16: =SUM(F16:L16) -> 0 | N16: =SUM(M16,M18) -> 0 | AR16: =ROW()-ROW($AR$7) -> 9 | AS16: =AR16&" "&IF(AU16<>"-",【様式2】職員名簿!B49&"/"&AT16&"/"&AU16,"") -> 9 | AT16: =【様式2】職員名簿!E49 -> 0 | AU16: =IF(【様式2】職員名簿!J49="エラー","-",【様式2】職員名簿!J49) -> - | AV16: =IF($AT16="常勤",$AM$2,IF($AT16="非常勤",【様式2】職員名簿!G49,0)) -> 0 | AW16: =IF($AU16=AW$3,COUNTIF($AU$8:$AU16,AW$3),0) -> 0 | AX16: =IFERROR(INDEX($AS$8:$AS$111,MATCH($AR16,AW$8:AW$111,0),1),"") | AY16: =IF($AU16=AY$3,COUNTIF($AU$8:$AU16,AY$3),0) -> 0 | AZ16: =IFERROR(INDEX($AS$8:$AS$111,MATCH($AR16,AY$8:AY$111,0),1),"") | BA16: =IF($AU16=BA$3,COUNTIFS($AU$8:$AU16,BA$3,$AT$8:$AT16,BA$4),0) -> 0 | BB16: =IFERROR(INDEX($AS$8:$AS$111,MATCH($AR16,BA$8:BA$111,0),1),"") | BC16: =IF($AU16=BC$3,COUNTIF($AU$8:$AU16,BC$3),0) -> 0 | BD16: =IFERROR(INDEX($AS$8:$AS$111,MATCH($AR16,BC$8:BC$111,0),1),"") | BE16: =IF(OR($AU16=BE$3,$AU16=BE$4),COUNTIF($AU$8:$AU16,BE$3)+COUNTIF($AU$8:$AU16,BE$4),0) -> 0 | BF16: =IFERROR(INDEX($AS$8:$AS$111,MATCH($AR16,BE$8:BE$111,0),1),"") | BG16: =IF($AU16=BG$3,COUNTIF($AU$8:$AU16,BG$3),0) -> 0 | BH16: =IFERROR(INDEX($AS$8:$AS$111,MATCH($AR16,BG$8:BG$111,0),1),"") | BI16: =IF($AU16<>BI$3,COUNTIF($AU$8:$AU16,"<>"&BI$3),0) -> 0 | BJ16: =IFERROR(INDEX($AS$8:$AS$111,MATCH($AR16,BI$8:BI$111,0),1),"")
D17: 市外 | E17: 標準 | F17: - | G17: - | H17: - | I17: - | M17: =SUM(F17:L17) -> 0 | N17: - | AR17: =ROW()-ROW($AR$7) -> 10 | AS17: =AR17&" "&IF(AU17<>"-",【様式2】職員名簿!B50&"/"&AT17&"/"&AU17,"") -> 10 | AT17: =【様式2】職員名簿!E50 -> 0 | AU17: =IF(【様式2】職員名簿!J50="エラー","-",【様式2】職員名簿!J50) -> - | AV17: =IF($AT17="常勤",$AM$2,IF($AT17="非常勤",【様式2】職員名簿!G50,0)) -> 0 | AW17: =IF($AU17=AW$3,COUNTIF($AU$8:$AU17,AW$3),0) -> 0 | AX17: =IFERROR(INDEX($AS$8:$AS$111,MATCH($AR17,AW$8:AW$111,0),1),"") | AY17: =IF($AU17=AY$3,COUNTIF($AU$8:$AU17,AY$3),0) -> 0 | AZ17: =IFERROR(INDEX($AS$8:$AS$111,MATCH($AR17,AY$8:AY$111,0),1),"") | BA17: =IF($AU17=BA$3,COUNTIFS($AU$8:$AU17,BA$3,$AT$8:$AT17,BA$4),0) -> 0 | BB17: =IFERROR(INDEX($AS$8:$AS$111,MATCH($AR17,BA$8:BA$111,0),1),"") | BC17: =IF($AU17=BC$3,COUNTIF($AU$8:$AU17,BC$3),0) -> 0 | BD17: =IFERROR(INDEX($AS$8:$AS$111,MATCH($AR17,BC$8:BC$111,0),1),"") | BE17: =IF(OR($AU17=BE$3,$AU17=BE$4),COUNTIF($AU$8:$AU17,BE$3)+COUNTIF($AU$8:$AU17,BE$4),0) -> 0 | BF17: =IFERROR(INDEX($AS$8:$AS$111,MATCH($AR17,BE$8:BE$111,0),1),"") | BG17: =IF($AU17=BG$3,COUNTIF($AU$8:$AU17,BG$3),0) -> 0 | BH17: =IFERROR(INDEX($AS$8:$AS$111,MATCH($AR17,BG$8:BG$111,0),1),"") | BI17: =IF($AU17<>BI$3,COUNTIF($AU$8:$AU17,"<>"&BI$3),0) -> 0 | BJ17: =IFERROR(INDEX($AS$8:$AS$111,MATCH($AR17,BI$8:BI$111,0),1),"")
E18: 短 | F18: - | G18: - | H18: - | I18: - | M18: =SUM(F18:L18) -> 0 | N18: - | AR18: =ROW()-ROW($AR$7) -> 11 | AS18: =AR18&" "&IF(AU18<>"-",【様式2】職員名簿!B51&"/"&AT18&"/"&AU18,"") -> 11 | AT18: =【様式2】職員名簿!E51 -> 0 | AU18: =IF(【様式2】職員名簿!J51="エラー","-",【様式2】職員名簿!J51) -> - | AV18: =IF($AT18="常勤",$AM$2,IF($AT18="非常勤",【様式2】職員名簿!G51,0)) -> 0 | AW18: =IF($AU18=AW$3,COUNTIF($AU$8:$AU18,AW$3),0) -> 0 | AX18: =IFERROR(INDEX($AS$8:$AS$111,MATCH($AR18,AW$8:AW$111,0),1),"") | AY18: =IF($AU18=AY$3,COUNTIF($AU$8:$AU18,AY$3),0) -> 0 | AZ18: =IFERROR(INDEX($AS$8:$AS$111,MATCH($AR18,AY$8:AY$111,0),1),"") | BA18: =IF($AU18=BA$3,COUNTIFS($AU$8:$AU18,BA$3,$AT$8:$AT18,BA$4),0) -> 0 | BB18: =IFERROR(INDEX($AS$8:$AS$111,MATCH($AR18,BA$8:BA$111,0),1),"") | BC18: =IF($AU18=BC$3,COUNTIF($AU$8:$AU18,BC$3),0) -> 0 | BD18: =IFERROR(INDEX($AS$8:$AS$111,MATCH($AR18,BC$8:BC$111,0),1),"") | BE18: =IF(OR($AU18=BE$3,$AU18=BE$4),COUNTIF($AU$8:$AU18,BE$3)+COUNTIF($AU$8:$AU18,BE$4),0) -> 0 | BF18: =IFERROR(INDEX($AS$8:$AS$111,MATCH($AR18,BE$8:BE$111,0),1),"") | BG18: =IF($AU18=BG$3,COUNTIF($AU$8:$AU18,BG$3),0) -> 0 | BH18: =IFERROR(INDEX($AS$8:$AS$111,MATCH($AR18,BG$8:BG$111,0),1),"") | BI18: =IF($AU18<>BI$3,COUNTIF($AU$8:$AU18,"<>"&BI$3),0) -> 0 | BJ18: =IFERROR(INDEX($AS$8:$AS$111,MATCH($AR18,BI$8:BI$111,0),1),"")
A19: 計 | B19: =SUM(C15) -> 0 | F19: =SUM(F15:F18) -> 0 | G19: =SUM(G15:G18) -> 0 | H19: =SUM(H15:H18) -> 0 | I19: =SUM(I15:I18) -> 0 | J19: =SUM(J15:J18) -> 0 | K19: =SUM(K15:K18) -> 0 | L19: =SUM(L15:L18) -> 0 | M19: =SUM(M15:M18) -> 0 | N19: =SUM(N15:N18) -> 0 | AR19: =ROW()-ROW($AR$7) -> 12 | AS19: =AR19&" "&IF(AU19<>"-",【様式2】職員名簿!B52&"/"&AT19&"/"&AU19,"") -> 12 | AT19: =【様式2】職員名簿!E52 -> 0 | AU19: =IF(【様式2】職員名簿!J52="エラー","-",【様式2】職員名簿!J52) -> - | AV19: =IF($AT19="常勤",$AM$2,IF($AT19="非常勤",【様式2】職員名簿!G52,0)) -> 0 | AW19: =IF($AU19=AW$3,COUNTIF($AU$8:$AU19,AW$3),0) -> 0 | AX19: =IFERROR(INDEX($AS$8:$AS$111,MATCH($AR19,AW$8:AW$111,0),1),"") | AY19: =IF($AU19=AY$3,COUNTIF($AU$8:$AU19,AY$3),0) -> 0 | AZ19: =IFERROR(INDEX($AS$8:$AS$111,MATCH($AR19,AY$8:AY$111,0),1),"") | BA19: =IF($AU19=BA$3,COUNTIFS($AU$8:$AU19,BA$3,$AT$8:$AT19,BA$4),0) -> 0 | BB19: =IFERROR(INDEX($AS$8:$AS$111,MATCH($AR19,BA$8:BA$111,0),1),"") | BC19: =IF($AU19=BC$3,COUNTIF($AU$8:$AU19,BC$3),0) -> 0 | BD19: =IFERROR(INDEX($AS$8:$AS$111,MATCH($AR19,BC$8:BC$111,0),1),"") | BE19: =IF(OR($AU19=BE$3,$AU19=BE$4),COUNTIF($AU$8:$AU19,BE$3)+COUNTIF($AU$8:$AU19,BE$4),0) -> 0 | BF19: =IFERROR(INDEX($AS$8:$AS$111,MATCH($AR19,BE$8:BE$111,0),1),"") | BG19: =IF($AU19=BG$3,COUNTIF($AU$8:$AU19,BG$3),0) -> 0 | BH19: =IFERROR(INDEX($AS$8:$AS$111,MATCH($AR19,BG$8:BG$111,0),1),"") | BI19: =IF($AU19<>BI$3,COUNTIF($AU$8:$AU19,"<>"&BI$3),0) -> 0 | BJ19: =IFERROR(INDEX($AS$8:$AS$111,MATCH($AR19,BI$8:BI$111,0),1),"")
A20: 総計 | B20: =SUM(B12,B19) -> 0 | F20: =SUM(F12,F19) -> 0 | G20: =SUM(G12,G19) -> 0 | H20: =SUM(H12,H19) -> 0 | I20: =SUM(I12,I19) -> 0 | J20: =SUM(J12,J19) -> 0 | K20: =SUM(K12,K19) -> 0 | L20: =SUM(L12,L19) -> 0 | M20: =SUM(M12,M19) -> 0 | N20: =SUM(N12,N19) -> 0 | AR20: =ROW()-ROW($AR$7) -> 13 | AS20: =AR20&" "&IF(AU20<>"-",【様式2】職員名簿!B53&"/"&AT20&"/"&AU20,"") -> 13 | AT20: =【様式2】職員名簿!E53 -> 0 | AU20: =IF(【様式2】職員名簿!J53="エラー","-",【様式2】職員名簿!J53) -> - | AV20: =IF($AT20="常勤",$AM$2,IF($AT20="非常勤",【様式2】職員名簿!G53,0)) -> 0 | AW20: =IF($AU20=AW$3,COUNTIF($AU$8:$AU20,AW$3),0) -> 0 | AX20: =IFERROR(INDEX($AS$8:$AS$111,MATCH($AR20,AW$8:AW$111,0),1),"") | AY20: =IF($AU20=AY$3,COUNTIF($AU$8:$AU20,AY$3),0) -> 0 | AZ20: =IFERROR(INDEX($AS$8:$AS$111,MATCH($AR20,AY$8:AY$111,0),1),"") | BA20: =IF($AU20=BA$3,COUNTIFS($AU$8:$AU20,BA$3,$AT$8:$AT20,BA$4),0) -> 0 | BB20: =IFERROR(INDEX($AS$8:$AS$111,MATCH($AR20,BA$8:BA$111,0),1),"") | BC20: =IF($AU20=BC$3,COUNTIF($AU$8:$AU20,BC$3),0) -> 0 | BD20: =IFERROR(INDEX($AS$8:$AS$111,MATCH($AR20,BC$8:BC$111,0),1),"") | BE20: =IF(OR($AU20=BE$3,$AU20=BE$4),COUNTIF($AU$8:$AU20,BE$3)+COUNTIF($AU$8:$AU20,BE$4),0) -> 0 | BF20: =IFERROR(INDEX($AS$8:$AS$111,MATCH($AR20,BE$8:BE$111,0),1),"") | BG20: =IF($AU20=BG$3,COUNTIF($AU$8:$AU20,BG$3),0) -> 0 | BH20: =IFERROR(INDEX($AS$8:$AS$111,MATCH($AR20,BG$8:BG$111,0),1),"") | BI20: =IF($AU20<>BI$3,COUNTIF($AU$8:$AU20,"<>"&BI$3),0) -> 0 | BJ20: =IFERROR(INDEX($AS$8:$AS$111,MATCH($AR20,BI$8:BI$111,0),1),"")
AR21: =ROW()-ROW($AR$7) -> 14 | AS21: =AR21&" "&IF(AU21<>"-",【様式2】職員名簿!B54&"/"&AT21&"/"&AU21,"") -> 14 | AT21: =【様式2】職員名簿!E54 -> 0 | AU21: =IF(【様式2】職員名簿!J54="エラー","-",【様式2】職員名簿!J54) -> - | AV21: =IF($AT21="常勤",$AM$2,IF($AT21="非常勤",【様式2】職員名簿!G54,0)) -> 0 | AW21: =IF($AU21=AW$3,COUNTIF($AU$8:$AU21,AW$3),0) -> 0 | AX21: =IFERROR(INDEX($AS$8:$AS$111,MATCH($AR21,AW$8:AW$111,0),1),"") | AY21: =IF($AU21=AY$3,COUNTIF($AU$8:$AU21,AY$3),0) -> 0 | AZ21: =IFERROR(INDEX($AS$8:$AS$111,MATCH($AR21,AY$8:AY$111,0),1),"") | BA21: =IF($AU21=BA$3,COUNTIFS($AU$8:$AU21,BA$3,$AT$8:$AT21,BA$4),0) -> 0 | BB21: =IFERROR(INDEX($AS$8:$AS$111,MATCH($AR21,BA$8:BA$111,0),1),"") | BC21: =IF($AU21=BC$3,COUNTIF($AU$8:$AU21,BC$3),0) -> 0 | BD21: =IFERROR(INDEX($AS$8:$AS$111,MATCH($AR21,BC$8:BC$111,0),1),"") | BE21: =IF(OR($AU21=BE$3,$AU21=BE$4),COUNTIF($AU$8:$AU21,BE$3)+COUNTIF($AU$8:$AU21,BE$4),0) -> 0 | BF21: =IFERROR(INDEX($AS$8:$AS$111,MATCH($AR21,BE$8:BE$111,0),1),"") | BG21: =IF($AU21=BG$3,COUNTIF($AU$8:$AU21,BG$3),0) -> 0 | BH21: =IFERROR(INDEX($AS$8:$AS$111,MATCH($AR21,BG$8:BG$111,0),1),"") | BI21: =IF($AU21<>BI$3,COUNTIF($AU$8:$AU21,"<>"&BI$3),0) -> 0 | BJ21: =IFERROR(INDEX($AS$8:$AS$111,MATCH($AR21,BI$8:BI$111,0),1),"")
A22: 2 加算・減算・補助金等 | AR22: =ROW()-ROW($AR$7) -> 15 | AS22: =AR22&" "&IF(AU22<>"-",【様式2】職員名簿!B55&"/"&AT22&"/"&AU22,"") -> 15 | AT22: =【様式2】職員名簿!E55 -> 0 | AU22: =IF(【様式2】職員名簿!J55="エラー","-",【様式2】職員名簿!J55) -> - | AV22: =IF($AT22="常勤",$AM$2,IF($AT22="非常勤",【様式2】職員名簿!G55,0)) -> 0 | AW22: =IF($AU22=AW$3,COUNTIF($AU$8:$AU22,AW$3),0) -> 0 | AX22: =IFERROR(INDEX($AS$8:$AS$111,MATCH($AR22,AW$8:AW$111,0),1),"") | AY22: =IF($AU22=AY$3,COUNTIF($AU$8:$AU22,AY$3),0) -> 0 | AZ22: =IFERROR(INDEX($AS$8:$AS$111,MATCH($AR22,AY$8:AY$111,0),1),"") | BA22: =IF($AU22=BA$3,COUNTIFS($AU$8:$AU22,BA$3,$AT$8:$AT22,BA$4),0) -> 0 | BB22: =IFERROR(INDEX($AS$8:$AS$111,MATCH($AR22,BA$8:BA$111,0),1),"") | BC22: =IF($AU22=BC$3,COUNTIF($AU$8:$AU22,BC$3),0) -> 0 | BD22: =IFERROR(INDEX($AS$8:$AS$111,MATCH($AR22,BC$8:BC$111,0),1),"") | BE22: =IF(OR($AU22=BE$3,$AU22=BE$4),COUNTIF($AU$8:$AU22,BE$3)+COUNTIF($AU$8:$AU22,BE$4),0) -> 0 | BF22: =IFERROR(INDEX($AS$8:$AS$111,MATCH($AR22,BE$8:BE$111,0),1),"") | BG22: =IF($AU22=BG$3,COUNTIF($AU$8:$AU22,BG$3),0) -> 0 | BH22: =IFERROR(INDEX($AS$8:$AS$111,MATCH($AR22,BG$8:BG$111,0),1),"") | BI22: =IF($AU22<>BI$3,COUNTIF($AU$8:$AU22,"<>"&BI$3),0) -> 0 | BJ22: =IFERROR(INDEX($AS$8:$AS$111,MATCH($AR22,BI$8:BI$111,0),1),"")
A23: 項目 | D23: 担当（通常給与で対応している分のみを計上し、超過勤務対応した分は除く） | N23: 判定（取得数） | Q23: 個票 | S23: 判定 | T23: 職種・リスト名 | U23: 時間数 | V23: エラー確認 | AF23: 調整 | AH23: 下限調整 | AR23: =ROW()-ROW($AR$7) -> 16 | AS23: =AR23&" "&IF(AU23<>"-",【様式2】職員名簿!B56&"/"&AT23&"/"&AU23,"") -> 16 | AT23: =【様式2】職員名簿!E56 -> 0 | AU23: =IF(【様式2】職員名簿!J56="エラー","-",【様式2】職員名簿!J56) -> - | AV23: =IF($AT23="常勤",$AM$2,IF($AT23="非常勤",【様式2】職員名簿!G56,0)) -> 0 | AW23: =IF($AU23=AW$3,COUNTIF($AU$8:$AU23,AW$3),0) -> 0 | AX23: =IFERROR(INDEX($AS$8:$AS$111,MATCH($AR23,AW$8:AW$111,0),1),"") | AY23: =IF($AU23=AY$3,COUNTIF($AU$8:$AU23,AY$3),0) -> 0 | AZ23: =IFERROR(INDEX($AS$8:$AS$111,MATCH($AR23,AY$8:AY$111,0),1),"") | BA23: =IF($AU23=BA$3,COUNTIFS($AU$8:$AU23,BA$3,$AT$8:$AT23,BA$4),0) -> 0 | BB23: =IFERROR(INDEX($AS$8:$AS$111,MATCH($AR23,BA$8:BA$111,0),1),"") | BC23: =IF($AU23=BC$3,COUNTIF($AU$8:$AU23,BC$3),0) -> 0 | BD23: =IFERROR(INDEX($AS$8:$AS$111,MATCH($AR23,BC$8:BC$111,0),1),"") | BE23: =IF(OR($AU23=BE$3,$AU23=BE$4),COUNTIF($AU$8:$AU23,BE$3)+COUNTIF($AU$8:$AU23,BE$4),0) -> 0 | BF23: =IFERROR(INDEX($AS$8:$AS$111,MATCH($AR23,BE$8:BE$111,0),1),"") | BG23: =IF($AU23=BG$3,COUNTIF($AU$8:$AU23,BG$3),0) -> 0 | BH23: =IFERROR(INDEX($AS$8:$AS$111,MATCH($AR23,BG$8:BG$111,0),1),"") | BI23: =IF($AU23<>BI$3,COUNTIF($AU$8:$AU23,"<>"&BI$3),0) -> 0 | BJ23: =IFERROR(INDEX($AS$8:$AS$111,MATCH($AR23,BI$8:BI$111,0),1),"")
A24: 区分 | B24: 加算・減算等 | D24: 職種 | F24: 配置者/条件 | L24: 常勤換算数【人/月】 | N24: 申請状況 | V24: パターン | W24: 対象 | X24: 名簿有無 | Y24: 重複 | AD24: 時間 | AE24: 常勤 | AH24: パターン | AI24: 判定 | AJ24: 時間数 | AR24: =ROW()-ROW($AR$7) -> 17 | AS24: =AR24&" "&IF(AU24<>"-",【様式2】職員名簿!B57&"/"&AT24&"/"&AU24,"") -> 17 | AT24: =【様式2】職員名簿!E57 -> 0 | AU24: =IF(【様式2】職員名簿!J57="エラー","-",【様式2】職員名簿!J57) -> - | AV24: =IF($AT24="常勤",$AM$2,IF($AT24="非常勤",【様式2】職員名簿!G57,0)) -> 0 | AW24: =IF($AU24=AW$3,COUNTIF($AU$8:$AU24,AW$3),0) -> 0 | AX24: =IFERROR(INDEX($AS$8:$AS$111,MATCH($AR24,AW$8:AW$111,0),1),"") | AY24: =IF($AU24=AY$3,COUNTIF($AU$8:$AU24,AY$3),0) -> 0 | AZ24: =IFERROR(INDEX($AS$8:$AS$111,MATCH($AR24,AY$8:AY$111,0),1),"") | BA24: =IF($AU24=BA$3,COUNTIFS($AU$8:$AU24,BA$3,$AT$8:$AT24,BA$4),0) -> 0 | BB24: =IFERROR(INDEX($AS$8:$AS$111,MATCH($AR24,BA$8:BA$111,0),1),"") | BC24: =IF($AU24=BC$3,COUNTIF($AU$8:$AU24,BC$3),0) -> 0 | BD24: =IFERROR(INDEX($AS$8:$AS$111,MATCH($AR24,BC$8:BC$111,0),1),"") | BE24: =IF(OR($AU24=BE$3,$AU24=BE$4),COUNTIF($AU$8:$AU24,BE$3)+COUNTIF($AU$8:$AU24,BE$4),0) -> 0 | BF24: =IFERROR(INDEX($AS$8:$AS$111,MATCH($AR24,BE$8:BE$111,0),1),"") | BG24: =IF($AU24=BG$3,COUNTIF($AU$8:$AU24,BG$3),0) -> 0 | BH24: =IFERROR(INDEX($AS$8:$AS$111,MATCH($AR24,BG$8:BG$111,0),1),"") | BI24: =IF($AU24<>BI$3,COUNTIF($AU$8:$AU24,"<>"&BI$3),0) -> 0 | BJ24: =IFERROR(INDEX($AS$8:$AS$111,MATCH($AR24,BI$8:BI$111,0),1),"")
F25: 担当者名 | I25: 勤務時間【時間】 | J25: 確認 | K25: 担当時間【時間】 | L25: =IF($AL$2,"下限：","") | M25: =IF($AL$2,IF($AL$3>0,"①"&$AL$3/$AM$2,"")&IF($AL$4>0," ②"&$AL$4/$AM$2,""),"") | Q25: 申請 | R25: 条件 | Y25: 判定 | Z25: 特例① | AA25: 特例② | AB25: 特例③ | AC25: 0 | AF25: 項目 | AG25: 人/月 | AR25: =ROW()-ROW($AR$7) -> 18 | AS25: =AR25&" "&IF(AU25<>"-",【様式2】職員名簿!B58&"/"&AT25&"/"&AU25,"") -> 18 | AT25: =【様式2】職員名簿!E58 -> 0 | AU25: =IF(【様式2】職員名簿!J58="エラー","-",【様式2】職員名簿!J58) -> - | AV25: =IF($AT25="常勤",$AM$2,IF($AT25="非常勤",【様式2】職員名簿!G58,0)) -> 0 | AW25: =IF($AU25=AW$3,COUNTIF($AU$8:$AU25,AW$3),0) -> 0 | AX25: =IFERROR(INDEX($AS$8:$AS$111,MATCH($AR25,AW$8:AW$111,0),1),"") | AY25: =IF($AU25=AY$3,COUNTIF($AU$8:$AU25,AY$3),0) -> 0 | AZ25: =IFERROR(INDEX($AS$8:$AS$111,MATCH($AR25,AY$8:AY$111,0),1),"") | BA25: =IF($AU25=BA$3,COUNTIFS($AU$8:$AU25,BA$3,$AT$8:$AT25,BA$4),0) -> 0 | BB25: =IFERROR(INDEX($AS$8:$AS$111,MATCH($AR25,BA$8:BA$111,0),1),"") | BC25: =IF($AU25=BC$3,COUNTIF($AU$8:$AU25,BC$3),0) -> 0 | BD25: =IFERROR(INDEX($AS$8:$AS$111,MATCH($AR25,BC$8:BC$111,0),1),"") | BE25: =IF(OR($AU25=BE$3,$AU25=BE$4),COUNTIF($AU$8:$AU25,BE$3)+COUNTIF($AU$8:$AU25,BE$4),0) -> 0 | BF25: =IFERROR(INDEX($AS$8:$AS$111,MATCH($AR25,BE$8:BE$111,0),1),"") | BG25: =IF($AU25=BG$3,COUNTIF($AU$8:$AU25,BG$3),0) -> 0 | BH25: =IFERROR(INDEX($AS$8:$AS$111,MATCH($AR25,BG$8:BG$111,0),1),"") | BI25: =IF($AU25<>BI$3,COUNTIF($AU$8:$AU25,"<>"&BI$3),0) -> 0 | BJ25: =IFERROR(INDEX($AS$8:$AS$111,MATCH($AR25,BI$8:BI$111,0),1),"")
A26: 基本配置 | B26: 施設長 | D26: =IF(W26,T26,"") -> 施設長 | I26: =IF(OR(NOT(W26),U26=0),"",U26) | J26: =IF(OR(F26=0,F26=""),"",IF(W26,IF(X26,IF(OR(Y26,V26=3),IF(AD26,IF(OR(AE26,V26=2,V26=3),"○","要常勤"),"時間無"),"重複"),"名簿無"),"対象外")) | K26: - | L26: - | M26: =IF(OR(AND(J26<>"",J26<>"○"),AI26=4),"×",IF(J26="",0,AJ26/$AM$2)) -> 0 | N26: =IF(Q26,"○","×") -> ○ | O26: =IF(Q26,IF(S26,"○","×"),"-") -> × | Q26: =TRUE() -> TRUE | R26: =【様式１】総括表・個票!AI162 -> FALSE | S26: =AND(J26="○",O140>=0) -> FALSE | T26: =$AX$6 -> 施設長 | U26: =IFERROR(VLOOKUP($F26,$AS$8:$AV$111,4,FALSE),0) -> 0 | V26: 2 | W26: =Q26 -> TRUE | X26: =COUNTIF(INDIRECT(T26),F26)>0 -> FALSE | Y26: =COUNTIF($AC$25:AC25,AC26)+COUNTIF(AC27:$AC$124,AC26)-COUNTIF(Z26:AB26,AC26)=0 -> FALSE | Z26: - | AA26: - | AB26: - | AC26: =IF(V26=3,0,IFERROR(INDEX($AR$8:$AR$111,MATCH($F26,AS$8:AS$111,0),1),0)) -> 0 | AD26: =U26>0 -> FALSE | AE26: =IFERROR(VLOOKUP($F26,$AS$8:$AV$111,2,FALSE),"")="常勤" -> FALSE | AF26: - | AG26: - | AH26: 1 | AI26: =IF(AND($W26,$J26="○"),IF($K26="-",IF($U26<IF($AH26=5,$AL$4,$AL$3),$AH26,2),IF($K26=0,IF($U26<IF($AH26=5,$AL$4,$AL$3),IF(OR($AH26=1,$AH26=5),$AH26,3),3),IF(K26<IF($AH26=5,$AL$4,$AL$3),$AH26,IF($K26>$U26,4,2)))),2) -> 2 | AJ26: =IF(AI26=1,$AL$3,IF(AI26=5,$AL$4,IF(AI26=2,IF(K26="-",U26,K26),IF(AI26=3,U26,"×")))) -> 0 | AR26: =ROW()-ROW($AR$7) -> 19 | AS26: =AR26&" "&IF(AU26<>"-",【様式2】職員名簿!B59&"/"&AT26&"/"&AU26,"") -> 19 | AT26: =【様式2】職員名簿!E59 -> 0 | AU26: =IF(【様式2】職員名簿!J59="エラー","-",【様式2】職員名簿!J59) -> - | AV26: =IF($AT26="常勤",$AM$2,IF($AT26="非常勤",【様式2】職員名簿!G59,0)) -> 0 | AW26: =IF($AU26=AW$3,COUNTIF($AU$8:$AU26,AW$3),0) -> 0 | AX26: =IFERROR(INDEX($AS$8:$AS$111,MATCH($AR26,AW$8:AW$111,0),1),"") | AY26: =IF($AU26=AY$3,COUNTIF($AU$8:$AU26,AY$3),0) -> 0 | AZ26: =IFERROR(INDEX($AS$8:$AS$111,MATCH($AR26,AY$8:AY$111,0),1),"") | BA26: =IF($AU26=BA$3,COUNTIFS($AU$8:$AU26,BA$3,$AT$8:$AT26,BA$4),0) -> 0 | BB26: =IFERROR(INDEX($AS$8:$AS$111,MATCH($AR26,BA$8:BA$111,0),1),"") | BC26: =IF($AU26=BC$3,COUNTIF($AU$8:$AU26,BC$3),0) -> 0 | BD26: =IFERROR(INDEX($AS$8:$AS$111,MATCH($AR26,BC$8:BC$111,0),1),"") | BE26: =IF(OR($AU26=BE$3,$AU26=BE$4),COUNTIF($AU$8:$AU26,BE$3)+COUNTIF($AU$8:$AU26,BE$4),0) -> 0 | BF26: =IFERROR(INDEX($AS$8:$AS$111,MATCH($AR26,BE$8:BE$111,0),1),"") | BG26: =IF($AU26=BG$3,COUNTIF($AU$8:$AU26,BG$3),0) -> 0 | BH26: =IFERROR(INDEX($AS$8:$AS$111,MATCH($AR26,BG$8:BG$111,0),1),"") | BI26: =IF($AU26<>BI$3,COUNTIF($AU$8:$AU26,"<>"&BI$3),0) -> 0 | BJ26: =IFERROR(INDEX($AS$8:$AS$111,MATCH($AR26,BI$8:BI$111,0),1),"")
B27: 保育士① | D27: =IF(W27,T27,"") | F27: =IF(Q27,"利用定員90人以下については１人（分園がある場合は各１人）","") | L27: - | M27: - | N27: =IF(Q27,"○","×") -> × | O27: =IF(Q27,IF(S27,"○","×"),"-") -> - | Q27: =R27>=1 -> FALSE | R27: =SUM(N(AND(B12>0,B12<=90)),N(AND(B19>0,B19<=90))) -> 0 | S27: =$O$142>=0 -> TRUE | T27: =$AZ$6 -> 保育士 | U27: - | V27: - | W27: =Q27 -> FALSE | X27: - | Y27: - | Z27: - | AA27: - | AB27: - | AC27: - | AD27: - | AE27: - | AF27: - | AG27: - | AH27: - | AI27: - | AJ27: - | AR27: =ROW()-ROW($AR$7) -> 20 | AS27: =AR27&" "&IF(AU27<>"-",【様式2】職員名簿!B60&"/"&AT27&"/"&AU27,"") -> 20 | AT27: =【様式2】職員名簿!E60 -> 0 | AU27: =IF(【様式2】職員名簿!J60="エラー","-",【様式2】職員名簿!J60) -> - | AV27: =IF($AT27="常勤",$AM$2,IF($AT27="非常勤",【様式2】職員名簿!G60,0)) -> 0 | AW27: =IF($AU27=AW$3,COUNTIF($AU$8:$AU27,AW$3),0) -> 0 | AX27: =IFERROR(INDEX($AS$8:$AS$111,MATCH($AR27,AW$8:AW$111,0),1),"") | AY27: =IF($AU27=AY$3,COUNTIF($AU$8:$AU27,AY$3),0) -> 0 | AZ27: =IFERROR(INDEX($AS$8:$AS$111,MATCH($AR27,AY$8:AY$111,0),1),"") | BA27: =IF($AU27=BA$3,COUNTIFS($AU$8:$AU27,BA$3,$AT$8:$AT27,BA$4),0) -> 0 | BB27: =IFERROR(INDEX($AS$8:$AS$111,MATCH($AR27,BA$8:BA$111,0),1),"") | BC27: =IF($AU27=BC$3,COUNTIF($AU$8:$AU27,BC$3),0) -> 0 | BD27: =IFERROR(INDEX($AS$8:$AS$111,MATCH($AR27,BC$8:BC$111,0),1),"") | BE27: =IF(OR($AU27=BE$3,$AU27=BE$4),COUNTIF($AU$8:$AU27,BE$3)+COUNTIF($AU$8:$AU27,BE$4),0) -> 0 | BF27: =IFERROR(INDEX($AS$8:$AS$111,MATCH($AR27,BE$8:BE$111,0),1),"") | BG27: =IF($AU27=BG$3,COUNTIF($AU$8:$AU27,BG$3),0) -> 0 | BH27: =IFERROR(INDEX($AS$8:$AS$111,MATCH($AR27,BG$8:BG$111,0),1),"") | BI27: =IF($AU27<>BI$3,COUNTIF($AU$8:$AU27,"<>"&BI$3),0) -> 0 | BJ27: =IFERROR(INDEX($AS$8:$AS$111,MATCH($AR27,BI$8:BI$111,0),1),"")
B28: 保育士② | D28: =IF(W28,T28,"") | F28: =IF(Q28,"保育標準時間児童が利用する場合は１人（分園がある場合は各１人）","") | L28: - | M28: - | N28: =IF(Q28,"○","×") -> × | O28: =IF(Q28,IF(S28,"○","×"),"-") -> - | Q28: =R28>=1 -> FALSE | R28: =SUM(N(N8>0),N(N15>0)) -> 0 | S28: =$O$142>=0 -> TRUE | T28: =$AZ$6 -> 保育士 | U28: - | V28: - | W28: =Q28 -> FALSE | X28: - | Y28: - | Z28: - | AA28: - | AB28: - | AC28: - | AD28: - | AE28: - | AF28: - | AG28: - | AH28: - | AI28: - | AJ28: - | AR28: =ROW()-ROW($AR$7) -> 21 | AS28: =AR28&" "&IF(AU28<>"-",【様式2】職員名簿!B61&"/"&AT28&"/"&AU28,"") -> 21 | AT28: =【様式2】職員名簿!E61 -> 0 | AU28: =IF(【様式2】職員名簿!J61="エラー","-",【様式2】職員名簿!J61) -> - | AV28: =IF($AT28="常勤",$AM$2,IF($AT28="非常勤",【様式2】職員名簿!G61,0)) -> 0 | AW28: =IF($AU28=AW$3,COUNTIF($AU$8:$AU28,AW$3),0) -> 0 | AX28: =IFERROR(INDEX($AS$8:$AS$111,MATCH($AR28,AW$8:AW$111,0),1),"") | AY28: =IF($AU28=AY$3,COUNTIF($AU$8:$AU28,AY$3),0) -> 0 | AZ28: =IFERROR(INDEX($AS$8:$AS$111,MATCH($AR28,AY$8:AY$111,0),1),"") | BA28: =IF($AU28=BA$3,COUNTIFS($AU$8:$AU28,BA$3,$AT$8:$AT28,BA$4),0) -> 0 | BB28: =IFERROR(INDEX($AS$8:$AS$111,MATCH($AR28,BA$8:BA$111,0),1),"") | BC28: =IF($AU28=BC$3,COUNTIF($AU$8:$AU28,BC$3),0) -> 0 | BD28: =IFERROR(INDEX($AS$8:$AS$111,MATCH($AR28,BC$8:BC$111,0),1),"") | BE28: =IF(OR($AU28=BE$3,$AU28=BE$4),COUNTIF($AU$8:$AU28,BE$3)+COUNTIF($AU$8:$AU28,BE$4),0) -> 0 | BF28: =IFERROR(INDEX($AS$8:$AS$111,MATCH($AR28,BE$8:BE$111,0),1),"") | BG28: =IF($AU28=BG$3,COUNTIF($AU$8:$AU28,BG$3),0) -> 0 | BH28: =IFERROR(INDEX($AS$8:$AS$111,MATCH($AR28,BG$8:BG$111,0),1),"") | BI28: =IF($AU28<>BI$3,COUNTIF($AU$8:$AU28,"<>"&BI$3),0) -> 0 | BJ28: =IFERROR(INDEX($AS$8:$AS$111,MATCH($AR28,BI$8:BI$111,0),1),"")
B29: 保育士③ | C29: 本園 | D29: =IF(W29,T29,"") | I29: =IF(OR(NOT(W29),U29=0),"",U29) | J29: =IF(OR(F29=0,F29=""),"",IF(W29,IF(X29,IF(OR(Y29,V29=3),IF(AD29,IF(OR(AE29,V29=2,V29=3),"○","要常勤"),"時間無"),"重複"),"名簿無"),"対象外")) | K29: - | L29: =IF(AI29=1,"調整①→",IF(AI29=5,"調整②→",IF(AI29=2,"",IF(AI29=3,"全計上→","エラー")))) | M29: =IF(OR(AND(J29<>"",J29<>"○"),AI29=4),"×",IF(J29="",0,AJ29/$AM$2)) -> 0 | N29: =IF(Q29,"○","×") -> × | O29: =IF(Q29,IF(S29,"○","×"),"-") -> - | Q29: =B12>0 -> FALSE | R29: =NOT(AE30) -> TRUE | S29: =AND(J29="○",$O$142>=0) -> FALSE | T29: =$AZ$6 -> 保育士 | U29: =IFERROR(VLOOKUP($F29,$AS$8:$AV$111,4,FALSE),0) -> 0 | V29: 2 | W29: =AND(Q29,R29) -> FALSE | X29: =COUNTIF(INDIRECT(T29),F29)>0 -> FALSE | Y29: =COUNTIF($AC$25:AC28,AC29)+COUNTIF(AC30:$AC$124,AC29)-COUNTIF(Z29:AB29,AC29)=0 -> FALSE | Z29: - | AA29: - | AB29: - | AC29: =IF(V29=3,0,IFERROR(INDEX($AR$8:$AR$111,MATCH($F29,AS$8:AS$111,0),1),0)) -> 0 | AD29: =U29>0 -> FALSE | AE29: =IFERROR(VLOOKUP($F29,$AS$8:$AV$111,2,FALSE),"")="常勤" -> FALSE | AF29: - | AG29: - | AH29: 1 | AI29: =IF(AND($W29,$J29="○"),IF($K29="-",IF($U29<IF($AH29=5,$AL$4,$AL$3),$AH29,2),IF($K29=0,IF($U29<IF($AH29=5,$AL$4,$AL$3),IF(OR($AH29=1,$AH29=5),$AH29,3),3),IF(K29<IF($AH29=5,$AL$4,$AL$3),$AH29,IF($K29>$U29,4,2)))),2) -> 2 | AJ29: =IF(AI29=1,$AL$3,IF(AI29=5,$AL$4,IF(AI29=2,IF(K29="-",U29,K29),IF(AI29=3,U29,"×")))) -> 0 | AR29: =ROW()-ROW($AR$7) -> 22 | AS29: =AR29&" "&IF(AU29<>"-",【様式2】職員名簿!B62&"/"&AT29&"/"&AU29,"") -> 22 | AT29: =【様式2】職員名簿!E62 -> 0 | AU29: =IF(【様式2】職員名簿!J62="エラー","-",【様式2】職員名簿!J62) -> - | AV29: =IF($AT29="常勤",$AM$2,IF($AT29="非常勤",【様式2】職員名簿!G62,0)) -> 0 | AW29: =IF($AU29=AW$3,COUNTIF($AU$8:$AU29,AW$3),0) -> 0 | AX29: =IFERROR(INDEX($AS$8:$AS$111,MATCH($AR29,AW$8:AW$111,0),1),"") | AY29: =IF($AU29=AY$3,COUNTIF($AU$8:$AU29,AY$3),0) -> 0 | AZ29: =IFERROR(INDEX($AS$8:$AS$111,MATCH($AR29,AY$8:AY$111,0),1),"") | BA29: =IF($AU29=BA$3,COUNTIFS($AU$8:$AU29,BA$3,$AT$8:$AT29,BA$4),0) -> 0 | BB29: =IFERROR(INDEX($AS$8:$AS$111,MATCH($AR29,BA$8:BA$111,0),1),"") | BC29: =IF($AU29=BC$3,COUNTIF($AU$8:$AU29,BC$3),0) -> 0 | BD29: =IFERROR(INDEX($AS$8:$AS$111,MATCH($AR29,BC$8:BC$111,0),1),"") | BE29: =IF(OR($AU29=BE$3,$AU29=BE$4),COUNTIF($AU$8:$AU29,BE$3)+COUNTIF($AU$8:$AU29,BE$4),0) -> 0 | BF29: =IFERROR(INDEX($AS$8:$AS$111,MATCH($AR29,BE$8:BE$111,0),1),"") | BG29: =IF($AU29=BG$3,COUNTIF($AU$8:$AU29,BG$3),0) -> 0 | BH29: =IFERROR(INDEX($AS$8:$AS$111,MATCH($AR29,BG$8:BG$111,0),1),"") | BI29: =IF($AU29<>BI$3,COUNTIF($AU$8:$AU29,"<>"&BI$3),0) -> 0 | BJ29: =IFERROR(INDEX($AS$8:$AS$111,MATCH($AR29,BI$8:BI$111,0),1),"")
C30: =IF(B19>0,"分園","") | D30: =IF(W30,T30,"") | I30: =IF(OR(NOT(W30),U30=0),"",U30) | J30: =IF(OR(F30=0,F30=""),"",IF(W30,IF(X30,IF(OR(Y30,V30=3),IF(AD30,IF(OR(AE30,V30=2,V30=3),"○","要常勤"),"時間無"),"重複"),"名簿無"),"対象外")) | K30: - | L30: =IF(AI30=1,"調整①→",IF(AI30=5,"調整②→",IF(AI30=2,"",IF(AI30=3,"全計上→","エラー")))) | M30: =IF(OR(AND(J30<>"",J30<>"○"),AI30=4),"×",IF(J30="",0,AJ30/$AM$2)) -> 0 | N30: =IF(Q30,"○","×") -> × | O30: =IF(Q30,IF(S30,"○","×"),"-") -> - | Q30: =AND(B19>0,R30) -> FALSE | R30: =NOT(AE29) -> TRUE | S30: =AND(J30="○",$O$142>=0) -> FALSE | T30: =$AZ$6 -> 保育士 | U30: =IFERROR(VLOOKUP($F30,$AS$8:$AV$111,4,FALSE),0) -> 0 | V30: 2 | W30: =AND(Q30,R30) -> FALSE | X30: =COUNTIF(INDIRECT(T30),F30)>0 -> FALSE | Y30: =COUNTIF($AC$25:AC29,AC30)+COUNTIF(AC31:$AC$124,AC30)-COUNTIF(Z30:AB30,AC30)=0 -> FALSE | Z30: - | AA30: - | AB30: - | AC30: =IF(V30=3,0,IFERROR(INDEX($AR$8:$AR$111,MATCH($F30,AS$8:AS$111,0),1),0)) -> 0 | AD30: =U30>0 -> FALSE | AE30: =IFERROR(VLOOKUP($F30,$AS$8:$AV$111,2,FALSE),"")="常勤" -> FALSE | AF30: - | AG30: - | AH30: 1 | AI30: =IF(AND($W30,$J30="○"),IF($K30="-",IF($U30<IF($AH30=5,$AL$4,$AL$3),$AH30,2),IF($K30=0,IF($U30<IF($AH30=5,$AL$4,$AL$3),IF(OR($AH30=1,$AH30=5),$AH30,3),3),IF(K30<IF($AH30=5,$AL$4,$AL$3),$AH30,IF($K30>$U30,4,2)))),2) -> 2 | AJ30: =IF(AI30=1,$AL$3,IF(AI30=5,$AL$4,IF(AI30=2,IF(K30="-",U30,K30),IF(AI30=3,U30,"×")))) -> 0 | AR30: =ROW()-ROW($AR$7) -> 23 | AS30: =AR30&" "&IF(AU30<>"-",【様式2】職員名簿!B63&"/"&AT30&"/"&AU30,"") -> 23 | AT30: =【様式2】職員名簿!E63 -> 0 | AU30: =IF(【様式2】職員名簿!J63="エラー","-",【様式2】職員名簿!J63) -> - | AV30: =IF($AT30="常勤",$AM$2,IF($AT30="非常勤",【様式2】職員名簿!G63,0)) -> 0 | AW30: =IF($AU30=AW$3,COUNTIF($AU$8:$AU30,AW$3),0) -> 0 | AX30: =IFERROR(INDEX($AS$8:$AS$111,MATCH($AR30,AW$8:AW$111,0),1),"") | AY30: =IF($AU30=AY$3,COUNTIF($AU$8:$AU30,AY$3),0) -> 0 | AZ30: =IFERROR(INDEX($AS$8:$AS$111,MATCH($AR30,AY$8:AY$111,0),1),"") | BA30: =IF($AU30=BA$3,COUNTIFS($AU$8:$AU30,BA$3,$AT$8:$AT30,BA$4),0) -> 0 | BB30: =IFERROR(INDEX($AS$8:$AS$111,MATCH($AR30,BA$8:BA$111,0),1),"") | BC30: =IF($AU30=BC$3,COUNTIF($AU$8:$AU30,BC$3),0) -> 0 | BD30: =IFERROR(INDEX($AS$8:$AS$111,MATCH($AR30,BC$8:BC$111,0),1),"") | BE30: =IF(OR($AU30=BE$3,$AU30=BE$4),COUNTIF($AU$8:$AU30,BE$3)+COUNTIF($AU$8:$AU30,BE$4),0) -> 0 | BF30: =IFERROR(INDEX($AS$8:$AS$111,MATCH($AR30,BE$8:BE$111,0),1),"") | BG30: =IF($AU30=BG$3,COUNTIF($AU$8:$AU30,BG$3),0) -> 0 | BH30: =IFERROR(INDEX($AS$8:$AS$111,MATCH($AR30,BG$8:BG$111,0),1),"") | BI30: =IF($AU30<>BI$3,COUNTIF($AU$8:$AU30,"<>"&BI$3),0) -> 0 | BJ30: =IFERROR(INDEX($AS$8:$AS$111,MATCH($AR30,BI$8:BI$111,0),1),"")
B31: 調理員 | D31: =IF(W31,T31,"") -> 調理員 | F31: =IF(R31=1,"本園：定員"&B12&"人は"&IF(B12<=40,"常勤換算１人",IF(B12<=150,"常勤換算２人","常勤換算２人+非常勤１名")),IF(R31=2,"業務委託","エラー：個票0を見直すこと"))&IF(B19>0,"／分園："&IF(【様式１】総括表・個票!AI63,"本園等から搬入のため不要","常勤換算"&IF(B19<=40,1,2)&"人"),"") -> エラー：個票0を見直すこと | L31: - | M31: - | N31: =IF(Q31,"○","×") -> ○ | O31: =IF(Q31,IF(S31,"○","×"),"-") -> × | Q31: =TRUE() -> TRUE | R31: =IF(【様式１】総括表・個票!AI61,1,IF(【様式１】総括表・個票!AI62,2,0)) -> 0 | S31: =AND($O$155>=0,IF(Q32,S32,TRUE),IF(Q33,S33,TRUE),IF(Q34,S34,TRUE),OR(Q32,Q33,Q34)) -> FALSE | T31: =$BF$6 -> 調理員 | U31: - | V31: - | W31: =Q31 -> TRUE | X31: - | Y31: - | Z31: - | AA31: - | AB31: - | AC31: - | AD31: - | AE31: - | AF31: - | AG31: - | AH31: - | AI31: - | AJ31: - | AR31: =ROW()-ROW($AR$7) -> 24 | AS31: =AR31&" "&IF(AU31<>"-",【様式2】職員名簿!B64&"/"&AT31&"/"&AU31,"") -> 24 | AT31: =【様式2】職員名簿!E64 -> 0 | AU31: =IF(【様式2】職員名簿!J64="エラー","-",【様式2】職員名簿!J64) -> - | AV31: =IF($AT31="常勤",$AM$2,IF($AT31="非常勤",【様式2】職員名簿!G64,0)) -> 0 | AW31: =IF($AU31=AW$3,COUNTIF($AU$8:$AU31,AW$3),0) -> 0 | AX31: =IFERROR(INDEX($AS$8:$AS$111,MATCH($AR31,AW$8:AW$111,0),1),"") | AY31: =IF($AU31=AY$3,COUNTIF($AU$8:$AU31,AY$3),0) -> 0 | AZ31: =IFERROR(INDEX($AS$8:$AS$111,MATCH($AR31,AY$8:AY$111,0),1),"") | BA31: =IF($AU31=BA$3,COUNTIFS($AU$8:$AU31,BA$3,$AT$8:$AT31,BA$4),0) -> 0 | BB31: =IFERROR(INDEX($AS$8:$AS$111,MATCH($AR31,BA$8:BA$111,0),1),"") | BC31: =IF($AU31=BC$3,COUNTIF($AU$8:$AU31,BC$3),0) -> 0 | BD31: =IFERROR(INDEX($AS$8:$AS$111,MATCH($AR31,BC$8:BC$111,0),1),"") | BE31: =IF(OR($AU31=BE$3,$AU31=BE$4),COUNTIF($AU$8:$AU31,BE$3)+COUNTIF($AU$8:$AU31,BE$4),0) -> 0 | BF31: =IFERROR(INDEX($AS$8:$AS$111,MATCH($AR31,BE$8:BE$111,0),1),"") | BG31: =IF($AU31=BG$3,COUNTIF($AU$8:$AU31,BG$3),0) -> 0 | BH31: =IFERROR(INDEX($AS$8:$AS$111,MATCH($AR31,BG$8:BG$111,0),1),"") | BI31: =IF($AU31<>BI$3,COUNTIF($AU$8:$AU31,"<>"&BI$3),0) -> 0 | BJ31: =IFERROR(INDEX($AS$8:$AS$111,MATCH($AR31,BI$8:BI$111,0),1),"")
D32: =IF(R31=1,"雇用",IF(R31=2,"委託","エラー")) -> エラー | E32: =IF(W32,T32,"") | F32: =IF(Q32,"常勤換算"&IF(B12<=40,1,2)+IF(B19>0,IF(【様式１】総括表・個票!AI63,0,1))&"人","") | L32: - | M32: - | N32: =IF(Q32,"○","×") -> × | Q32: =R32 -> FALSE | R32: =R31=1 -> FALSE | S32: =$O$155>=0 -> TRUE | T32: 常勤調理員 | U32: - | V32: - | W32: =AND(Q32,R32) -> FALSE | X32: - | Y32: - | Z32: - | AA32: - | AB32: - | AC32: - | AD32: - | AE32: - | AF32: - | AG32: - | AH32: - | AI32: - | AJ32: - | AR32: =ROW()-ROW($AR$7) -> 25 | AS32: =AR32&" "&IF(AU32<>"-",【様式2】職員名簿!B65&"/"&AT32&"/"&AU32,"") -> 25 | AT32: =【様式2】職員名簿!E65 -> 0 | AU32: =IF(【様式2】職員名簿!J65="エラー","-",【様式2】職員名簿!J65) -> - | AV32: =IF($AT32="常勤",$AM$2,IF($AT32="非常勤",【様式2】職員名簿!G65,0)) -> 0 | AW32: =IF($AU32=AW$3,COUNTIF($AU$8:$AU32,AW$3),0) -> 0 | AX32: =IFERROR(INDEX($AS$8:$AS$111,MATCH($AR32,AW$8:AW$111,0),1),"") | AY32: =IF($AU32=AY$3,COUNTIF($AU$8:$AU32,AY$3),0) -> 0 | AZ32: =IFERROR(INDEX($AS$8:$AS$111,MATCH($AR32,AY$8:AY$111,0),1),"") | BA32: =IF($AU32=BA$3,COUNTIFS($AU$8:$AU32,BA$3,$AT$8:$AT32,BA$4),0) -> 0 | BB32: =IFERROR(INDEX($AS$8:$AS$111,MATCH($AR32,BA$8:BA$111,0),1),"") | BC32: =IF($AU32=BC$3,COUNTIF($AU$8:$AU32,BC$3),0) -> 0 | BD32: =IFERROR(INDEX($AS$8:$AS$111,MATCH($AR32,BC$8:BC$111,0),1),"") | BE32: =IF(OR($AU32=BE$3,$AU32=BE$4),COUNTIF($AU$8:$AU32,BE$3)+COUNTIF($AU$8:$AU32,BE$4),0) -> 0 | BF32: =IFERROR(INDEX($AS$8:$AS$111,MATCH($AR32,BE$8:BE$111,0),1),"") | BG32: =IF($AU32=BG$3,COUNTIF($AU$8:$AU32,BG$3),0) -> 0 | BH32: =IFERROR(INDEX($AS$8:$AS$111,MATCH($AR32,BG$8:BG$111,0),1),"") | BI32: =IF($AU32<>BI$3,COUNTIF($AU$8:$AU32,"<>"&BI$3),0) -> 0 | BJ32: =IFERROR(INDEX($AS$8:$AS$111,MATCH($AR32,BI$8:BI$111,0),1),"")
E33: =IF(W33,T33,"") | I33: =IF(OR(NOT(W33),U33=0),"",U33) | J33: =IF(OR(F33=0,F33=""),"",IF(W33,IF(X33,IF(OR(Y33,V33=3),IF(AD33,IF(OR(AE33,V33=2,V33=3),"○","要常勤"),"時間無"),"重複"),"名簿無"),"対象外")) | K33: - | L33: =IF(AI33=1,"調整①→",IF(AI33=5,"調整②→",IF(AI33=2,"",IF(AI33=3,"全計上→","エラー")))) | M33: =IF(OR(AND(J33<>"",J33<>"○"),AI33=4),"×",IF(J33="",0,AJ33/$AM$2)) -> 0 | N33: =IF(Q33,"○","×") -> × | Q33: =R33 -> FALSE | R33: =AND(R31=1,B12>=151) -> FALSE | S33: =AND(J33="○",$O$155>=0) -> FALSE | T33: =$BF$6 -> 調理員 | U33: =IFERROR(VLOOKUP($F33,$AS$8:$AV$111,4,FALSE),0) -> 0 | V33: 2 | W33: =AND(Q33,R33) -> FALSE | X33: =COUNTIF(INDIRECT(T33),F33)>0 -> FALSE | Y33: =COUNTIF($AC$25:AC32,AC33)+COUNTIF(AC34:$AC$124,AC33)-COUNTIF(Z33:AB33,AC33)=0 -> FALSE | Z33: - | AA33: - | AB33: - | AC33: =IF(V33=3,0,IFERROR(INDEX($AR$8:$AR$111,MATCH($F33,AS$8:AS$111,0),1),0)) -> 0 | AD33: =U33>0 -> FALSE | AE33: =IFERROR(VLOOKUP($F33,$AS$8:$AV$111,2,FALSE),"")="常勤" -> FALSE | AF33: - | AG33: - | AH33: 1 | AI33: =IF(AND($W33,$J33="○"),IF($K33="-",IF($U33<IF($AH33=5,$AL$4,$AL$3),$AH33,2),IF($K33=0,IF($U33<IF($AH33=5,$AL$4,$AL$3),IF(OR($AH33=1,$AH33=5),$AH33,3),3),IF(K33<IF($AH33=5,$AL$4,$AL$3),$AH33,IF($K33>$U33,4,2)))),2) -> 2 | AJ33: =IF(AI33=1,$AL$3,IF(AI33=5,$AL$4,IF(AI33=2,IF(K33="-",U33,K33),IF(AI33=3,U33,"×")))) -> 0 | AR33: =ROW()-ROW($AR$7) -> 26 | AS33: =AR33&" "&IF(AU33<>"-",【様式2】職員名簿!B66&"/"&AT33&"/"&AU33,"") -> 26 | AT33: =【様式2】職員名簿!E66 -> 0 | AU33: =IF(【様式2】職員名簿!J66="エラー","-",【様式2】職員名簿!J66) -> - | AV33: =IF($AT33="常勤",$AM$2,IF($AT33="非常勤",【様式2】職員名簿!G66,0)) -> 0 | AW33: =IF($AU33=AW$3,COUNTIF($AU$8:$AU33,AW$3),0) -> 0 | AX33: =IFERROR(INDEX($AS$8:$AS$111,MATCH($AR33,AW$8:AW$111,0),1),"") | AY33: =IF($AU33=AY$3,COUNTIF($AU$8:$AU33,AY$3),0) -> 0 | AZ33: =IFERROR(INDEX($AS$8:$AS$111,MATCH($AR33,AY$8:AY$111,0),1),"") | BA33: =IF($AU33=BA$3,COUNTIFS($AU$8:$AU33,BA$3,$AT$8:$AT33,BA$4),0) -> 0 | BB33: =IFERROR(INDEX($AS$8:$AS$111,MATCH($AR33,BA$8:BA$111,0),1),"") | BC33: =IF($AU33=BC$3,COUNTIF($AU$8:$AU33,BC$3),0) -> 0 | BD33: =IFERROR(INDEX($AS$8:$AS$111,MATCH($AR33,BC$8:BC$111,0),1),"") | BE33: =IF(OR($AU33=BE$3,$AU33=BE$4),COUNTIF($AU$8:$AU33,BE$3)+COUNTIF($AU$8:$AU33,BE$4),0) -> 0 | BF33: =IFERROR(INDEX($AS$8:$AS$111,MATCH($AR33,BE$8:BE$111,0),1),"") | BG33: =IF($AU33=BG$3,COUNTIF($AU$8:$AU33,BG$3),0) -> 0 | BH33: =IFERROR(INDEX($AS$8:$AS$111,MATCH($AR33,BG$8:BG$111,0),1),"") | BI33: =IF($AU33<>BI$3,COUNTIF($AU$8:$AU33,"<>"&BI$3),0) -> 0 | BJ33: =IFERROR(INDEX($AS$8:$AS$111,MATCH($AR33,BI$8:BI$111,0),1),"")
E34: =IF(W34,T34,"") | F34: =IF(W34,BL9,"") | I34: =IF(OR(NOT(W34),U34=0),"",U34) | J34: =IF(OR(F34=0,F34=""),"",IF(W34,IF(X34,IF(OR(Y34,V34=3),IF(AD34,IF(OR(AE34,V34=2,V34=3),"○","要常勤"),"時間無"),"重複"),"名簿無"),"対象外")) | K34: - | L34: - | M34: - | N34: =IF(Q34,"○","×") -> × | Q34: =R34 -> FALSE | R34: =R31=2 -> FALSE | S34: =AND(J34="○",$O$155>=0) -> FALSE | T34: =$BL$6 -> 業務委託 | U34: =BM9 -> 0 | V34: 3 | W34: =AND(Q34,R34) -> FALSE | X34: =COUNTIF(INDIRECT(T34),F34)>0 -> FALSE | Y34: =COUNTIF($AC$25:AC33,AC34)+COUNTIF(AC35:$AC$124,AC34)-COUNTIF(Z34:AB34,AC34)=0 -> FALSE | Z34: - | AA34: - | AB34: - | AC34: =IF(V34=3,0,IFERROR(INDEX($AR$8:$AR$111,MATCH($F34,AS$8:AS$111,0),1),0)) -> 0 | AD34: =U34>0 -> FALSE | AE34: =IFERROR(VLOOKUP($F34,$AS$8:$AV$111,2,FALSE),"")="常勤" -> FALSE | AF34: - | AG34: - | AH34: 2 | AI34: =IF(AND($W34,$J34="○"),IF($K34="-",IF($U34<IF($AH34=5,$AL$4,$AL$3),$AH34,2),IF($K34=0,IF($U34<IF($AH34=5,$AL$4,$AL$3),IF(OR($AH34=1,$AH34=5),$AH34,3),3),IF(K34<IF($AH34=5,$AL$4,$AL$3),$AH34,IF($K34>$U34,4,2)))),2) -> 2 | AJ34: =IF(AI34=1,$AL$3,IF(AI34=5,$AL$4,IF(AI34=2,IF(K34="-",U34,K34),IF(AI34=3,U34,"×")))) -> 0 | AR34: =ROW()-ROW($AR$7) -> 27 | AS34: =AR34&" "&IF(AU34<>"-",【様式2】職員名簿!B67&"/"&AT34&"/"&AU34,"") -> 27 | AT34: =【様式2】職員名簿!E67 -> 0 | AU34: =IF(【様式2】職員名簿!J67="エラー","-",【様式2】職員名簿!J67) -> - | AV34: =IF($AT34="常勤",$AM$2,IF($AT34="非常勤",【様式2】職員名簿!G67,0)) -> 0 | AW34: =IF($AU34=AW$3,COUNTIF($AU$8:$AU34,AW$3),0) -> 0 | AX34: =IFERROR(INDEX($AS$8:$AS$111,MATCH($AR34,AW$8:AW$111,0),1),"") | AY34: =IF($AU34=AY$3,COUNTIF($AU$8:$AU34,AY$3),0) -> 0 | AZ34: =IFERROR(INDEX($AS$8:$AS$111,MATCH($AR34,AY$8:AY$111,0),1),"") | BA34: =IF($AU34=BA$3,COUNTIFS($AU$8:$AU34,BA$3,$AT$8:$AT34,BA$4),0) -> 0 | BB34: =IFERROR(INDEX($AS$8:$AS$111,MATCH($AR34,BA$8:BA$111,0),1),"") | BC34: =IF($AU34=BC$3,COUNTIF($AU$8:$AU34,BC$3),0) -> 0 | BD34: =IFERROR(INDEX($AS$8:$AS$111,MATCH($AR34,BC$8:BC$111,0),1),"") | BE34: =IF(OR($AU34=BE$3,$AU34=BE$4),COUNTIF($AU$8:$AU34,BE$3)+COUNTIF($AU$8:$AU34,BE$4),0) -> 0 | BF34: =IFERROR(INDEX($AS$8:$AS$111,MATCH($AR34,BE$8:BE$111,0),1),"") | BG34: =IF($AU34=BG$3,COUNTIF($AU$8:$AU34,BG$3),0) -> 0 | BH34: =IFERROR(INDEX($AS$8:$AS$111,MATCH($AR34,BG$8:BG$111,0),1),"") | BI34: =IF($AU34<>BI$3,COUNTIF($AU$8:$AU34,"<>"&BI$3),0) -> 0 | BJ34: =IFERROR(INDEX($AS$8:$AS$111,MATCH($AR34,BI$8:BI$111,0),1),"")
B35: 事務 | D35: =IF(W35,T35,"") -> 事務員 | F35: =IF(R35=1,"本園：非常勤１名"&IF(B19>0,"／分園：非常勤１名（又は本園・分園併せて常勤１名）",""),IF(R35=2,"本園：兼務１名"&IF(B19>0,"／分園：兼務１名",""),IF(R35=3,"業務委託","エラー：個票0を見直すこと"))) -> エラー：個票0を見直すこと | L35: - | M35: - | N35: =IF(Q35,"○","×") -> ○ | O35: =IF(Q35,IF(S35,"○","×"),"-") -> × | Q35: =TRUE() -> TRUE | R35: =IF(【様式１】総括表・個票!AI57,1,IF(【様式１】総括表・個票!AI58,2,IF(【様式１】総括表・個票!AI59,3,0))) -> 0 | S35: =AND($O$157>=0,IF(Q36,S36,TRUE),IF(Q37,S37,TRUE),IF(Q38,S38,TRUE),IF(Q39,S39,TRUE),IF(Q40,S40,TRUE),OR(Q36,Q37,Q38,Q39,Q40)) -> FALSE | T35: =$BH$6 -> 事務員 | U35: - | V35: - | W35: =Q35 -> TRUE | X35: - | Y35: - | Z35: - | AA35: - | AB35: - | AC35: - | AD35: - | AE35: - | AF35: - | AG35: - | AH35: - | AI35: - | AJ35: - | AR35: =ROW()-ROW($AR$7) -> 28 | AS35: =AR35&" "&IF(AU35<>"-",【様式2】職員名簿!B68&"/"&AT35&"/"&AU35,"") -> 28 | AT35: =【様式2】職員名簿!E68 -> 0 | AU35: =IF(【様式2】職員名簿!J68="エラー","-",【様式2】職員名簿!J68) -> - | AV35: =IF($AT35="常勤",$AM$2,IF($AT35="非常勤",【様式2】職員名簿!G68,0)) -> 0 | AW35: =IF($AU35=AW$3,COUNTIF($AU$8:$AU35,AW$3),0) -> 0 | AX35: =IFERROR(INDEX($AS$8:$AS$111,MATCH($AR35,AW$8:AW$111,0),1),"") | AY35: =IF($AU35=AY$3,COUNTIF($AU$8:$AU35,AY$3),0) -> 0 | AZ35: =IFERROR(INDEX($AS$8:$AS$111,MATCH($AR35,AY$8:AY$111,0),1),"") | BA35: =IF($AU35=BA$3,COUNTIFS($AU$8:$AU35,BA$3,$AT$8:$AT35,BA$4),0) -> 0 | BB35: =IFERROR(INDEX($AS$8:$AS$111,MATCH($AR35,BA$8:BA$111,0),1),"") | BC35: =IF($AU35=BC$3,COUNTIF($AU$8:$AU35,BC$3),0) -> 0 | BD35: =IFERROR(INDEX($AS$8:$AS$111,MATCH($AR35,BC$8:BC$111,0),1),"") | BE35: =IF(OR($AU35=BE$3,$AU35=BE$4),COUNTIF($AU$8:$AU35,BE$3)+COUNTIF($AU$8:$AU35,BE$4),0) -> 0 | BF35: =IFERROR(INDEX($AS$8:$AS$111,MATCH($AR35,BE$8:BE$111,0),1),"") | BG35: =IF($AU35=BG$3,COUNTIF($AU$8:$AU35,BG$3),0) -> 0 | BH35: =IFERROR(INDEX($AS$8:$AS$111,MATCH($AR35,BG$8:BG$111,0),1),"") | BI35: =IF($AU35<>BI$3,COUNTIF($AU$8:$AU35,"<>"&BI$3),0) -> 0 | BJ35: =IFERROR(INDEX($AS$8:$AS$111,MATCH($AR35,BI$8:BI$111,0),1),"")
D36: =IF(R35=1,"専任",IF(R35=2,"兼務",IF(R35=3,"委託","エラー"))) -> エラー | E36: =IF(W36,T36,"") | I36: =IF(OR(NOT(W36),U36=0),"",U36) | J36: =IF(OR(F36=0,F36=""),"",IF(W36,IF(X36,IF(OR(Y36,V36=3),IF(AD36,IF(OR(AE36,V36=2,V36=3),"○","要常勤"),"時間無"),"重複"),"名簿無"),"対象外")) | K36: - | L36: =IF(AI36=1,"調整①→",IF(AI36=5,"調整②→",IF(AI36=2,"",IF(AI36=3,"全計上→","エラー")))) | M36: =IF(OR(AND(J36<>"",J36<>"○"),AI36=4),"×",IF(J36="",0,AJ36/$AM$2)) -> 0 | N36: =IF(Q36,"○","×") -> × | Q36: =R36 -> FALSE | R36: =R35=1 -> FALSE | S36: =AND(J36="○",$O$157>=0) -> FALSE | T36: =$BH$6 -> 事務員 | U36: =IFERROR(VLOOKUP($F36,$AS$8:$AV$111,4,FALSE),0) -> 0 | V36: 2 | W36: =AND(R36,NOT(AE37)) -> FALSE | X36: =COUNTIF(INDIRECT(T36),F36)>0 -> FALSE | Y36: =COUNTIF($AC$25:AC35,AC36)+COUNTIF(AC37:$AC$124,AC36)-COUNTIF(Z36:AB36,AC36)=0 -> FALSE | Z36: =AC66 -> 0 | AA36: - | AB36: - | AC36: =IF(V36=3,0,IFERROR(INDEX($AR$8:$AR$111,MATCH($F36,AS$8:AS$111,0),1),0)) -> 0 | AD36: =U36>0 -> FALSE | AE36: =IFERROR(VLOOKUP($F36,$AS$8:$AV$111,2,FALSE),"")="常勤" -> FALSE | AF36: - | AG36: - | AH36: 1 | AI36: =IF(AND($W36,$J36="○"),IF($K36="-",IF($U36<IF($AH36=5,$AL$4,$AL$3),$AH36,2),IF($K36=0,IF($U36<IF($AH36=5,$AL$4,$AL$3),IF(OR($AH36=1,$AH36=5),$AH36,3),3),IF(K36<IF($AH36=5,$AL$4,$AL$3),$AH36,IF($K36>$U36,4,2)))),2) -> 2 | AJ36: =IF(AI36=1,$AL$3,IF(AI36=5,$AL$4,IF(AI36=2,IF(K36="-",U36,K36),IF(AI36=3,U36,"×")))) -> 0 | AR36: =ROW()-ROW($AR$7) -> 29 | AS36: =AR36&" "&IF(AU36<>"-",【様式2】職員名簿!B69&"/"&AT36&"/"&AU36,"") -> 29 | AT36: =【様式2】職員名簿!E69 -> 0 | AU36: =IF(【様式2】職員名簿!J69="エラー","-",【様式2】職員名簿!J69) -> - | AV36: =IF($AT36="常勤",$AM$2,IF($AT36="非常勤",【様式2】職員名簿!G69,0)) -> 0 | AW36: =IF($AU36=AW$3,COUNTIF($AU$8:$AU36,AW$3),0) -> 0 | AX36: =IFERROR(INDEX($AS$8:$AS$111,MATCH($AR36,AW$8:AW$111,0),1),"") | AY36: =IF($AU36=AY$3,COUNTIF($AU$8:$AU36,AY$3),0) -> 0 | AZ36: =IFERROR(INDEX($AS$8:$AS$111,MATCH($AR36,AY$8:AY$111,0),1),"") | BA36: =IF($AU36=BA$3,COUNTIFS($AU$8:$AU36,BA$3,$AT$8:$AT36,BA$4),0) -> 0 | BB36: =IFERROR(INDEX($AS$8:$AS$111,MATCH($AR36,BA$8:BA$111,0),1),"") | BC36: =IF($AU36=BC$3,COUNTIF($AU$8:$AU36,BC$3),0) -> 0 | BD36: =IFERROR(INDEX($AS$8:$AS$111,MATCH($AR36,BC$8:BC$111,0),1),"") | BE36: =IF(OR($AU36=BE$3,$AU36=BE$4),COUNTIF($AU$8:$AU36,BE$3)+COUNTIF($AU$8:$AU36,BE$4),0) -> 0 | BF36: =IFERROR(INDEX($AS$8:$AS$111,MATCH($AR36,BE$8:BE$111,0),1),"") | BG36: =IF($AU36=BG$3,COUNTIF($AU$8:$AU36,BG$3),0) -> 0 | BH36: =IFERROR(INDEX($AS$8:$AS$111,MATCH($AR36,BG$8:BG$111,0),1),"") | BI36: =IF($AU36<>BI$3,COUNTIF($AU$8:$AU36,"<>"&BI$3),0) -> 0 | BJ36: =IFERROR(INDEX($AS$8:$AS$111,MATCH($AR36,BI$8:BI$111,0),1),"")
E37: =IF(W37,T37,"") | I37: =IF(OR(NOT(W37),U37=0),"",U37) | J37: =IF(OR(F37=0,F37=""),"",IF(W37,IF(X37,IF(OR(Y37,V37=3),IF(AD37,IF(OR(AE37,V37=2,V37=3),"○","要常勤"),"時間無"),"重複"),"名簿無"),"対象外")) | K37: - | L37: =IF(AI37=1,"調整①→",IF(AI37=5,"調整②→",IF(AI37=2,"",IF(AI37=3,"全計上→","エラー")))) | M37: =IF(OR(AND(J37<>"",J37<>"○"),AI37=4),"×",IF(J37="",0,AJ37/$AM$2)) -> 0 | N37: =IF(Q37,"○","×") -> × | Q37: =R37 -> FALSE | R37: =AND(R35=1,B19>0,NOT(AE36)) -> FALSE | S37: =AND(J37="○",$O$157>=0) -> FALSE | T37: =$BH$6 -> 事務員 | U37: =IFERROR(VLOOKUP($F37,$AS$8:$AV$111,4,FALSE),0) -> 0 | V37: 2 | W37: =AND(R37,NOT(AE36)) -> FALSE | X37: =COUNTIF(INDIRECT(T37),F37)>0 -> FALSE | Y37: =COUNTIF($AC$25:AC36,AC37)+COUNTIF(AC38:$AC$124,AC37)-COUNTIF(Z37:AB37,AC37)=0 -> FALSE | Z37: - | AA37: - | AB37: - | AC37: =IF(V37=3,0,IFERROR(INDEX($AR$8:$AR$111,MATCH($F37,AS$8:AS$111,0),1),0)) -> 0 | AD37: =U37>0 -> FALSE | AE37: =IFERROR(VLOOKUP($F37,$AS$8:$AV$111,2,FALSE),"")="常勤" -> FALSE | AF37: - | AG37: - | AH37: 1 | AI37: =IF(AND($W37,$J37="○"),IF($K37="-",IF($U37<IF($AH37=5,$AL$4,$AL$3),$AH37,2),IF($K37=0,IF($U37<IF($AH37=5,$AL$4,$AL$3),IF(OR($AH37=1,$AH37=5),$AH37,3),3),IF(K37<IF($AH37=5,$AL$4,$AL$3),$AH37,IF($K37>$U37,4,2)))),2) -> 2 | AJ37: =IF(AI37=1,$AL$3,IF(AI37=5,$AL$4,IF(AI37=2,IF(K37="-",U37,K37),IF(AI37=3,U37,"×")))) -> 0 | AR37: =ROW()-ROW($AR$7) -> 30 | AS37: =AR37&" "&IF(AU37<>"-",【様式2】職員名簿!B70&"/"&AT37&"/"&AU37,"") -> 30 | AT37: =【様式2】職員名簿!E70 -> 0 | AU37: =IF(【様式2】職員名簿!J70="エラー","-",【様式2】職員名簿!J70) -> - | AV37: =IF($AT37="常勤",$AM$2,IF($AT37="非常勤",【様式2】職員名簿!G70,0)) -> 0 | AW37: =IF($AU37=AW$3,COUNTIF($AU$8:$AU37,AW$3),0) -> 0 | AX37: =IFERROR(INDEX($AS$8:$AS$111,MATCH($AR37,AW$8:AW$111,0),1),"") | AY37: =IF($AU37=AY$3,COUNTIF($AU$8:$AU37,AY$3),0) -> 0 | AZ37: =IFERROR(INDEX($AS$8:$AS$111,MATCH($AR37,AY$8:AY$111,0),1),"") | BA37: =IF($AU37=BA$3,COUNTIFS($AU$8:$AU37,BA$3,$AT$8:$AT37,BA$4),0) -> 0 | BB37: =IFERROR(INDEX($AS$8:$AS$111,MATCH($AR37,BA$8:BA$111,0),1),"") | BC37: =IF($AU37=BC$3,COUNTIF($AU$8:$AU37,BC$3),0) -> 0 | BD37: =IFERROR(INDEX($AS$8:$AS$111,MATCH($AR37,BC$8:BC$111,0),1),"") | BE37: =IF(OR($AU37=BE$3,$AU37=BE$4),COUNTIF($AU$8:$AU37,BE$3)+COUNTIF($AU$8:$AU37,BE$4),0) -> 0 | BF37: =IFERROR(INDEX($AS$8:$AS$111,MATCH($AR37,BE$8:BE$111,0),1),"") | BG37: =IF($AU37=BG$3,COUNTIF($AU$8:$AU37,BG$3),0) -> 0 | BH37: =IFERROR(INDEX($AS$8:$AS$111,MATCH($AR37,BG$8:BG$111,0),1),"") | BI37: =IF($AU37<>BI$3,COUNTIF($AU$8:$AU37,"<>"&BI$3),0) -> 0 | BJ37: =IFERROR(INDEX($AS$8:$AS$111,MATCH($AR37,BI$8:BI$111,0),1),"")
E38: =IF(W38,T38,"") | I38: =IF(OR(NOT(W38),U38=0),"",U38) | J38: =IF(OR(F38=0,F38=""),"",IF(W38,IF(X38,IF(OR(Y38,V38=3),IF(AD38,IF(OR(AE38,V38=2,V38=3),"○","要常勤"),"時間無"),"重複"),"名簿無"),"対象外")) | L38: =IF(AI38=1,"調整①→",IF(AI38=5,"調整②→",IF(AI38=2,"",IF(AI38=3,"全計上→","エラー")))) | M38: =IF(OR(AND(J38<>"",J38<>"○"),AI38=4),"×",IF(J38="",0,AJ38/$AM$2)) -> 0 | N38: =IF(Q38,"○","×") -> × | Q38: =R38 -> FALSE | R38: =R35=2 -> FALSE | S38: =AND(J38="○",$O$157>=0) -> FALSE | T38: =$BJ$6 -> 全職種 | U38: =IFERROR(VLOOKUP($F38,$AS$8:$AV$111,4,FALSE),0) -> 0 | V38: 3 | W38: =R38 -> FALSE | X38: =COUNTIF(INDIRECT(T38),F38)>0 -> FALSE | Y38: =COUNTIF($AC$25:AC37,AC38)+COUNTIF(AC39:$AC$124,AC38)-COUNTIF(Z38:AB38,AC38)=0 -> FALSE | Z38: =AC39 -> 0 | AA38: =AC67 -> 0 | AB38: - | AC38: =IF(V38=3,0,IFERROR(INDEX($AR$8:$AR$111,MATCH($F38,AS$8:AS$111,0),1),0)) -> 0 | AD38: =U38>0 -> FALSE | AE38: =IFERROR(VLOOKUP($F38,$AS$8:$AV$111,2,FALSE),"")="常勤" -> FALSE | AF38: =IFERROR(VLOOKUP(F38,$AS$8:$AV$111,3,FALSE),"") | AG38: =M38 -> 0 | AH38: 2 | AI38: =IF(AND($W38,$J38="○"),IF($K38="-",IF($U38<IF($AH38=5,$AL$4,$AL$3),$AH38,2),IF($K38=0,IF($U38<IF($AH38=5,$AL$4,$AL$3),IF(OR($AH38=1,$AH38=5),$AH38,3),3),IF(K38<IF($AH38=5,$AL$4,$AL$3),$AH38,IF($K38>$U38,4,2)))),2) -> 2 | AJ38: =IF(AI38=1,$AL$3,IF(AI38=5,$AL$4,IF(AI38=2,IF(K38="-",U38,K38),IF(AI38=3,U38,"×")))) -> 0 | AR38: =ROW()-ROW($AR$7) -> 31 | AS38: =AR38&" "&IF(AU38<>"-",【様式2】職員名簿!B71&"/"&AT38&"/"&AU38,"") -> 31 | AT38: =【様式2】職員名簿!E71 -> 0 | AU38: =IF(【様式2】職員名簿!J71="エラー","-",【様式2】職員名簿!J71) -> - | AV38: =IF($AT38="常勤",$AM$2,IF($AT38="非常勤",【様式2】職員名簿!G71,0)) -> 0 | AW38: =IF($AU38=AW$3,COUNTIF($AU$8:$AU38,AW$3),0) -> 0 | AX38: =IFERROR(INDEX($AS$8:$AS$111,MATCH($AR38,AW$8:AW$111,0),1),"") | AY38: =IF($AU38=AY$3,COUNTIF($AU$8:$AU38,AY$3),0) -> 0 | AZ38: =IFERROR(INDEX($AS$8:$AS$111,MATCH($AR38,AY$8:AY$111,0),1),"") | BA38: =IF($AU38=BA$3,COUNTIFS($AU$8:$AU38,BA$3,$AT$8:$AT38,BA$4),0) -> 0 | BB38: =IFERROR(INDEX($AS$8:$AS$111,MATCH($AR38,BA$8:BA$111,0),1),"") | BC38: =IF($AU38=BC$3,COUNTIF($AU$8:$AU38,BC$3),0) -> 0 | BD38: =IFERROR(INDEX($AS$8:$AS$111,MATCH($AR38,BC$8:BC$111,0),1),"") | BE38: =IF(OR($AU38=BE$3,$AU38=BE$4),COUNTIF($AU$8:$AU38,BE$3)+COUNTIF($AU$8:$AU38,BE$4),0) -> 0 | BF38: =IFERROR(INDEX($AS$8:$AS$111,MATCH($AR38,BE$8:BE$111,0),1),"") | BG38: =IF($AU38=BG$3,COUNTIF($AU$8:$AU38,BG$3),0) -> 0 | BH38: =IFERROR(INDEX($AS$8:$AS$111,MATCH($AR38,BG$8:BG$111,0),1),"") | BI38: =IF($AU38<>BI$3,COUNTIF($AU$8:$AU38,"<>"&BI$3),0) -> 0 | BJ38: =IFERROR(INDEX($AS$8:$AS$111,MATCH($AR38,BI$8:BI$111,0),1),"")
E39: =IF(W39,T39,"") | I39: =IF(OR(NOT(W39),U39=0),"",U39) | J39: =IF(OR(F39=0,F39=""),"",IF(W39,IF(X39,IF(OR(Y39,V39=3),IF(AD39,IF(OR(AE39,V39=2,V39=3),"○","要常勤"),"時間無"),"重複"),"名簿無"),"対象外")) | L39: =IF(AI39=1,"調整①→",IF(AI39=5,"調整②→",IF(AI39=2,"",IF(AI39=3,"全計上→","エラー")))) | M39: =IF(OR(AND(J39<>"",J39<>"○"),AI39=4),"×",IF(J39="",0,AJ39/$AM$2)) -> 0 | N39: =IF(Q39,"○","×") -> × | Q39: =R39 -> FALSE | R39: =AND(R35=2,B19>0) -> FALSE | S39: =AND(J39="○",$O$157>=0) -> FALSE | T39: =$BJ$6 -> 全職種 | U39: =IFERROR(VLOOKUP($F39,$AS$8:$AV$111,4,FALSE),0) -> 0 | V39: 3 | W39: =R39 -> FALSE | X39: =COUNTIF(INDIRECT(T39),F39)>0 -> FALSE | Y39: =COUNTIF($AC$25:AC38,AC39)+COUNTIF(AC40:$AC$124,AC39)-COUNTIF(Z39:AB39,AC39)=0 -> FALSE | Z39: =AC38 -> 0 | AA39: =AC67 -> 0 | AB39: - | AC39: =IF(V39=3,0,IFERROR(INDEX($AR$8:$AR$111,MATCH($F39,AS$8:AS$111,0),1),0)) -> 0 | AD39: =U39>0 -> FALSE | AE39: =IFERROR(VLOOKUP($F39,$AS$8:$AV$111,2,FALSE),"")="常勤" -> FALSE | AF39: =IFERROR(VLOOKUP(F39,$AS$8:$AV$111,3,FALSE),"") | AG39: =M39 -> 0 | AH39: 2 | AI39: =IF(AND($W39,$J39="○"),IF($K39="-",IF($U39<IF($AH39=5,$AL$4,$AL$3),$AH39,2),IF($K39=0,IF($U39<IF($AH39=5,$AL$4,$AL$3),IF(OR($AH39=1,$AH39=5),$AH39,3),3),IF(K39<IF($AH39=5,$AL$4,$AL$3),$AH39,IF($K39>$U39,4,2)))),2) -> 2 | AJ39: =IF(AI39=1,$AL$3,IF(AI39=5,$AL$4,IF(AI39=2,IF(K39="-",U39,K39),IF(AI39=3,U39,"×")))) -> 0 | AR39: =ROW()-ROW($AR$7) -> 32 | AS39: =AR39&" "&IF(AU39<>"-",【様式2】職員名簿!B72&"/"&AT39&"/"&AU39,"") -> 32 | AT39: =【様式2】職員名簿!E72 -> 0 | AU39: =IF(【様式2】職員名簿!J72="エラー","-",【様式2】職員名簿!J72) -> - | AV39: =IF($AT39="常勤",$AM$2,IF($AT39="非常勤",【様式2】職員名簿!G72,0)) -> 0 | AW39: =IF($AU39=AW$3,COUNTIF($AU$8:$AU39,AW$3),0) -> 0 | AX39: =IFERROR(INDEX($AS$8:$AS$111,MATCH($AR39,AW$8:AW$111,0),1),"") | AY39: =IF($AU39=AY$3,COUNTIF($AU$8:$AU39,AY$3),0) -> 0 | AZ39: =IFERROR(INDEX($AS$8:$AS$111,MATCH($AR39,AY$8:AY$111,0),1),"") | BA39: =IF($AU39=BA$3,COUNTIFS($AU$8:$AU39,BA$3,$AT$8:$AT39,BA$4),0) -> 0 | BB39: =IFERROR(INDEX($AS$8:$AS$111,MATCH($AR39,BA$8:BA$111,0),1),"") | BC39: =IF($AU39=BC$3,COUNTIF($AU$8:$AU39,BC$3),0) -> 0 | BD39: =IFERROR(INDEX($AS$8:$AS$111,MATCH($AR39,BC$8:BC$111,0),1),"") | BE39: =IF(OR($AU39=BE$3,$AU39=BE$4),COUNTIF($AU$8:$AU39,BE$3)+COUNTIF($AU$8:$AU39,BE$4),0) -> 0 | BF39: =IFERROR(INDEX($AS$8:$AS$111,MATCH($AR39,BE$8:BE$111,0),1),"") | BG39: =IF($AU39=BG$3,COUNTIF($AU$8:$AU39,BG$3),0) -> 0 | BH39: =IFERROR(INDEX($AS$8:$AS$111,MATCH($AR39,BG$8:BG$111,0),1),"") | BI39: =IF($AU39<>BI$3,COUNTIF($AU$8:$AU39,"<>"&BI$3),0) -> 0 | BJ39: =IFERROR(INDEX($AS$8:$AS$111,MATCH($AR39,BI$8:BI$111,0),1),"")
E40: =IF(W40,T40,"") | F40: =IF(W40,BL10,"") | I40: =IF(OR(NOT(W40),U40=0),"",U40) | J40: =IF(OR(F40=0,F40=""),"",IF(W40,IF(X40,IF(OR(Y40,V40=3),IF(AD40,IF(OR(AE40,V40=2,V40=3),"○","要常勤"),"時間無"),"重複"),"名簿無"),"対象外")) | K40: - | L40: - | M40: - | N40: =IF(Q40,"○","×") -> × | Q40: =R40 -> FALSE | R40: =R35=3 -> FALSE | S40: =AND(J40="○",$O$157>=0) -> FALSE | T40: =$BL$6 -> 業務委託 | U40: =BM10 -> 0 | V40: 3 | W40: =R40 -> FALSE | X40: =COUNTIF(INDIRECT(T40),F40)>0 -> FALSE | Y40: =COUNTIF($AC$25:AC39,AC40)+COUNTIF(AC41:$AC$124,AC40)-COUNTIF(Z40:AB40,AC40)=0 -> FALSE | Z40: - | AA40: - | AB40: - | AC40: =IF(V40=3,0,IFERROR(INDEX($AR$8:$AR$111,MATCH($F40,AS$8:AS$111,0),1),0)) -> 0 | AD40: =U40>0 -> FALSE | AE40: =IFERROR(VLOOKUP($F40,$AS$8:$AV$111,2,FALSE),"")="常勤" -> FALSE | AF40: - | AG40: - | AH40: 2 | AI40: =IF(AND($W40,$J40="○"),IF($K40="-",IF($U40<IF($AH40=5,$AL$4,$AL$3),$AH40,2),IF($K40=0,IF($U40<IF($AH40=5,$AL$4,$AL$3),IF(OR($AH40=1,$AH40=5),$AH40,3),3),IF(K40<IF($AH40=5,$AL$4,$AL$3),$AH40,IF($K40>$U40,4,2)))),2) -> 2 | AJ40: =IF(AI40=1,$AL$3,IF(AI40=5,$AL$4,IF(AI40=2,IF(K40="-",U40,K40),IF(AI40=3,U40,"×")))) -> 0 | AR40: =ROW()-ROW($AR$7) -> 33 | AS40: =AR40&" "&IF(AU40<>"-",【様式2】職員名簿!B73&"/"&AT40&"/"&AU40,"") -> 33 | AT40: =【様式2】職員名簿!E73 -> 0 | AU40: =IF(【様式2】職員名簿!J73="エラー","-",【様式2】職員名簿!J73) -> - | AV40: =IF($AT40="常勤",$AM$2,IF($AT40="非常勤",【様式2】職員名簿!G73,0)) -> 0 | AW40: =IF($AU40=AW$3,COUNTIF($AU$8:$AU40,AW$3),0) -> 0 | AX40: =IFERROR(INDEX($AS$8:$AS$111,MATCH($AR40,AW$8:AW$111,0),1),"") | AY40: =IF($AU40=AY$3,COUNTIF($AU$8:$AU40,AY$3),0) -> 0 | AZ40: =IFERROR(INDEX($AS$8:$AS$111,MATCH($AR40,AY$8:AY$111,0),1),"") | BA40: =IF($AU40=BA$3,COUNTIFS($AU$8:$AU40,BA$3,$AT$8:$AT40,BA$4),0) -> 0 | BB40: =IFERROR(INDEX($AS$8:$AS$111,MATCH($AR40,BA$8:BA$111,0),1),"") | BC40: =IF($AU40=BC$3,COUNTIF($AU$8:$AU40,BC$3),0) -> 0 | BD40: =IFERROR(INDEX($AS$8:$AS$111,MATCH($AR40,BC$8:BC$111,0),1),"") | BE40: =IF(OR($AU40=BE$3,$AU40=BE$4),COUNTIF($AU$8:$AU40,BE$3)+COUNTIF($AU$8:$AU40,BE$4),0) -> 0 | BF40: =IFERROR(INDEX($AS$8:$AS$111,MATCH($AR40,BE$8:BE$111,0),1),"") | BG40: =IF($AU40=BG$3,COUNTIF($AU$8:$AU40,BG$3),0) -> 0 | BH40: =IFERROR(INDEX($AS$8:$AS$111,MATCH($AR40,BG$8:BG$111,0),1),"") | BI40: =IF($AU40<>BI$3,COUNTIF($AU$8:$AU40,"<>"&BI$3),0) -> 0 | BJ40: =IFERROR(INDEX($AS$8:$AS$111,MATCH($AR40,BI$8:BI$111,0),1),"")
B41: 嘱託医・嘱託歯科医 | D41: =IF(W41,T41,"") -> 嘱託医等 | F41: =IF(Q41,"嘱託医を配置","個票0未選択のため見直すこと") -> 嘱託医を配置 | L41: - | M41: - | N41: =IF(Q41,"○","×") -> ○ | O41: =IF(Q41,IF(S41,"○","×"),"-") -> × | Q41: =TRUE() -> TRUE | R41: =【様式１】総括表・個票!AI65 -> FALSE | S41: =R41 -> FALSE | T41: 嘱託医等 | U41: - | V41: - | W41: =Q41 -> TRUE | X41: - | Y41: - | Z41: - | AA41: - | AB41: - | AC41: - | AD41: - | AE41: - | AF41: - | AG41: - | AH41: - | AI41: - | AJ41: - | AR41: =ROW()-ROW($AR$7) -> 34 | AS41: =AR41&" "&IF(AU41<>"-",【様式2】職員名簿!B74&"/"&AT41&"/"&AU41,"") -> 34 | AT41: =【様式2】職員名簿!E74 -> 0 | AU41: =IF(【様式2】職員名簿!J74="エラー","-",【様式2】職員名簿!J74) -> - | AV41: =IF($AT41="常勤",$AM$2,IF($AT41="非常勤",【様式2】職員名簿!G74,0)) -> 0 | AW41: =IF($AU41=AW$3,COUNTIF($AU$8:$AU41,AW$3),0) -> 0 | AX41: =IFERROR(INDEX($AS$8:$AS$111,MATCH($AR41,AW$8:AW$111,0),1),"") | AY41: =IF($AU41=AY$3,COUNTIF($AU$8:$AU41,AY$3),0) -> 0 | AZ41: =IFERROR(INDEX($AS$8:$AS$111,MATCH($AR41,AY$8:AY$111,0),1),"") | BA41: =IF($AU41=BA$3,COUNTIFS($AU$8:$AU41,BA$3,$AT$8:$AT41,BA$4),0) -> 0 | BB41: =IFERROR(INDEX($AS$8:$AS$111,MATCH($AR41,BA$8:BA$111,0),1),"") | BC41: =IF($AU41=BC$3,COUNTIF($AU$8:$AU41,BC$3),0) -> 0 | BD41: =IFERROR(INDEX($AS$8:$AS$111,MATCH($AR41,BC$8:BC$111,0),1),"") | BE41: =IF(OR($AU41=BE$3,$AU41=BE$4),COUNTIF($AU$8:$AU41,BE$3)+COUNTIF($AU$8:$AU41,BE$4),0) -> 0 | BF41: =IFERROR(INDEX($AS$8:$AS$111,MATCH($AR41,BE$8:BE$111,0),1),"") | BG41: =IF($AU41=BG$3,COUNTIF($AU$8:$AU41,BG$3),0) -> 0 | BH41: =IFERROR(INDEX($AS$8:$AS$111,MATCH($AR41,BG$8:BG$111,0),1),"") | BI41: =IF($AU41<>BI$3,COUNTIF($AU$8:$AU41,"<>"&BI$3),0) -> 0 | BJ41: =IFERROR(INDEX($AS$8:$AS$111,MATCH($AR41,BI$8:BI$111,0),1),"")
A42: 保育士 | B42: ３歳児配置改善加算 | D42: =IF(W42,T42,"") | F42: =IF(N42="○","３歳児について1：15","３歳児について1：20") -> ３歳児について1：20 | L42: - | M42: - | N42: =IF(Q42,"○","×") -> × | O42: =IF(Q42,IF(S42,"○","×"),"-") -> - | Q42: =【様式１】総括表・個票!AI76 -> FALSE | R42: - | S42: =$O$142>=0 -> TRUE | T42: =$AZ$6 -> 保育士 | U42: - | V42: - | W42: =Q42 -> FALSE | X42: - | Y42: - | Z42: - | AA42: - | AB42: - | AC42: - | AD42: =U42>0 -> TRUE | AE42: =IFERROR(VLOOKUP($F42,$AS$8:$AV$111,2,FALSE),"")="常勤" -> FALSE | AF42: - | AG42: - | AH42: - | AI42: - | AJ42: - | AR42: =ROW()-ROW($AR$7) -> 35 | AS42: =AR42&" "&IF(AU42<>"-",【様式2】職員名簿!B75&"/"&AT42&"/"&AU42,"") -> 35 | AT42: =【様式2】職員名簿!E75 -> 0 | AU42: =IF(【様式2】職員名簿!J75="エラー","-",【様式2】職員名簿!J75) -> - | AV42: =IF($AT42="常勤",$AM$2,IF($AT42="非常勤",【様式2】職員名簿!G75,0)) -> 0 | AW42: =IF($AU42=AW$3,COUNTIF($AU$8:$AU42,AW$3),0) -> 0 | AX42: =IFERROR(INDEX($AS$8:$AS$111,MATCH($AR42,AW$8:AW$111,0),1),"") | AY42: =IF($AU42=AY$3,COUNTIF($AU$8:$AU42,AY$3),0) -> 0 | AZ42: =IFERROR(INDEX($AS$8:$AS$111,MATCH($AR42,AY$8:AY$111,0),1),"") | BA42: =IF($AU42=BA$3,COUNTIFS($AU$8:$AU42,BA$3,$AT$8:$AT42,BA$4),0) -> 0 | BB42: =IFERROR(INDEX($AS$8:$AS$111,MATCH($AR42,BA$8:BA$111,0),1),"") | BC42: =IF($AU42=BC$3,COUNTIF($AU$8:$AU42,BC$3),0) -> 0 | BD42: =IFERROR(INDEX($AS$8:$AS$111,MATCH($AR42,BC$8:BC$111,0),1),"") | BE42: =IF(OR($AU42=BE$3,$AU42=BE$4),COUNTIF($AU$8:$AU42,BE$3)+COUNTIF($AU$8:$AU42,BE$4),0) -> 0 | BF42: =IFERROR(INDEX($AS$8:$AS$111,MATCH($AR42,BE$8:BE$111,0),1),"") | BG42: =IF($AU42=BG$3,COUNTIF($AU$8:$AU42,BG$3),0) -> 0 | BH42: =IFERROR(INDEX($AS$8:$AS$111,MATCH($AR42,BG$8:BG$111,0),1),"") | BI42: =IF($AU42<>BI$3,COUNTIF($AU$8:$AU42,"<>"&BI$3),0) -> 0 | BJ42: =IFERROR(INDEX($AS$8:$AS$111,MATCH($AR42,BI$8:BI$111,0),1),"")
B43: 休日保育加算 | C43: =CONCATENATE('(別紙3)休日'!L15) | D43: =IF(W43,T43,"") | I43: =IF(OR(NOT(W43),U43=0),"",U43) | J43: =IF(OR(F43=0,F43=""),"",IF(W43,IF(X43,IF(OR(Y43,V43=3),IF(AD43,IF(OR(AE43,V43=2,V43=3),"○","要常勤"),"時間無"),"重複"),"名簿無"),"対象外")) | L43: =IF(AI43=1,"調整①→",IF(AI43=5,"調整②→",IF(AI43=2,"",IF(AI43=3,"全計上→","エラー")))) | M43: =IF(OR(AND(J43<>"",J43<>"○"),AI43=4),"×",IF(J43="",0,AJ43/$AM$2)) -> 0 | N43: =IF(Q43,"○","×") -> × | O43: =IF(Q43,IF(S43,"○","×"),"-") -> - | Q43: =AND(【様式１】総括表・個票!AI83,R43) -> FALSE | R43: ='(別紙3)休日'!L15<>"全て超過勤務" -> TRUE | S43: =AND(SUM(M43:M52)>0,O142>=0) -> FALSE | T43: =$AZ$6 -> 保育士 | U43: =IFERROR(VLOOKUP($F43,$AS$8:$AV$111,4,FALSE),0) -> 0 | V43: 2 | W43: =AND($Q$43,$R$43) -> FALSE | X43: =COUNTIF(INDIRECT(T43),F43)>0 -> FALSE | Y43: =COUNTIF($AC$25:AC42,AC43)+COUNTIF(AC44:$AC$124,AC43)-COUNTIF(Z43:AB43,AC43)=0 -> FALSE | Z43: - | AA43: - | AB43: - | AC43: =IF(V43=3,0,IFERROR(INDEX($AR$8:$AR$111,MATCH($F43,AS$8:AS$111,0),1),0)) -> 0 | AD43: =U43>0 -> FALSE | AE43: =IFERROR(VLOOKUP($F43,$AS$8:$AV$111,2,FALSE),"")="常勤" -> FALSE | AF43: - | AG43: =M43 -> 0 | AH43: 2 | AI43: =IF(AND($W43,$J43="○"),IF($K43="-",IF($U43<IF($AH43=5,$AL$4,$AL$3),$AH43,2),IF($K43=0,IF($U43<IF($AH43=5,$AL$4,$AL$3),IF(OR($AH43=1,$AH43=5),$AH43,3),3),IF(K43<IF($AH43=5,$AL$4,$AL$3),$AH43,IF($K43>$U43,4,2)))),2) -> 2 | AJ43: =IF(AI43=1,$AL$3,IF(AI43=5,$AL$4,IF(AI43=2,IF(K43="-",U43,K43),IF(AI43=3,U43,"×")))) -> 0 | AR43: =ROW()-ROW($AR$7) -> 36 | AS43: =AR43&" "&IF(AU43<>"-",【様式2】職員名簿!B76&"/"&AT43&"/"&AU43,"") -> 36 | AT43: =【様式2】職員名簿!E76 -> 0 | AU43: =IF(【様式2】職員名簿!J76="エラー","-",【様式2】職員名簿!J76) -> - | AV43: =IF($AT43="常勤",$AM$2,IF($AT43="非常勤",【様式2】職員名簿!G76,0)) -> 0 | AW43: =IF($AU43=AW$3,COUNTIF($AU$8:$AU43,AW$3),0) -> 0 | AX43: =IFERROR(INDEX($AS$8:$AS$111,MATCH($AR43,AW$8:AW$111,0),1),"") | AY43: =IF($AU43=AY$3,COUNTIF($AU$8:$AU43,AY$3),0) -> 0 | AZ43: =IFERROR(INDEX($AS$8:$AS$111,MATCH($AR43,AY$8:AY$111,0),1),"") | BA43: =IF($AU43=BA$3,COUNTIFS($AU$8:$AU43,BA$3,$AT$8:$AT43,BA$4),0) -> 0 | BB43: =IFERROR(INDEX($AS$8:$AS$111,MATCH($AR43,BA$8:BA$111,0),1),"") | BC43: =IF($AU43=BC$3,COUNTIF($AU$8:$AU43,BC$3),0) -> 0 | BD43: =IFERROR(INDEX($AS$8:$AS$111,MATCH($AR43,BC$8:BC$111,0),1),"") | BE43: =IF(OR($AU43=BE$3,$AU43=BE$4),COUNTIF($AU$8:$AU43,BE$3)+COUNTIF($AU$8:$AU43,BE$4),0) -> 0 | BF43: =IFERROR(INDEX($AS$8:$AS$111,MATCH($AR43,BE$8:BE$111,0),1),"") | BG43: =IF($AU43=BG$3,COUNTIF($AU$8:$AU43,BG$3),0) -> 0 | BH43: =IFERROR(INDEX($AS$8:$AS$111,MATCH($AR43,BG$8:BG$111,0),1),"") | BI43: =IF($AU43<>BI$3,COUNTIF($AU$8:$AU43,"<>"&BI$3),0) -> 0 | BJ43: =IFERROR(INDEX($AS$8:$AS$111,MATCH($AR43,BI$8:BI$111,0),1),"")
D44: =IF(W44,T44,"") | I44: =IF(OR(NOT(W44),U44=0),"",U44) | J44: =IF(OR(F44=0,F44=""),"",IF(W44,IF(X44,IF(OR(Y44,V44=3),IF(AD44,IF(OR(AE44,V44=2,V44=3),"○","要常勤"),"時間無"),"重複"),"名簿無"),"対象外")) | L44: =IF(AI44=1,"調整①→",IF(AI44=5,"調整②→",IF(AI44=2,"",IF(AI44=3,"全計上→","エラー")))) | M44: =IF(OR(AND(J44<>"",J44<>"○"),AI44=4),"×",IF(J44="",0,AJ44/$AM$2)) -> 0 | N44: =IF(Q44,"○","×") -> × | O44: =IF(Q44,IF(S44,"○","×"),"-") -> - | T44: =$AZ$6 -> 保育士 | U44: =IFERROR(VLOOKUP($F44,$AS$8:$AV$111,4,FALSE),0) -> 0 | V44: 2 | W44: =AND($Q$43,$R$43) -> FALSE | X44: =COUNTIF(INDIRECT(T44),F44)>0 -> FALSE | Y44: =COUNTIF($AC$25:AC43,AC44)+COUNTIF(AC45:$AC$124,AC44)-COUNTIF(Z44:AB44,AC44)=0 -> FALSE | Z44: - | AA44: - | AB44: - | AC44: =IF(V44=3,0,IFERROR(INDEX($AR$8:$AR$111,MATCH($F44,AS$8:AS$111,0),1),0)) -> 0 | AD44: =U44>0 -> FALSE | AE44: =IFERROR(VLOOKUP($F44,$AS$8:$AV$111,2,FALSE),"")="常勤" -> FALSE | AF44: - | AG44: =M44 -> 0 | AH44: 2 | AI44: =IF(AND($W44,$J44="○"),IF($K44="-",IF($U44<IF($AH44=5,$AL$4,$AL$3),$AH44,2),IF($K44=0,IF($U44<IF($AH44=5,$AL$4,$AL$3),IF(OR($AH44=1,$AH44=5),$AH44,3),3),IF(K44<IF($AH44=5,$AL$4,$AL$3),$AH44,IF($K44>$U44,4,2)))),2) -> 2 | AJ44: =IF(AI44=1,$AL$3,IF(AI44=5,$AL$4,IF(AI44=2,IF(K44="-",U44,K44),IF(AI44=3,U44,"×")))) -> 0 | AR44: =ROW()-ROW($AR$7) -> 37 | AS44: =AR44&" "&IF(AU44<>"-",【様式2】職員名簿!B77&"/"&AT44&"/"&AU44,"") -> 37 | AT44: =【様式2】職員名簿!E77 -> 0 | AU44: =IF(【様式2】職員名簿!J77="エラー","-",【様式2】職員名簿!J77) -> - | AV44: =IF($AT44="常勤",$AM$2,IF($AT44="非常勤",【様式2】職員名簿!G77,0)) -> 0 | AW44: =IF($AU44=AW$3,COUNTIF($AU$8:$AU44,AW$3),0) -> 0 | AX44: =IFERROR(INDEX($AS$8:$AS$111,MATCH($AR44,AW$8:AW$111,0),1),"") | AY44: =IF($AU44=AY$3,COUNTIF($AU$8:$AU44,AY$3),0) -> 0 | AZ44: =IFERROR(INDEX($AS$8:$AS$111,MATCH($AR44,AY$8:AY$111,0),1),"") | BA44: =IF($AU44=BA$3,COUNTIFS($AU$8:$AU44,BA$3,$AT$8:$AT44,BA$4),0) -> 0 | BB44: =IFERROR(INDEX($AS$8:$AS$111,MATCH($AR44,BA$8:BA$111,0),1),"") | BC44: =IF($AU44=BC$3,COUNTIF($AU$8:$AU44,BC$3),0) -> 0 | BD44: =IFERROR(INDEX($AS$8:$AS$111,MATCH($AR44,BC$8:BC$111,0),1),"") | BE44: =IF(OR($AU44=BE$3,$AU44=BE$4),COUNTIF($AU$8:$AU44,BE$3)+COUNTIF($AU$8:$AU44,BE$4),0) -> 0 | BF44: =IFERROR(INDEX($AS$8:$AS$111,MATCH($AR44,BE$8:BE$111,0),1),"") | BG44: =IF($AU44=BG$3,COUNTIF($AU$8:$AU44,BG$3),0) -> 0 | BH44: =IFERROR(INDEX($AS$8:$AS$111,MATCH($AR44,BG$8:BG$111,0),1),"") | BI44: =IF($AU44<>BI$3,COUNTIF($AU$8:$AU44,"<>"&BI$3),0) -> 0 | BJ44: =IFERROR(INDEX($AS$8:$AS$111,MATCH($AR44,BI$8:BI$111,0),1),"")
C45: 通常給与で対応した分を記載 | D45: =IF(W45,T45,"") | I45: =IF(OR(NOT(W45),U45=0),"",U45) | J45: =IF(OR(F45=0,F45=""),"",IF(W45,IF(X45,IF(OR(Y45,V45=3),IF(AD45,IF(OR(AE45,V45=2,V45=3),"○","要常勤"),"時間無"),"重複"),"名簿無"),"対象外")) | L45: =IF(AI45=1,"調整①→",IF(AI45=5,"調整②→",IF(AI45=2,"",IF(AI45=3,"全計上→","エラー")))) | M45: =IF(OR(AND(J45<>"",J45<>"○"),AI45=4),"×",IF(J45="",0,AJ45/$AM$2)) -> 0 | N45: =IF(Q45,"○","×") -> × | O45: =IF(Q45,IF(S45,"○","×"),"-") -> - | T45: =$AZ$6 -> 保育士 | U45: =IFERROR(VLOOKUP($F45,$AS$8:$AV$111,4,FALSE),0) -> 0 | V45: 2 | W45: =AND($Q$43,$R$43) -> FALSE | X45: =COUNTIF(INDIRECT(T45),F45)>0 -> FALSE | Y45: =COUNTIF($AC$25:AC44,AC45)+COUNTIF(AC46:$AC$124,AC45)-COUNTIF(Z45:AB45,AC45)=0 -> FALSE | Z45: - | AA45: - | AB45: - | AC45: =IF(V45=3,0,IFERROR(INDEX($AR$8:$AR$111,MATCH($F45,AS$8:AS$111,0),1),0)) -> 0 | AD45: =U45>0 -> FALSE | AE45: =IFERROR(VLOOKUP($F45,$AS$8:$AV$111,2,FALSE),"")="常勤" -> FALSE | AF45: - | AG45: =M45 -> 0 | AH45: 2 | AI45: =IF(AND($W45,$J45="○"),IF($K45="-",IF($U45<IF($AH45=5,$AL$4,$AL$3),$AH45,2),IF($K45=0,IF($U45<IF($AH45=5,$AL$4,$AL$3),IF(OR($AH45=1,$AH45=5),$AH45,3),3),IF(K45<IF($AH45=5,$AL$4,$AL$3),$AH45,IF($K45>$U45,4,2)))),2) -> 2 | AJ45: =IF(AI45=1,$AL$3,IF(AI45=5,$AL$4,IF(AI45=2,IF(K45="-",U45,K45),IF(AI45=3,U45,"×")))) -> 0 | AR45: =ROW()-ROW($AR$7) -> 38 | AS45: =AR45&" "&IF(AU45<>"-",【様式2】職員名簿!B78&"/"&AT45&"/"&AU45,"") -> 38 | AT45: =【様式2】職員名簿!E78 -> 0 | AU45: =IF(【様式2】職員名簿!J78="エラー","-",【様式2】職員名簿!J78) -> - | AV45: =IF($AT45="常勤",$AM$2,IF($AT45="非常勤",【様式2】職員名簿!G78,0)) -> 0 | AW45: =IF($AU45=AW$3,COUNTIF($AU$8:$AU45,AW$3),0) -> 0 | AX45: =IFERROR(INDEX($AS$8:$AS$111,MATCH($AR45,AW$8:AW$111,0),1),"") | AY45: =IF($AU45=AY$3,COUNTIF($AU$8:$AU45,AY$3),0) -> 0 | AZ45: =IFERROR(INDEX($AS$8:$AS$111,MATCH($AR45,AY$8:AY$111,0),1),"") | BA45: =IF($AU45=BA$3,COUNTIFS($AU$8:$AU45,BA$3,$AT$8:$AT45,BA$4),0) -> 0 | BB45: =IFERROR(INDEX($AS$8:$AS$111,MATCH($AR45,BA$8:BA$111,0),1),"") | BC45: =IF($AU45=BC$3,COUNTIF($AU$8:$AU45,BC$3),0) -> 0 | BD45: =IFERROR(INDEX($AS$8:$AS$111,MATCH($AR45,BC$8:BC$111,0),1),"") | BE45: =IF(OR($AU45=BE$3,$AU45=BE$4),COUNTIF($AU$8:$AU45,BE$3)+COUNTIF($AU$8:$AU45,BE$4),0) -> 0 | BF45: =IFERROR(INDEX($AS$8:$AS$111,MATCH($AR45,BE$8:BE$111,0),1),"") | BG45: =IF($AU45=BG$3,COUNTIF($AU$8:$AU45,BG$3),0) -> 0 | BH45: =IFERROR(INDEX($AS$8:$AS$111,MATCH($AR45,BG$8:BG$111,0),1),"") | BI45: =IF($AU45<>BI$3,COUNTIF($AU$8:$AU45,"<>"&BI$3),0) -> 0 | BJ45: =IFERROR(INDEX($AS$8:$AS$111,MATCH($AR45,BI$8:BI$111,0),1),"")
D46: =IF(W46,T46,"") | I46: =IF(OR(NOT(W46),U46=0),"",U46) | J46: =IF(OR(F46=0,F46=""),"",IF(W46,IF(X46,IF(OR(Y46,V46=3),IF(AD46,IF(OR(AE46,V46=2,V46=3),"○","要常勤"),"時間無"),"重複"),"名簿無"),"対象外")) | L46: =IF(AI46=1,"調整①→",IF(AI46=5,"調整②→",IF(AI46=2,"",IF(AI46=3,"全計上→","エラー")))) | M46: =IF(OR(AND(J46<>"",J46<>"○"),AI46=4),"×",IF(J46="",0,AJ46/$AM$2)) -> 0 | N46: =IF(Q46,"○","×") -> × | O46: =IF(Q46,IF(S46,"○","×"),"-") -> - | T46: =$AZ$6 -> 保育士 | U46: =IFERROR(VLOOKUP($F46,$AS$8:$AV$111,4,FALSE),0) -> 0 | V46: 2 | W46: =AND($Q$43,$R$43) -> FALSE | X46: =COUNTIF(INDIRECT(T46),F46)>0 -> FALSE | Y46: =COUNTIF($AC$25:AC45,AC46)+COUNTIF(AC47:$AC$124,AC46)-COUNTIF(Z46:AB46,AC46)=0 -> FALSE | Z46: - | AA46: - | AB46: - | AC46: =IF(V46=3,0,IFERROR(INDEX($AR$8:$AR$111,MATCH($F46,AS$8:AS$111,0),1),0)) -> 0 | AD46: =U46>0 -> FALSE | AE46: =IFERROR(VLOOKUP($F46,$AS$8:$AV$111,2,FALSE),"")="常勤" -> FALSE | AF46: - | AG46: =M46 -> 0 | AH46: 2 | AI46: =IF(AND($W46,$J46="○"),IF($K46="-",IF($U46<IF($AH46=5,$AL$4,$AL$3),$AH46,2),IF($K46=0,IF($U46<IF($AH46=5,$AL$4,$AL$3),IF(OR($AH46=1,$AH46=5),$AH46,3),3),IF(K46<IF($AH46=5,$AL$4,$AL$3),$AH46,IF($K46>$U46,4,2)))),2) -> 2 | AJ46: =IF(AI46=1,$AL$3,IF(AI46=5,$AL$4,IF(AI46=2,IF(K46="-",U46,K46),IF(AI46=3,U46,"×")))) -> 0 | AR46: =ROW()-ROW($AR$7) -> 39 | AS46: =AR46&" "&IF(AU46<>"-",【様式2】職員名簿!B79&"/"&AT46&"/"&AU46,"") -> 39 | AT46: =【様式2】職員名簿!E79 -> 0 | AU46: =IF(【様式2】職員名簿!J79="エラー","-",【様式2】職員名簿!J79) -> - | AV46: =IF($AT46="常勤",$AM$2,IF($AT46="非常勤",【様式2】職員名簿!G79,0)) -> 0 | AW46: =IF($AU46=AW$3,COUNTIF($AU$8:$AU46,AW$3),0) -> 0 | AX46: =IFERROR(INDEX($AS$8:$AS$111,MATCH($AR46,AW$8:AW$111,0),1),"") | AY46: =IF($AU46=AY$3,COUNTIF($AU$8:$AU46,AY$3),0) -> 0 | AZ46: =IFERROR(INDEX($AS$8:$AS$111,MATCH($AR46,AY$8:AY$111,0),1),"") | BA46: =IF($AU46=BA$3,COUNTIFS($AU$8:$AU46,BA$3,$AT$8:$AT46,BA$4),0) -> 0 | BB46: =IFERROR(INDEX($AS$8:$AS$111,MATCH($AR46,BA$8:BA$111,0),1),"") | BC46: =IF($AU46=BC$3,COUNTIF($AU$8:$AU46,BC$3),0) -> 0 | BD46: =IFERROR(INDEX($AS$8:$AS$111,MATCH($AR46,BC$8:BC$111,0),1),"") | BE46: =IF(OR($AU46=BE$3,$AU46=BE$4),COUNTIF($AU$8:$AU46,BE$3)+COUNTIF($AU$8:$AU46,BE$4),0) -> 0 | BF46: =IFERROR(INDEX($AS$8:$AS$111,MATCH($AR46,BE$8:BE$111,0),1),"") | BG46: =IF($AU46=BG$3,COUNTIF($AU$8:$AU46,BG$3),0) -> 0 | BH46: =IFERROR(INDEX($AS$8:$AS$111,MATCH($AR46,BG$8:BG$111,0),1),"") | BI46: =IF($AU46<>BI$3,COUNTIF($AU$8:$AU46,"<>"&BI$3),0) -> 0 | BJ46: =IFERROR(INDEX($AS$8:$AS$111,MATCH($AR46,BI$8:BI$111,0),1),"")
D47: =IF(W47,T47,"") | I47: =IF(OR(NOT(W47),U47=0),"",U47) | J47: =IF(OR(F47=0,F47=""),"",IF(W47,IF(X47,IF(OR(Y47,V47=3),IF(AD47,IF(OR(AE47,V47=2,V47=3),"○","要常勤"),"時間無"),"重複"),"名簿無"),"対象外")) | L47: =IF(AI47=1,"調整①→",IF(AI47=5,"調整②→",IF(AI47=2,"",IF(AI47=3,"全計上→","エラー")))) | M47: =IF(OR(AND(J47<>"",J47<>"○"),AI47=4),"×",IF(J47="",0,AJ47/$AM$2)) -> 0 | N47: =IF(Q47,"○","×") -> × | O47: =IF(Q47,IF(S47,"○","×"),"-") -> - | T47: =$AZ$6 -> 保育士 | U47: =IFERROR(VLOOKUP($F47,$AS$8:$AV$111,4,FALSE),0) -> 0 | V47: 2 | W47: =AND($Q$43,$R$43) -> FALSE | X47: =COUNTIF(INDIRECT(T47),F47)>0 -> FALSE | Y47: =COUNTIF($AC$25:AC46,AC47)+COUNTIF(AC48:$AC$124,AC47)-COUNTIF(Z47:AB47,AC47)=0 -> FALSE | Z47: - | AA47: - | AB47: - | AC47: =IF(V47=3,0,IFERROR(INDEX($AR$8:$AR$111,MATCH($F47,AS$8:AS$111,0),1),0)) -> 0 | AD47: =U47>0 -> FALSE | AE47: =IFERROR(VLOOKUP($F47,$AS$8:$AV$111,2,FALSE),"")="常勤" -> FALSE | AF47: - | AG47: =M47 -> 0 | AH47: 2 | AI47: =IF(AND($W47,$J47="○"),IF($K47="-",IF($U47<IF($AH47=5,$AL$4,$AL$3),$AH47,2),IF($K47=0,IF($U47<IF($AH47=5,$AL$4,$AL$3),IF(OR($AH47=1,$AH47=5),$AH47,3),3),IF(K47<IF($AH47=5,$AL$4,$AL$3),$AH47,IF($K47>$U47,4,2)))),2) -> 2 | AJ47: =IF(AI47=1,$AL$3,IF(AI47=5,$AL$4,IF(AI47=2,IF(K47="-",U47,K47),IF(AI47=3,U47,"×")))) -> 0 | AR47: =ROW()-ROW($AR$7) -> 40 | AS47: =AR47&" "&IF(AU47<>"-",【様式2】職員名簿!B80&"/"&AT47&"/"&AU47,"") -> 40 | AT47: =【様式2】職員名簿!E80 -> 0 | AU47: =IF(【様式2】職員名簿!J80="エラー","-",【様式2】職員名簿!J80) -> - | AV47: =IF($AT47="常勤",$AM$2,IF($AT47="非常勤",【様式2】職員名簿!G80,0)) -> 0 | AW47: =IF($AU47=AW$3,COUNTIF($AU$8:$AU47,AW$3),0) -> 0 | AX47: =IFERROR(INDEX($AS$8:$AS$111,MATCH($AR47,AW$8:AW$111,0),1),"") | AY47: =IF($AU47=AY$3,COUNTIF($AU$8:$AU47,AY$3),0) -> 0 | AZ47: =IFERROR(INDEX($AS$8:$AS$111,MATCH($AR47,AY$8:AY$111,0),1),"") | BA47: =IF($AU47=BA$3,COUNTIFS($AU$8:$AU47,BA$3,$AT$8:$AT47,BA$4),0) -> 0 | BB47: =IFERROR(INDEX($AS$8:$AS$111,MATCH($AR47,BA$8:BA$111,0),1),"") | BC47: =IF($AU47=BC$3,COUNTIF($AU$8:$AU47,BC$3),0) -> 0 | BD47: =IFERROR(INDEX($AS$8:$AS$111,MATCH($AR47,BC$8:BC$111,0),1),"") | BE47: =IF(OR($AU47=BE$3,$AU47=BE$4),COUNTIF($AU$8:$AU47,BE$3)+COUNTIF($AU$8:$AU47,BE$4),0) -> 0 | BF47: =IFERROR(INDEX($AS$8:$AS$111,MATCH($AR47,BE$8:BE$111,0),1),"") | BG47: =IF($AU47=BG$3,COUNTIF($AU$8:$AU47,BG$3),0) -> 0 | BH47: =IFERROR(INDEX($AS$8:$AS$111,MATCH($AR47,BG$8:BG$111,0),1),"") | BI47: =IF($AU47<>BI$3,COUNTIF($AU$8:$AU47,"<>"&BI$3),0) -> 0 | BJ47: =IFERROR(INDEX($AS$8:$AS$111,MATCH($AR47,BI$8:BI$111,0),1),"")
D48: =IF(W48,T48,"") | I48: =IF(OR(NOT(W48),U48=0),"",U48) | J48: =IF(OR(F48=0,F48=""),"",IF(W48,IF(X48,IF(OR(Y48,V48=3),IF(AD48,IF(OR(AE48,V48=2,V48=3),"○","要常勤"),"時間無"),"重複"),"名簿無"),"対象外")) | L48: =IF(AI48=1,"調整①→",IF(AI48=5,"調整②→",IF(AI48=2,"",IF(AI48=3,"全計上→","エラー")))) | M48: =IF(OR(AND(J48<>"",J48<>"○"),AI48=4),"×",IF(J48="",0,AJ48/$AM$2)) -> 0 | N48: =IF(Q48,"○","×") -> × | O48: =IF(Q48,IF(S48,"○","×"),"-") -> - | T48: =$AZ$6 -> 保育士 | U48: =IFERROR(VLOOKUP($F48,$AS$8:$AV$111,4,FALSE),0) -> 0 | V48: 2 | W48: =AND($Q$43,$R$43) -> FALSE | X48: =COUNTIF(INDIRECT(T48),F48)>0 -> FALSE | Y48: =COUNTIF($AC$25:AC47,AC48)+COUNTIF(AC49:$AC$124,AC48)-COUNTIF(Z48:AB48,AC48)=0 -> FALSE | Z48: - | AA48: - | AB48: - | AC48: =IF(V48=3,0,IFERROR(INDEX($AR$8:$AR$111,MATCH($F48,AS$8:AS$111,0),1),0)) -> 0 | AD48: =U48>0 -> FALSE | AE48: =IFERROR(VLOOKUP($F48,$AS$8:$AV$111,2,FALSE),"")="常勤" -> FALSE | AF48: - | AG48: =M48 -> 0 | AH48: 2 | AI48: =IF(AND($W48,$J48="○"),IF($K48="-",IF($U48<IF($AH48=5,$AL$4,$AL$3),$AH48,2),IF($K48=0,IF($U48<IF($AH48=5,$AL$4,$AL$3),IF(OR($AH48=1,$AH48=5),$AH48,3),3),IF(K48<IF($AH48=5,$AL$4,$AL$3),$AH48,IF($K48>$U48,4,2)))),2) -> 2 | AJ48: =IF(AI48=1,$AL$3,IF(AI48=5,$AL$4,IF(AI48=2,IF(K48="-",U48,K48),IF(AI48=3,U48,"×")))) -> 0 | AR48: =ROW()-ROW($AR$7) -> 41 | AS48: =AR48&" "&IF(AU48<>"-",【様式2】職員名簿!B81&"/"&AT48&"/"&AU48,"") -> 41 | AT48: =【様式2】職員名簿!E81 -> 0 | AU48: =IF(【様式2】職員名簿!J81="エラー","-",【様式2】職員名簿!J81) -> - | AV48: =IF($AT48="常勤",$AM$2,IF($AT48="非常勤",【様式2】職員名簿!G81,0)) -> 0 | AW48: =IF($AU48=AW$3,COUNTIF($AU$8:$AU48,AW$3),0) -> 0 | AX48: =IFERROR(INDEX($AS$8:$AS$111,MATCH($AR48,AW$8:AW$111,0),1),"") | AY48: =IF($AU48=AY$3,COUNTIF($AU$8:$AU48,AY$3),0) -> 0 | AZ48: =IFERROR(INDEX($AS$8:$AS$111,MATCH($AR48,AY$8:AY$111,0),1),"") | BA48: =IF($AU48=BA$3,COUNTIFS($AU$8:$AU48,BA$3,$AT$8:$AT48,BA$4),0) -> 0 | BB48: =IFERROR(INDEX($AS$8:$AS$111,MATCH($AR48,BA$8:BA$111,0),1),"") | BC48: =IF($AU48=BC$3,COUNTIF($AU$8:$AU48,BC$3),0) -> 0 | BD48: =IFERROR(INDEX($AS$8:$AS$111,MATCH($AR48,BC$8:BC$111,0),1),"") | BE48: =IF(OR($AU48=BE$3,$AU48=BE$4),COUNTIF($AU$8:$AU48,BE$3)+COUNTIF($AU$8:$AU48,BE$4),0) -> 0 | BF48: =IFERROR(INDEX($AS$8:$AS$111,MATCH($AR48,BE$8:BE$111,0),1),"") | BG48: =IF($AU48=BG$3,COUNTIF($AU$8:$AU48,BG$3),0) -> 0 | BH48: =IFERROR(INDEX($AS$8:$AS$111,MATCH($AR48,BG$8:BG$111,0),1),"") | BI48: =IF($AU48<>BI$3,COUNTIF($AU$8:$AU48,"<>"&BI$3),0) -> 0 | BJ48: =IFERROR(INDEX($AS$8:$AS$111,MATCH($AR48,BI$8:BI$111,0),1),"")
C49: 超過勤務で対応した分は別紙３に記載 | D49: =IF(W49,T49,"") | I49: =IF(OR(NOT(W49),U49=0),"",U49) | J49: =IF(OR(F49=0,F49=""),"",IF(W49,IF(X49,IF(OR(Y49,V49=3),IF(AD49,IF(OR(AE49,V49=2,V49=3),"○","要常勤"),"時間無"),"重複"),"名簿無"),"対象外")) | L49: =IF(AI49=1,"調整①→",IF(AI49=5,"調整②→",IF(AI49=2,"",IF(AI49=3,"全計上→","エラー")))) | M49: =IF(OR(AND(J49<>"",J49<>"○"),AI49=4),"×",IF(J49="",0,AJ49/$AM$2)) -> 0 | N49: =IF(Q49,"○","×") -> × | O49: =IF(Q49,IF(S49,"○","×"),"-") -> - | T49: =$AZ$6 -> 保育士 | U49: =IFERROR(VLOOKUP($F49,$AS$8:$AV$111,4,FALSE),0) -> 0 | V49: 2 | W49: =AND($Q$43,$R$43) -> FALSE | X49: =COUNTIF(INDIRECT(T49),F49)>0 -> FALSE | Y49: =COUNTIF($AC$25:AC48,AC49)+COUNTIF(AC50:$AC$124,AC49)-COUNTIF(Z49:AB49,AC49)=0 -> FALSE | Z49: - | AA49: - | AB49: - | AC49: =IF(V49=3,0,IFERROR(INDEX($AR$8:$AR$111,MATCH($F49,AS$8:AS$111,0),1),0)) -> 0 | AD49: =U49>0 -> FALSE | AE49: =IFERROR(VLOOKUP($F49,$AS$8:$AV$111,2,FALSE),"")="常勤" -> FALSE | AF49: - | AG49: =M49 -> 0 | AH49: 2 | AI49: =IF(AND($W49,$J49="○"),IF($K49="-",IF($U49<IF($AH49=5,$AL$4,$AL$3),$AH49,2),IF($K49=0,IF($U49<IF($AH49=5,$AL$4,$AL$3),IF(OR($AH49=1,$AH49=5),$AH49,3),3),IF(K49<IF($AH49=5,$AL$4,$AL$3),$AH49,IF($K49>$U49,4,2)))),2) -> 2 | AJ49: =IF(AI49=1,$AL$3,IF(AI49=5,$AL$4,IF(AI49=2,IF(K49="-",U49,K49),IF(AI49=3,U49,"×")))) -> 0 | AR49: =ROW()-ROW($AR$7) -> 42 | AS49: =AR49&" "&IF(AU49<>"-",【様式2】職員名簿!B82&"/"&AT49&"/"&AU49,"") -> 42 | AT49: =【様式2】職員名簿!E82 -> 0 | AU49: =IF(【様式2】職員名簿!J82="エラー","-",【様式2】職員名簿!J82) -> - | AV49: =IF($AT49="常勤",$AM$2,IF($AT49="非常勤",【様式2】職員名簿!G82,0)) -> 0 | AW49: =IF($AU49=AW$3,COUNTIF($AU$8:$AU49,AW$3),0) -> 0 | AX49: =IFERROR(INDEX($AS$8:$AS$111,MATCH($AR49,AW$8:AW$111,0),1),"") | AY49: =IF($AU49=AY$3,COUNTIF($AU$8:$AU49,AY$3),0) -> 0 | AZ49: =IFERROR(INDEX($AS$8:$AS$111,MATCH($AR49,AY$8:AY$111,0),1),"") | BA49: =IF($AU49=BA$3,COUNTIFS($AU$8:$AU49,BA$3,$AT$8:$AT49,BA$4),0) -> 0 | BB49: =IFERROR(INDEX($AS$8:$AS$111,MATCH($AR49,BA$8:BA$111,0),1),"") | BC49: =IF($AU49=BC$3,COUNTIF($AU$8:$AU49,BC$3),0) -> 0 | BD49: =IFERROR(INDEX($AS$8:$AS$111,MATCH($AR49,BC$8:BC$111,0),1),"") | BE49: =IF(OR($AU49=BE$3,$AU49=BE$4),COUNTIF($AU$8:$AU49,BE$3)+COUNTIF($AU$8:$AU49,BE$4),0) -> 0 | BF49: =IFERROR(INDEX($AS$8:$AS$111,MATCH($AR49,BE$8:BE$111,0),1),"") | BG49: =IF($AU49=BG$3,COUNTIF($AU$8:$AU49,BG$3),0) -> 0 | BH49: =IFERROR(INDEX($AS$8:$AS$111,MATCH($AR49,BG$8:BG$111,0),1),"") | BI49: =IF($AU49<>BI$3,COUNTIF($AU$8:$AU49,"<>"&BI$3),0) -> 0 | BJ49: =IFERROR(INDEX($AS$8:$AS$111,MATCH($AR49,BI$8:BI$111,0),1),"")
D50: =IF(W50,T50,"") | I50: =IF(OR(NOT(W50),U50=0),"",U50) | J50: =IF(OR(F50=0,F50=""),"",IF(W50,IF(X50,IF(OR(Y50,V50=3),IF(AD50,IF(OR(AE50,V50=2,V50=3),"○","要常勤"),"時間無"),"重複"),"名簿無"),"対象外")) | L50: =IF(AI50=1,"調整①→",IF(AI50=5,"調整②→",IF(AI50=2,"",IF(AI50=3,"全計上→","エラー")))) | M50: =IF(OR(AND(J50<>"",J50<>"○"),AI50=4),"×",IF(J50="",0,AJ50/$AM$2)) -> 0 | N50: =IF(Q50,"○","×") -> × | O50: =IF(Q50,IF(S50,"○","×"),"-") -> - | T50: =$AZ$6 -> 保育士 | U50: =IFERROR(VLOOKUP($F50,$AS$8:$AV$111,4,FALSE),0) -> 0 | V50: 2 | W50: =AND($Q$43,$R$43) -> FALSE | X50: =COUNTIF(INDIRECT(T50),F50)>0 -> FALSE | Y50: =COUNTIF($AC$25:AC49,AC50)+COUNTIF(AC51:$AC$124,AC50)-COUNTIF(Z50:AB50,AC50)=0 -> FALSE | Z50: - | AA50: - | AB50: - | AC50: =IF(V50=3,0,IFERROR(INDEX($AR$8:$AR$111,MATCH($F50,AS$8:AS$111,0),1),0)) -> 0 | AD50: =U50>0 -> FALSE | AE50: =IFERROR(VLOOKUP($F50,$AS$8:$AV$111,2,FALSE),"")="常勤" -> FALSE | AF50: - | AG50: =M50 -> 0 | AH50: 2 | AI50: =IF(AND($W50,$J50="○"),IF($K50="-",IF($U50<IF($AH50=5,$AL$4,$AL$3),$AH50,2),IF($K50=0,IF($U50<IF($AH50=5,$AL$4,$AL$3),IF(OR($AH50=1,$AH50=5),$AH50,3),3),IF(K50<IF($AH50=5,$AL$4,$AL$3),$AH50,IF($K50>$U50,4,2)))),2) -> 2 | AJ50: =IF(AI50=1,$AL$3,IF(AI50=5,$AL$4,IF(AI50=2,IF(K50="-",U50,K50),IF(AI50=3,U50,"×")))) -> 0 | AR50: =ROW()-ROW($AR$7) -> 43 | AS50: =AR50&" "&IF(AU50<>"-",【様式2】職員名簿!B83&"/"&AT50&"/"&AU50,"") -> 43 | AT50: =【様式2】職員名簿!E83 -> 0 | AU50: =IF(【様式2】職員名簿!J83="エラー","-",【様式2】職員名簿!J83) -> - | AV50: =IF($AT50="常勤",$AM$2,IF($AT50="非常勤",【様式2】職員名簿!G83,0)) -> 0 | AW50: =IF($AU50=AW$3,COUNTIF($AU$8:$AU50,AW$3),0) -> 0 | AX50: =IFERROR(INDEX($AS$8:$AS$111,MATCH($AR50,AW$8:AW$111,0),1),"") | AY50: =IF($AU50=AY$3,COUNTIF($AU$8:$AU50,AY$3),0) -> 0 | AZ50: =IFERROR(INDEX($AS$8:$AS$111,MATCH($AR50,AY$8:AY$111,0),1),"") | BA50: =IF($AU50=BA$3,COUNTIFS($AU$8:$AU50,BA$3,$AT$8:$AT50,BA$4),0) -> 0 | BB50: =IFERROR(INDEX($AS$8:$AS$111,MATCH($AR50,BA$8:BA$111,0),1),"") | BC50: =IF($AU50=BC$3,COUNTIF($AU$8:$AU50,BC$3),0) -> 0 | BD50: =IFERROR(INDEX($AS$8:$AS$111,MATCH($AR50,BC$8:BC$111,0),1),"") | BE50: =IF(OR($AU50=BE$3,$AU50=BE$4),COUNTIF($AU$8:$AU50,BE$3)+COUNTIF($AU$8:$AU50,BE$4),0) -> 0 | BF50: =IFERROR(INDEX($AS$8:$AS$111,MATCH($AR50,BE$8:BE$111,0),1),"") | BG50: =IF($AU50=BG$3,COUNTIF($AU$8:$AU50,BG$3),0) -> 0 | BH50: =IFERROR(INDEX($AS$8:$AS$111,MATCH($AR50,BG$8:BG$111,0),1),"") | BI50: =IF($AU50<>BI$3,COUNTIF($AU$8:$AU50,"<>"&BI$3),0) -> 0 | BJ50: =IFERROR(INDEX($AS$8:$AS$111,MATCH($AR50,BI$8:BI$111,0),1),"")
D51: =IF(W51,T51,"") | I51: =IF(OR(NOT(W51),U51=0),"",U51) | J51: =IF(OR(F51=0,F51=""),"",IF(W51,IF(X51,IF(OR(Y51,V51=3),IF(AD51,IF(OR(AE51,V51=2,V51=3),"○","要常勤"),"時間無"),"重複"),"名簿無"),"対象外")) | L51: =IF(AI51=1,"調整①→",IF(AI51=5,"調整②→",IF(AI51=2,"",IF(AI51=3,"全計上→","エラー")))) | M51: =IF(OR(AND(J51<>"",J51<>"○"),AI51=4),"×",IF(J51="",0,AJ51/$AM$2)) -> 0 | N51: =IF(Q51,"○","×") -> × | O51: =IF(Q51,IF(S51,"○","×"),"-") -> - | T51: =$AZ$6 -> 保育士 | U51: =IFERROR(VLOOKUP($F51,$AS$8:$AV$111,4,FALSE),0) -> 0 | V51: 2 | W51: =AND($Q$43,$R$43) -> FALSE | X51: =COUNTIF(INDIRECT(T51),F51)>0 -> FALSE | Y51: =COUNTIF($AC$25:AC50,AC51)+COUNTIF(AC52:$AC$124,AC51)-COUNTIF(Z51:AB51,AC51)=0 -> FALSE | Z51: - | AA51: - | AB51: - | AC51: =IF(V51=3,0,IFERROR(INDEX($AR$8:$AR$111,MATCH($F51,AS$8:AS$111,0),1),0)) -> 0 | AD51: =U51>0 -> FALSE | AE51: =IFERROR(VLOOKUP($F51,$AS$8:$AV$111,2,FALSE),"")="常勤" -> FALSE | AF51: - | AG51: =M51 -> 0 | AH51: 2 | AI51: =IF(AND($W51,$J51="○"),IF($K51="-",IF($U51<IF($AH51=5,$AL$4,$AL$3),$AH51,2),IF($K51=0,IF($U51<IF($AH51=5,$AL$4,$AL$3),IF(OR($AH51=1,$AH51=5),$AH51,3),3),IF(K51<IF($AH51=5,$AL$4,$AL$3),$AH51,IF($K51>$U51,4,2)))),2) -> 2 | AJ51: =IF(AI51=1,$AL$3,IF(AI51=5,$AL$4,IF(AI51=2,IF(K51="-",U51,K51),IF(AI51=3,U51,"×")))) -> 0 | AR51: =ROW()-ROW($AR$7) -> 44 | AS51: =AR51&" "&IF(AU51<>"-",【様式2】職員名簿!B84&"/"&AT51&"/"&AU51,"") -> 44 | AT51: =【様式2】職員名簿!E84 -> 0 | AU51: =IF(【様式2】職員名簿!J84="エラー","-",【様式2】職員名簿!J84) -> - | AV51: =IF($AT51="常勤",$AM$2,IF($AT51="非常勤",【様式2】職員名簿!G84,0)) -> 0 | AW51: =IF($AU51=AW$3,COUNTIF($AU$8:$AU51,AW$3),0) -> 0 | AX51: =IFERROR(INDEX($AS$8:$AS$111,MATCH($AR51,AW$8:AW$111,0),1),"") | AY51: =IF($AU51=AY$3,COUNTIF($AU$8:$AU51,AY$3),0) -> 0 | AZ51: =IFERROR(INDEX($AS$8:$AS$111,MATCH($AR51,AY$8:AY$111,0),1),"") | BA51: =IF($AU51=BA$3,COUNTIFS($AU$8:$AU51,BA$3,$AT$8:$AT51,BA$4),0) -> 0 | BB51: =IFERROR(INDEX($AS$8:$AS$111,MATCH($AR51,BA$8:BA$111,0),1),"") | BC51: =IF($AU51=BC$3,COUNTIF($AU$8:$AU51,BC$3),0) -> 0 | BD51: =IFERROR(INDEX($AS$8:$AS$111,MATCH($AR51,BC$8:BC$111,0),1),"") | BE51: =IF(OR($AU51=BE$3,$AU51=BE$4),COUNTIF($AU$8:$AU51,BE$3)+COUNTIF($AU$8:$AU51,BE$4),0) -> 0 | BF51: =IFERROR(INDEX($AS$8:$AS$111,MATCH($AR51,BE$8:BE$111,0),1),"") | BG51: =IF($AU51=BG$3,COUNTIF($AU$8:$AU51,BG$3),0) -> 0 | BH51: =IFERROR(INDEX($AS$8:$AS$111,MATCH($AR51,BG$8:BG$111,0),1),"") | BI51: =IF($AU51<>BI$3,COUNTIF($AU$8:$AU51,"<>"&BI$3),0) -> 0 | BJ51: =IFERROR(INDEX($AS$8:$AS$111,MATCH($AR51,BI$8:BI$111,0),1),"")
